Workbook

Sheet Project Information
B2: CCCD Monitoring Framework
B3: The CCCD Monitoring Framework is based on the Theory of Change and includes all its defined results. Each result is measured through one or more indicators, with clear means of verification. This document contains all monitoring tools and reporting sheets. All monitoring tools are available in Kobo. The collected data are visualised in a Power BI dashboard to support learning, accountability, and decision-making.
B10: Project information
D12: Country: | E12: Uganda
D13: Partner organisation:
D14: Project code:
D15: Project name: | E15: CCCD
D16: Region:
D17: Start year: | E17: 2026
D18: End year: | E18: 2032
C20: # | D20: Village name | E20: Parish
C21: 1
C22: 2
C23: 3
C24: 4
C25: 5
C26: 6
C27: 7
C28: 8
C29: 9
C30: 10
C31: 11
C32: 12
... C45: 25
B48: Tools
D50: Tools/ reports | E50: Type | F50: Frequency
D51: Output report | E51: Report | F51: Annually
D52: Community members tool Part 1: Education & Children Part 2: Economic Part 3: Community | E52: Outcome tool
D53: Parenting tool | E53: Outcome tool
D54: Prospective parents tool | E54: Outcome tool
D55: Children tool | E55: Outcome tool
D56: Survey ECD teachers | E56: Outcome tool
D57: Survey local leaders | E57: Outcome tool
D58: Survey implementing organisation | E58: Outcome tool
D59: ECD Scorecard | E59: Outcome tool
D60: ECD centers overview | E60: Report
D61: PIP Survey | E61: Outcome tool
D62: PIP Report | E62: Report
D63: SHG economics report | E63: Report

Sheet ToC
A1: Theory of Change

Sheet CCCD Monitoring Framework
B2: Level | C2: Results | D2: Indicator | E2: Means of Verification | F2: Survey question
B3: Help a Child's overall impact | C3: All children have a life in dignity, with love and a promising future
B4: CCCD Impact | C4: Children in the community are safe and supported to live up to their full developmental potential | D4: Average percentage of CCCD Impact indicators
D5: Percentage of parents who feel confident in their knowledge and skills to guide their children’s early development. | E5: Community group tool - Education & Children | F5: How do you rate your ability to support your children in their education?
D6: Percentage of parents who feel capable of protecting their children from harm. | E6: Community group tool - Education & Children | F6: How do you rate your ability to protect your children from harm?
D7: Percentage of caregivers who feel confident in their understanding of what is required to care for and raise a child. | E7: Community group tool - Education & Children | F7: How do you rate your ability to support the development of your children?
D8: Percentage of parents who feel confident in providing their children with basic daily necessities. | E8: Community group tool - Economic | F8: Are you able to provide your children with basic daily necessities (e.g., nutritious food, clean water, shelter, and health care)?
D9: Percentage of children in the community who demonstrate positive emotional well-being. | E9: Community group tool - Education & Children | F9: How well do your children manage their emotions (e.g., when upset or frustrated)?
D10: Percentage of parents indicating that all children have access to (early childhood) education. | E10: Community group tool - Education & Children | F10: Do all children have access to (early childhood) education (girls equal as boys, children with a disability)
D11: Percentage of prospective parents who feel confident in their ability to provide future children with the care, support, and opportunities needed for a good start. | E11: Prospective parents group tool | F11: How prepared do you feel to care for and support your (future) children in their daily needs, such as health, nutrition, safety, and emotional support?
D12: Percentage of children who feel safe in their community. | E12: Children group tool | F12: Do you feel safe in the community?
D13: Percentage of children who feel safe when they are with their family or caregiver(s). | E13: Children group tool | F13: Do you feel safe when you are with your family/caregivers(s).
D14: Percentage of children who believe they will be able to finish school. | E14: Children group tool | F14: Do you think you will be able to finish school?
B15: Pathway 1. | C15: Young children in the community receive inclusive quality early childhood education | D15: Average percentage of pathway 1.
B16: 1.1 | C16: Young children in ECE settings develop in their cognitive, physical, socio-emotional, and spiritual dimensions | D16: Average percentage of 1.1
B17: 1.1.1 | C17: Young children are stimulated in their play and development through teachers’ use of local materials | D17: Percentage of teachers who feel equiped to stimulate children's learning through play. | E17: Survey teachers | F17: Do you feel equiped to use play to stimulate children's learning?
D18: Percentage of teachers who indicate that the ECD center has sufficient locally made materials for play. | E18: Survey teachers | F18: Does the ECD center have sufficient locally made materials for the children to play?
B19: 1.1.2 | C19: Young children in ECE strengthen their academic performance and cope with challenges | D19: Percentage of teachers indicating that children show progress in early academic skills. | E19: Survey teachers | F19: Do the children in your care show progress in early academic skills appropriate to their age (such as counting, recognizing letters, expressing ideas or problem-solving)?
D20: Percentage of children who are developing the skills needed to succeed in early learning. | E20: Community group tool - Education & Children | F20: How well do you think your children are prepared for primary school (for example, in terms of access to quality early childhood education, understanding of numbers and letters, and social skills)?
B21: 1.1.3 | C21: Young children in ECE strengthen their social and emotional competences | D21: Percentage of teachers indicating that young children demonstrate positive social and emotional development. | E21: Survey teachers | F21: Do children in your class show positive social and emotional development (e.g., sharing, cooperating, managing emotions)?
D22: Percentage of children who are able to manage their emotions. | E22: Community group tool - Education & Children | F22: How well do your children manage their emotions (e.g., when upset or frustrated)?
D23: Percentage of children who get along well with peers. | E23: Community group tool - Education & Children | F23: How well do your children get along with other children?
B24: 1.1.1.1 | C24: Teacher have sufficient knowledge & skills to guide young childeren in their early childhood development | D24: Average score on Caretaker Qualifications and Skills | E24: ECD Scorecard | F24: Caregiver Qualifications and Skills
D25: Percentage of teachers who feel confident in their knowledge and skills to support young children’s learning and development. | E25: Survey teachers | F25: How do you rate your knowledge and skills to support children’s learning and development?
B26: 1.2 | C26: Young children are supported in their early childhood education by their parents and the community | D26: Average percentage of 1.2
B27: 1.2.1 | C27: Families have sufficient knowledge & skills to guide young childeren in their early childhood development | D27: Percentage of parents who feel confident in their knowledge and skills to guide their children’s early development. | E27: Community group tool - Education & Children | F27: How do you rate your ability to support your children in their education?
E28: Survey teachers | F28: Do children in your care eat something before they arrive at school?
B29: 1.2.2 | C29: The community understands the importance of ECE and engages in supporting and lobbying for ECE | D29: Average score on Parental Participation | E29: ECD Scorecard | F29: Parental Participation
D30: Percentage of local leaders indicating that community members actively engage in supporting and advocating for early childhood education. | E30: Survey local leaders | F30: To what extent is the community actively engaged in supporting and advocating for early childhood education?
B31: 1.3 | C31: Young children benefit from good quality ECE settings | D31: Average percentage of 1.3
B32: 1.3.1 | C32: ECE settings are safe | D32: Average score on Section B - Infrastructure | E32: ECD Scorecard | F32: Section B - Infrastructure
B33: 1.3.1.1 | C33: ECE teachers provide a safe learning environment | D33: Percentage of teachers who feel confident in their ability to create a safe and supportive learning environment for all children in their class. | E33: Survey teachers | F33: How do you rate your ability to create a safe and supportive learning environment for all children in your class?
D34: Average score on Child Protection | E34: ECD Scorecard | F34: Child Protection
B35: 1.3.1.2 | C35: ECE locations provide a safe learning environment | D35: Percentage of teacher who consider their ECE centres (buildings, classrooms, learning materials, supervision) safe and appropriate for children. | E35: ECD Scorecard | F35: Physical Infrastructure
B36: 1.3.1.3/ 1.3.2.1 | C36: Teachers have sufficient knowledge of hygiene and health for young children | D36: Percentage of teachers who feel confident in their knowledge of hygiene and health practices to keep young children safe and healthy. | E36: Survey teachers | F36: How do you rate your knowledge of hygiene and health practices to keep children safe and healthy?
D37: Percentage of teachers who report needing additional training or support in hygiene and health practices for young children. | E37: Survey teachers | F37: How do you rate your knowledge of hygiene and health practices to keep children safe and healthy?
B38: 1.3.2 | C38: ECE settings provide quality teaching | D38: Average score on Section C – Caretaker Quality | E38: ECD Scorecard | F38: Section C – Caregiver Quality
B39: 1.3.1.3/ 1.3.2.1 | C39: Teachers have sufficient knowledge of hygiene and health for young children | F39: See above
F40: See above
B41: 1.3.2.2 | C41: Teachers effectively apply the curriculum in their daily teaching | D41: Percentage of teachers who feel confident in their ability to implement the curriculum effectively in daily teaching activities. | E41: Survey teachers | F41: How do you rate your knowledge and skills to support children’s learning and development?
B42: 1.3.3 | C42: ECE settings provide nutritious and balanced meals to young children | D42: Average score on School Feeding | E42: ECD Scorecard | F42: School Feeding
D43: Percentage of ECE centres that provide nutritious and balanced meals for children. | E43: Survey teachers | F43: How well does your centre provide meals that are nutritious and balanced for children?
B44: 1.3.3.1 | C44: Teachers are aware of the importance of a nutritious and balanced diet | D44: Percentage of teachers who feel confident in their knowledge about the importance of a nutritious and balanced diet for young children. | E44: Survey teachers | F44: How do you rate your knowledge about nutritious and balanced diets for children?
D45: Average score on question 1 of the survey implementing organisation. | E45: Survey implementing organisation | F45: Based on your observation, to what extent do teachers demonstrate awareness and knowledge of the importance of a nutritious and balanced diet for children?
B46: 1.3.3.2 | C46: ECE settings have access to nutritious and balanced food | D46: Average score on School Feeding | E46: ECD Scorecard | F46: School Feeding
B47: 1.3.4 | C47: ECE settings accommodate a good transition from ECE to primary education | D47: Average score on Link with Primary Eduation | E47: ECD Scorecard | F47: Link with Primary Eduation
D48: Percentage of ECE centres that effectively prepare children for a smooth transition to primary school. | E48: Survey teachers | F48: How well does your centre prepare children for a smooth transition from Early Childhood Education to primary school?
D49: Average score on question 2 of the survey implementing organisation. | E49: Survey implementing organisation | F49: To what extent do you observe that the ECE centres facilitate a smooth transition for children moving to primary school?
B50: 1.3.5 | C50: ECE settings collaborate effectively with the (local) government and other stakeholders | D50: Average score on Collaboration with (local) government | E50: ECD Scorecard | F50: Collaboration with (local) government
D51: Average score on question 3 of the survey implementing organisation. | E51: Survey implementing organisation | F51: To what extent did you observe that the ECE centres effectively collaborate with local government and other stakeholders?
B52: 1.3.6 | C52: ECE settings are in line with national standards and national education system | D52: Average score on Use of Pre-primary curriculum | E52: ECD Scorecard | F52: Use of Pre-primary curriculum
D53: Average score on question 4 of the survey implementing organisation. | E53: Survey implementing organisation | F53: To what extent did you observe that the ECE centres align with national standards and the national education system?
B54: Pathway 2. | C54: Families provide holistic child care for their children | D54: Average percentage of pathway 2.
B55: 2.1 | C55: Families provide a nurturing, protective, and stimulating home environment for children | D55: Average percentage of 2.1
D56: Percentage of children who feel safe when they are with their family or caregiver(s). | E56: Children group tool | F56: Do you feel safe when they are with their family/caregivers(s).
B57: 2.1.1 | C57: Families protect their children against harm | D57: Percentage of parents who feel capable of protecting their children from harm. | E57: Community group tool - Education & Children | F57: How do you rate your ability to protect your children from harm?
B58: 2.1.1.1 | C58: Parents know what children need to be protected | E58: Community group tool - Education & Children | F58: Same as 2.1.1
B59: 2.1.1.2 | C59: Parents know where to go if something bad happens to their children | D59: Percentage of parents who know where to go or whom to contact if something bad happens to their child. | E59: Parenting Tool | F59: Parents in the community know where to go to when they need advice on parenting issues.
B60: 2.1.2 | C60: Families take care of themselves psychologically | D60: Number of parents participating in the parenting challenge. | E60: Outputs | F60: # of parents trained in the Parenting Challenge this year
B61: 2.1.3 | C61: Families have a good understanding of their roles and responsibilities in the upbringing of a child | D61: Percentage of caregivers who feel confident in their understanding of what is required to care for and raise a child. | E61: Community group tool - Education & Children | F61: How do you rate your ability to support the development of your children?
B62: 2.1.4 | C62: Parents learn and seek help from each other about parenting | D62: Percentage of parents who regularly talk with other parents to share ideas or seek help about raising their children. | E62: Parenting Tool | F62: Do parents in the community ask for advice if they need support or advice on parenting issues?
B63: 2.2 | C63: Families provide for their children's physical basic needs | D63: Average percentage of 2.1
D64: Percentage of parents who feel confident in providing their children with basic daily necessities. | E64: Community group tool - Economic | F64: Are you able to provide your children with basic daily necessities (e.g., nutritious food, clean water, shelter, and health care)?
B65: 2.2.1 | C65: Families are economically resilient | D65: Percentage of families who are able to manage financially when unexpected problems occur. | E65: Community group tool - Economic | F65: Can your household manage financially when unexpected problems occur (for example, illness, loss of income, or bad harvest)?
D66: Percentage of families whose main source of income is stable throughout the year. | E66: Community group tool - Economic | F66: How stable is your family’s main source of income throughout the year?
B67: 2.2.1.1 | C67: Families produce sufficient quality food and market the surplus | D67: Percentage of families who produce enough good-quality food to meet their own needs and have surplus to sell. | E67: Community group tool - Economic | F67: How well does your household produce enough good-quality food for your own needs and sell the surplus?
B68: 2.2.1.2 | C68: Families increase their income | D68: Percentage of families reporting a higher purchasing power compared to the previous year. | E68: Community group tool - Economic | F68: Are you able to buy more essential items than last year (e.g. food items, household items, clothing & footwear, health-related items, school items)?
B69: 2.2.1.3 | C69: Families save and loan collectively | D69: Percentage of SHG members who have increased income as a result of loans accessed through self-help groups. | E69: Community group tool - Economic | F69: Have the loans you received through Self-Help Groups resulted in a permanent rise in your household's income, since the beginning of the project?
D70: Number of SHG members | E70: Outputs | F70: # of SHG MEMBERS IN supported groups
B71: 2.2.2 | C71: Families provide health and hygiene to their children | D71: Percentage of families who are able to ensure good health and hygiene for their children. | E71: Parenting Tool | F71: Parents have the knowledge, skills and opportunities to prevent and respond to childhood illness.
D72: Average score on question 5 of the survey implementing organisation. | E72: Survey implementing organisation | F72: To what extent do families in the community practice good hygiene and take care of their children’s health needs?
B73: 2.2.3 | C73: Families provide their children with a nutritious and balanced diet | D73: Percentage of parents who are satisfied with the quality and variety of food their children eat at home. | E73: Community group tool - Economic | F73: How well does your household produce enough good-quality food for your own needs and sell the surplus?
B74: 2.2.3.1 | C74: Families have knowledge about nutritious and balanced diets | D74: Percentage of parents who feel confident in their knowledge about providing children with a nutritious and balanced diet. | E74: Community group tool - Economic | F74: How diverse is your food production for your own consumption?
B75: 2.2.3.2 | C75: Families have a diverse food production | D75: Percentage of families whose food production for household consumption is diverse. | E75: Community group tool - Economic | F75: How diverse is your food production for your own consuption?
D76: Percentage of children who have enough food to eat every day. | E76: Children group tool | F76: Is there enough to eat in your home when you are hungry?
B77: 2.3 | C77: Prospective parents are able to provide their future children with a good start | D77: Average percentage of 2.3
D78: Percentage of prospective parents who feel confident in their ability to provide future children with the care, support, and opportunities needed for a good start. | E78: Prospective parents group tool | F78: How prepared do you feel to care for and support your (future) children in their daily needs, such as health, nutrition, safety, and emotional support?
E79: Prospective parents group tool | F79: How prepared do you feel to provide financially for your (future) children to support them in their basic needs, such as food, education, health care and other basic needs?
B80: 2.3.1 | C80: Prospective parents take informed decisions about planning a family | D80: Percentage of prospective parents who feel confident in making informed decisions about family planning. | E80: Prospective parents group tool | F80: Do you have sufficient awareness about sexual reproductive health (and rights)? (e.g. menstruation, contraception, pregnancy, sexually transmitted infections, and healthy relationships)
B81: 2.3.2 | C81: Prospective parents have a good understanding of the roles and responsibilities to raise a child | D81: Percentage of prospective parents who feel confident in their understanding of what is required to care for and raise a child. | E81: Prospective parents group tool | F81: How prepared do you feel to care for and support your (future) children in their daily needs, such as health, nutrition, safety, and emotional support?
E82: Prospective parents group tool | F82: What are a few key things that are required to care for and raise a child?
B83: Pathway 3. | C83: Children grow up in a safe and supportive community | D83: Average percentage of pathway 3.
B84: 3.1 | C84: Children protect themselves against harm | D84: Average percentage of 3.1
B85: 3.1.1 | C85: Children are resilient to cope with hardship and challenges | D85: Percentage of children that know how to find help when difficult things happen to them. | E85: Children group tool | F85: In case you need help or have a problem where or to whom would you go?
D86: Percentage of children that feel able to navigate challenges. | E86: Children group tool | F86: If something goes wrong or you feel upset do you know how to solve it or what to do to feel better?
D87: Percentage of parents indicating that their children cope well with setbacks. | E87: Community group tool - Education & Children | F87: How well do your children manage their emotions (e.g., when upset or frustrated)?
B88: 3.1.2 | C88: Children know their rights and responsibilities | D88: Percentage of children who have knowledge of their rights. | E88: Children group tool | F88: Can you name a few rights you have as a child?
B89: 3.1.3 | C89: Children know where to go in case they need help | D89: Percentage of children who know where or to whom to go for help when they have a problem or need support. | E89: Children group tool | F89: In case you need help or have a problem where or to whom would you go?
E90: Children group tool | F90: Can you think of some situations where you might need help as a child?
B91: 3.2 | C91: The community protects their children | D91: Average percentage of 3.2
D92: Percentage of children who feel safe in their community. | E92: Children group tool | F92: Do you feel safe in the community?
B93: 3.2.1 | C93: The community has knowledge and skills to protect their children | D93: Percentage of caregivers who are confident that people in their community know how to keep children safe from harm. | E93: Community group tool - Comunity | F93: How do you rate the ability of people in your community to keep children safe from harm?
D94: Average score on question 6 of the survey implementing organisation. | E94: Survey implementing organisation | F94: To what extent do community members have the knowledge and skills to protect children from harm?
B95: 3.2.2 | C95: The community ensures that the environment in community is safe, healthy and inclusive for children | D95: Percentage of community members who help ensure that the environment is safe, healthy, and welcoming for all children. | E95: Community group tool - Comunity | F95: Do people in your community help to make sure that the environment is safe, healthy, and welcoming for all children?
D96: Percentage of children indicating that children with a disability are able to participate in community activities. | E96: Children group tool | F96: Do children with a disability play with others?
D97: Average score on question 7 of the survey implementing organisation. | E97: Survey implementing organisation | F97: To what extent does the community ensure that the environment is safe, healthy, and inclusive for children?
B98: 3.2.2.1 | C98: The community members, including children, lobby for the rights of children | D98: Percentage of community members who feel that their community advocates for children’s rights. | E98: Community group tool - Comunity | F98: Does your community advocate for children’s rights?
D99: Average score on question 8 of the survey implementing organisation. | E99: Survey implementing organisation | F99: To what extent do community members, including children, actively engage in lobbying or advocating for children’s rights?
B100: 3.2.2.2 | C100: Child protection committees identify and solve child protection issues | D100: Percentage of local leaders indicating that the community has a functioning child protection committee. | E100: Survey local leaders | F100: Does the community have a functioning child protection committee?
D101: Percentage of local leaders indicating that child protection committees actively help to identify and solve problems affecting children in the community. | E101: Survey local leaders | F101: Do the child protection committees in your community help to identify and solve problems that affect children?
...

Sheet Outputs report
B2: Output reporting
F3: 2026 Actuals & Planning | R3: Quarterly disaggregation 2026 | AX3: Total disaggregation 2026 | BG3: 2027 Actuals & Planning | BS3: Quarterly disaggregation 2027 | CY3: Total disaggregation 2027 | DH3: 2028 Actuals & Planning | DT3: Quarterly disaggregation 2028 | EZ3: Total disaggregation 2028 | FI3: 2029 Actuals & Planning | FU3: Quarterly disaggregation 2029 | HA3: Total disaggregation 2029 | HJ3: 2030 Actuals & Planning | HV3: Quarterly disaggregation 2030 | JB3: Total disaggregation 2030 | JK3: 2031 Actuals & Planning | JW3: Quarterly disaggregation 2031 | LC3: Total disaggregation 2031 | LL3: 2031 Actuals & Planning | LX3: Quarterly disaggregation 2032 | ND3: Total disaggregation 2032
F5: Planning | L5: Actuals | R5: Quarter 1 | Z5: Quarter 2 | AH5: Quarter 3 | AP5: Quarter 4 | AX5: TOTAL | BG5: Planning | BM5: Actuals | BS5: Quarter 1 | CA5: Quarter 2 | CI5: Quarter 3 | CQ5: Quarter 4 | CY5: TOTAL | DH5: Planning | DN5: Actuals | DT5: Quarter 1 | EB5: Quarter 2 | EJ5: Quarter 3 | ER5: Quarter 4 | EZ5: TOTAL | FI5: Planning | FO5: Actuals | FU5: Quarter 1 | GC5: Quarter 2 | GK5: Quarter 3 | GS5: Quarter 4 | HA5: TOTAL | HJ5: Planning | HP5: Actuals | HV5: Quarter 1 | ID5: Quarter 2 | IL5: Quarter 3 | IT5: Quarter 4 | JB5: TOTAL | JK5: Planning | JQ5: Actuals | JW5: Quarter 1 | KE5: Quarter 2 | KM5: Quarter 3 | KU5: Quarter 4 | LC5: TOTAL | LL5: Planning | LR5: Actuals | LX5: Quarter 1 | MF5: Quarter 2 | MN5: Quarter 3 | MV5: Quarter 4 | ND5: TOTAL
B6: Nr. | C6: Total project reach yearly | D6: Descriptions | F6: Q1 | G6: Q2 | H6: Q3 | I6: Q4 | J6: Total | L6: Q1 | M6: Q2 | N6: Q3 | O6: Q4 | P6: Total | R6: Planning | S6: Actual | T6: Total male | U6: Total female | V6: Total disability | W6: Male with disability | X6: Female with disability | Z6: Planning | AA6: Actual | AB6: Total male | AC6: Total female | AD6: Total disability | AE6: Male with disability | AF6: Female with disability | AH6: Planning | AI6: Actual | AJ6: Total male | AK6: Total female | AL6: Total disability | AM6: Male with disability | AN6: Female with disability | AP6: Planning | AQ6: Actual | AR6: Total male | AS6: Total female | AT6: Total disability | AU6: Male with disability | AV6: Female with disability | AX6: Planning | AY6: Actual | AZ6: Total male | BA6: Total female | BB6: Total disability | BC6: Male with disability | BD6: Female with disability | BE6: Description (please describe how the total is calculated) | BG6: Q1 | BH6: Q2 | BI6: Q3 | BJ6: Q4 | BK6: Total | BM6: Q1 | BN6: Q2 | BO6: Q3 | BP6: Q4 | BQ6: Total | BS6: Planning | BT6: Actual | BU6: Total male | BV6: Total female | BW6: Total disability | BX6: Male with disability | BY6: Female with disability | CA6: Planning | CB6: Actual | CC6: Total male | CD6: Total female | CE6: Total disability | CF6: Male with disability | CG6: Female with disability | CI6: Planning | CJ6: Actual | CK6: Total male | CL6: Total female | CM6: Total disability | CN6: Male with disability | CO6: Female with disability | CQ6: Planning | CR6: Actual | CS6: Total male | CT6: Total female | CU6: Total disability | CV6: Male with disability | CW6: Female with disability | CY6: Planning | CZ6: Actual | DA6: Total male | DB6: Total female | DC6: Total disability | DD6: Male with disability | DE6: Female with disability | DF6: Description (please describe how the total is calculated) | DH6: Q1 | DI6: Q2 | DJ6: Q3 | DK6: Q4 | DL6: Total | DN6: Q1 | DO6: Q2 | DP6: Q3 | DQ6: Q4 | DR6: Total | DT6: Planning | DU6: Actual | DV6: Total male | DW6: Total female | DX6: Total disability | DY6: Male with disability | DZ6: Female with disability | EB6: Planning | EC6: Actual | ED6: Total male | EE6: Total female | EF6: Total disability | EG6: Male with disability | EH6: Female with disability | EJ6: Planning | EK6: Actual | EL6: Total male | EM6: Total female | EN6: Total disability | EO6: Male with disability | EP6: Female with disability | ER6: Planning | ES6: Actual | ET6: Total male | EU6: Total female | EV6: Total disability | EW6: Male with disability | EX6: Female with disability | EZ6: Planning | FA6: Actual | FB6: Total male | FC6: Total female | FD6: Total disability | FE6: Male with disability | FF6: Female with disability | FG6: Description (please describe how the total is calculated) | FI6: Q1 | FJ6: Q2 | FK6: Q3 | FL6: Q4 | FM6: Total | FO6: Q1 | FP6: Q2 | FQ6: Q3 | FR6: Q4 | FS6: Total | FU6: Planning | FV6: Actual | FW6: Total male | FX6: Total female | FY6: Total disability | FZ6: Male with disability | GA6: Female with disability | GC6: Planning | GD6: Actual | GE6: Total male | GF6: Total female | GG6: Total disability | GH6: Male with disability | GI6: Female with disability | GK6: Planning | GL6: Actual | GM6: Total male | GN6: Total female | GO6: Total disability | GP6: Male with disability | GQ6: Female with disability | GS6: Planning | GT6: Actual | GU6: Total male | GV6: Total female | GW6: Total disability | GX6: Male with disability | GY6: Female with disability | HA6: Planning | HB6: Actual | HC6: Total male | HD6: Total female | HE6: Total disability | HF6: Male with disability | HG6: Female with disability | HH6: Description (please describe how the total is calculated) | HJ6: Q1 | HK6: Q2 | HL6: Q3 | HM6: Q4 | HN6: Total | HP6: Q1 | HQ6: Q2 | HR6: Q3 | HS6: Q4 | HT6: Total | HV6: Planning | HW6: Actual | HX6: Total male | HY6: Total female | HZ6: Total disability | IA6: Male with disability | IB6: Female with disability | ID6: Planning | IE6: Actual | IF6: Total male | IG6: Total female | IH6: Total disability | II6: Male with disability | IJ6: Female with disability | IL6: Planning | IM6: Actual | IN6: Total male | IO6: Total female | IP6: Total disability | IQ6: Male with disability | IR6: Female with disability | IT6: Planning | IU6: Actual | IV6: Total male | IW6: Total female | IX6: Total disability | IY6: Male with disability | IZ6: Female with disability | JB6: Planning | JC6: Actual | JD6: Total male | JE6: Total female | JF6: Total disability | JG6: Male with disability | JH6: Female with disability | JI6: Description (please describe how the total is calculated) | JK6: Q1 | JL6: Q2 | JM6: Q3 | JN6: Q4 | JO6: Total | JQ6: Q1 | JR6: Q2 | JS6: Q3 | JT6: Q4 | JU6: Total | JW6: Planning | JX6: Actual | JY6: Total male | JZ6: Total female | KA6: Total disability | KB6: Male with disability | KC6: Female with disability | KE6: Planning | KF6: Actual | KG6: Total male | KH6: Total female | KI6: Total disability | KJ6: Male with disability | KK6: Female with disability | KM6: Planning | KN6: Actual | KO6: Total male | KP6: Total female | KQ6: Total disability | KR6: Male with disability | KS6: Female with disability | KU6: Planning | KV6: Actual | KW6: Total male | KX6: Total female | KY6: Total disability | KZ6: Male with disability | LA6: Female with disability | LC6: Planning | LD6: Actual | LE6: Total male | LF6: Total female | LG6: Total disability | LH6: Male with disability | LI6: Female with disability | LJ6: Description (please describe how the total is calculated) | LL6: Q1 | LM6: Q2 | LN6: Q3 | LO6: Q4 | LP6: Total | LR6: Q1 | LS6: Q2 | LT6: Q3 | LU6: Q4 | LV6: Total | LX6: Planning | LY6: Actual | LZ6: Total male | MA6: Total female | MB6: Total disability | MC6: Male with disability | MD6: Female with disability | MF6: Planning | MG6: Actual | MH6: Total male | MI6: Total female | MJ6: Total disability | MK6: Male with disability | ML6: Female with disability | MN6: Planning | MO6: Actual | MP6: Total male | MQ6: Total female | MR6: Total disability | MS6: Male with disability | MT6: Female with disability | MV6: Planning | MW6: Actual | MX6: Total male | MY6: Total female | MZ6: Total disability | NA6: Male with disability | NB6: Female with disability | ND6: Planning | NE6: Actual | NF6: Total male | NG6: Total female | NH6: Total disability | NI6: Male with disability | NJ6: Female with disability | NK6: Description (please describe how the total is calculated)
B7: 4. | C7: Total # of young children (0-7) reached by direct activities (without double counting) | D7: • The total number of young children/ children/ teenagers/ youths/ adults reached by the project through direct activities (indirect reach is not reported). • Double counting should be avoided. E.g. adults who are in SHG, PIP and Parenting should only be reported once under this indicator (but should also be reported under SHG, PIP and Parenting indicators separately). • If the overlap is unknown, the highest number should be reported to avoid double-counting. | J7: =AX7 -> 0 | P7: =AY7 -> 0 | AY7: =AZ7+BA7 -> 0 | BB7: =BC7+BD7 -> 0 | BK7: =CY7 -> 0 | BQ7: =CZ7 -> 0 | CZ7: =DA7+DB7 -> 0 | DC7: =DD7+DE7 -> 0 | DL7: =EZ7 -> 0 | DR7: =FA7 -> 0 | FA7: =FB7+FC7 -> 0 | FD7: =FE7+FF7 -> 0 | FM7: =HA7 -> 0 | FS7: =HB7 -> 0 | HB7: =HC7+HD7 -> 0 | HE7: =HF7+HG7 -> 0 | HN7: =JB7 -> 0 | HT7: =JC7 -> 0 | JC7: =JD7+JE7 -> 0 | JF7: =JG7+JH7 -> 0 | JO7: =LC7 -> 0 | JU7: =LD7 -> 0 | LD7: =LE7+LF7 -> 0 | LG7: =LH7+LI7 -> 0 | LP7: =ND7 -> 0 | LV7: =NE7 -> 0 | NE7: =NF7+NG7 -> 0 | NH7: =NI7+NJ7 -> 0
B8: 11. | C8: Total # of children (8-12) reached by direct activities (without double counting) | J8: =AX8 -> 0 | P8: =AY8 -> 0 | AY8: =AZ8+BA8 -> 0 | BB8: =BC8+BD8 -> 0 | BK8: =CY8 -> 0 | BQ8: =CZ8 -> 0 | CZ8: =DA8+DB8 -> 0 | DC8: =DD8+DE8 -> 0 | DL8: =EZ8 -> 0 | DR8: =FA8 -> 0 | FA8: =FB8+FC8 -> 0 | FD8: =FE8+FF8 -> 0 | FM8: =HA8 -> 0 | FS8: =HB8 -> 0 | HB8: =HC8+HD8 -> 0 | HE8: =HF8+HG8 -> 0 | HN8: =JB8 -> 0 | HT8: =JC8 -> 0 | JC8: =JD8+JE8 -> 0 | JF8: =JG8+JH8 -> 0 | JO8: =LC8 -> 0 | JU8: =LD8 -> 0 | LD8: =LE8+LF8 -> 0 | LG8: =LH8+LI8 -> 0 | LP8: =ND8 -> 0 | LV8: =NE8 -> 0 | NE8: =NF8+NG8 -> 0 | NH8: =NI8+NJ8 -> 0
B9: 16. | C9: Total # of adolescent/teenagers (13-17) reached by direct activities (without double counting) | J9: =AX9 -> 0 | P9: =AY9 -> 0 | AY9: =AZ9+BA9 -> 0 | BB9: =BC9+BD9 -> 0 | BK9: =CY9 -> 0 | BQ9: =CZ9 -> 0 | CZ9: =DA9+DB9 -> 0 | DC9: =DD9+DE9 -> 0 | DL9: =EZ9 -> 0 | DR9: =FA9 -> 0 | FA9: =FB9+FC9 -> 0 | FD9: =FE9+FF9 -> 0 | FM9: =HA9 -> 0 | FS9: =HB9 -> 0 | HB9: =HC9+HD9 -> 0 | HE9: =HF9+HG9 -> 0 | HN9: =JB9 -> 0 | HT9: =JC9 -> 0 | JC9: =JD9+JE9 -> 0 | JF9: =JG9+JH9 -> 0 | JO9: =LC9 -> 0 | JU9: =LD9 -> 0 | LD9: =LE9+LF9 -> 0 | LG9: =LH9+LI9 -> 0 | LP9: =ND9 -> 0 | LV9: =NE9 -> 0 | NE9: =NF9+NG9 -> 0 | NH9: =NI9+NJ9 -> 0
B10: 26. | C10: Total # of youth (18-35) reached by direct activities (without double counting) | J10: =AX10 -> 0 | P10: =AY10 -> 0 | AY10: =AZ10+BA10 -> 0 | BB10: =BC10+BD10 -> 0 | BK10: =CY10 -> 0 | BQ10: =CZ10 -> 0 | CZ10: =DA10+DB10 -> 0 | DC10: =DD10+DE10 -> 0 | DL10: =EZ10 -> 0 | DR10: =FA10 -> 0 | FA10: =FB10+FC10 -> 0 | FD10: =FE10+FF10 -> 0 | FM10: =HA10 -> 0 | FS10: =HB10 -> 0 | HB10: =HC10+HD10 -> 0 | HE10: =HF10+HG10 -> 0 | HN10: =JB10 -> 0 | HT10: =JC10 -> 0 | JC10: =JD10+JE10 -> 0 | JF10: =JG10+JH10 -> 0 | JO10: =LC10 -> 0 | JU10: =LD10 -> 0 | LD10: =LE10+LF10 -> 0 | LG10: =LH10+LI10 -> 0 | LP10: =ND10 -> 0 | LV10: =NE10 -> 0 | NE10: =NF10+NG10 -> 0 | NH10: =NI10+NJ10 -> 0
B11: 40. | C11: Total # of adults (>35) reached by direct activities (without double counting) | J11: =AX11 -> 0 | P11: =AY11 -> 0 | AY11: =AZ11+BA11 -> 0 | BB11: =BC11+BD11 -> 0 | BK11: =CY11 -> 0 | BQ11: =CZ11 -> 0 | CZ11: =DA11+DB11 -> 0 | DC11: =DD11+DE11 -> 0 | DL11: =EZ11 -> 0 | DR11: =FA11 -> 0 | FA11: =FB11+FC11 -> 0 | FD11: =FE11+FF11 -> 0 | FM11: =HA11 -> 0 | FS11: =HB11 -> 0 | HB11: =HC11+HD11 -> 0 | HE11: =HF11+HG11 -> 0 | HN11: =JB11 -> 0 | HT11: =JC11 -> 0 | JC11: =JD11+JE11 -> 0 | JF11: =JG11+JH11 -> 0 | JO11: =LC11 -> 0 | JU11: =LD11 -> 0 | LD11: =LE11+LF11 -> 0 | LG11: =LH11+LI11 -> 0 | LP11: =ND11 -> 0 | LV11: =NE11 -> 0 | NE11: =NF11+NG11 -> 0 | NH11: =NI11+NJ11 -> 0
B13: Nr. | C13: Total project reach for the project duration | D13: Descriptions | F13: Q1 | G13: Q2 | H13: Q3 | I13: Q4 | J13: Total | L13: Q1 | M13: Q2 | N13: Q3 | O13: Q4 | P13: Total | R13: Planning | S13: Actual | T13: Total male | U13: Total female | V13: Total disability | W13: Male with disability | X13: Female with disability | Z13: Planning | AA13: Actual | AB13: Total male | AC13: Total female | AD13: Total disability | AE13: Male with disability | AF13: Female with disability | AH13: Planning | AI13: Actual | AJ13: Total male | AK13: Total female | AL13: Total disability | AM13: Male with disability | AN13: Female with disability | AP13: Planning | AQ13: Actual | AR13: Total male | AS13: Total female | AT13: Total disability | AU13: Male with disability | AV13: Female with disability | AX13: Planning | AY13: Actual | AZ13: Total male | BA13: Total female | BB13: Total disability | BC13: Male with disability | BD13: Female with disability | BG13: Q1 | BH13: Q2 | BI13: Q3 | BJ13: Q4 | BK13: Total | BM13: Q1 | BN13: Q2 | BO13: Q3 | BP13: Q4 | BQ13: Total | BS13: Planning | BT13: Actual | BU13: Total male | BV13: Total female | BW13: Total disability | BX13: Male with disability | BY13: Female with disability | CA13: Planning | CB13: Actual | CC13: Total male | CD13: Total female | CE13: Total disability | CF13: Male with disability | CG13: Female with disability | CI13: Planning | CJ13: Actual | CK13: Total male | CL13: Total female | CM13: Total disability | CN13: Male with disability | CO13: Female with disability | CQ13: Planning | CR13: Actual | CS13: Total male | CT13: Total female | CU13: Total disability | CV13: Male with disability | CW13: Female with disability | CY13: Planning | CZ13: Actual | DA13: Total male | DB13: Total female | DC13: Total disability | DD13: Male with disability | DE13: Female with disability | DH13: Q1 | DI13: Q2 | DJ13: Q3 | DK13: Q4 | DL13: Total | DN13: Q1 | DO13: Q2 | DP13: Q3 | DQ13: Q4 | DR13: Total | DT13: Planning | DU13: Actual | DV13: Total male | DW13: Total female | DX13: Total disability | DY13: Male with disability | DZ13: Female with disability | EB13: Planning | EC13: Actual | ED13: Total male | EE13: Total female | EF13: Total disability | EG13: Male with disability | EH13: Female with disability | EJ13: Planning | EK13: Actual | EL13: Total male | EM13: Total female | EN13: Total disability | EO13: Male with disability | EP13: Female with disability | ER13: Planning | ES13: Actual | ET13: Total male | EU13: Total female | EV13: Total disability | EW13: Male with disability | EX13: Female with disability | EZ13: Planning | FA13: Actual | FB13: Total male | FC13: Total female | FD13: Total disability | FE13: Male with disability | FF13: Female with disability | FI13: Q1 | FJ13: Q2 | FK13: Q3 | FL13: Q4 | FM13: Total | FO13: Q1 | FP13: Q2 | FQ13: Q3 | FR13: Q4 | FS13: Total | FU13: Planning | FV13: Actual | FW13: Total male | FX13: Total female | FY13: Total disability | FZ13: Male with disability | GA13: Female with disability | GC13: Planning | GD13: Actual | GE13: Total male | GF13: Total female | GG13: Total disability | GH13: Male with disability | GI13: Female with disability | GK13: Planning | GL13: Actual | GM13: Total male | GN13: Total female | GO13: Total disability | GP13: Male with disability | GQ13: Female with disability | GS13: Planning | GT13: Actual | GU13: Total male | GV13: Total female | GW13: Total disability | GX13: Male with disability | GY13: Female with disability | HA13: Planning | HB13: Actual | HC13: Total male | HD13: Total female | HE13: Total disability | HF13: Male with disability | HG13: Female with disability | HJ13: Q1 | HK13: Q2 | HL13: Q3 | HM13: Q4 | HN13: Total | HP13: Q1 | HQ13: Q2 | HR13: Q3 | HS13: Q4 | HT13: Total | HV13: Planning | HW13: Actual | HX13: Total male | HY13: Total female | HZ13: Total disability | IA13: Male with disability | IB13: Female with disability | ID13: Planning | IE13: Actual | IF13: Total male | IG13: Total female | IH13: Total disability | II13: Male with disability | IJ13: Female with disability | IL13: Planning | IM13: Actual | IN13: Total male | IO13: Total female | IP13: Total disability | IQ13: Male with disability | IR13: Female with disability | IT13: Planning | IU13: Actual | IV13: Total male | IW13: Total female | IX13: Total disability | IY13: Male with disability | IZ13: Female with disability | JB13: Planning | JC13: Actual | JD13: Total male | JE13: Total female | JF13: Total disability | JG13: Male with disability | JH13: Female with disability | JK13: Q1 | JL13: Q2 | JM13: Q3 | JN13: Q4 | JO13: Total | JQ13: Q1 | JR13: Q2 | JS13: Q3 | JT13: Q4 | JU13: Total | JW13: Planning | JX13: Actual | JY13: Total male | JZ13: Total female | KA13: Total disability | KB13: Male with disability | KC13: Female with disability | KE13: Planning | KF13: Actual | KG13: Total male | KH13: Total female | KI13: Total disability | KJ13: Male with disability | KK13: Female with disability | KM13: Planning | KN13: Actual | KO13: Total male | KP13: Total female | KQ13: Total disability | KR13: Male with disability | KS13: Female with disability | KU13: Planning | KV13: Actual | KW13: Total male | KX13: Total female | KY13: Total disability | KZ13: Male with disability | LA13: Female with disability | LC13: Planning | LD13: Actual | LE13: Total male | LF13: Total female | LG13: Total disability | LH13: Male with disability | LI13: Female with disability | LL13: Q1 | LM13: Q2 | LN13: Q3 | LO13: Q4 | LP13: Total | LR13: Q1 | LS13: Q2 | LT13: Q3 | LU13: Q4 | LV13: Total | LX13: Planning | LY13: Actual | LZ13: Total male | MA13: Total female | MB13: Total disability | MC13: Male with disability | MD13: Female with disability | MF13: Planning | MG13: Actual | MH13: Total male | MI13: Total female | MJ13: Total disability | MK13: Male with disability | ML13: Female with disability | MN13: Planning | MO13: Actual | MP13: Total male | MQ13: Total female | MR13: Total disability | MS13: Male with disability | MT13: Female with disability | MV13: Planning | MW13: Actual | MX13: Total male | MY13: Total female | MZ13: Total disability | NA13: Male with disability | NB13: Female with disability | ND13: Planning | NE13: Actual | NF13: Total male | NG13: Total female | NH13: Total disability | NI13: Male with disability | NJ13: Female with disability
B14: 77. | C14: Total # of young children (0-7) reached by direct activities (without double counting) for the total project duration | D14: Sum of reported reach in the previous year and new reach in the current year. | J14: =AX14 -> 0 | P14: =AY14 -> 0 | AX14: =AX7 -> 0 | AY14: =AY7 -> 0 | AZ14: =AZ7 -> 0 | BA14: =BA7 -> 0 | BB14: =BB7 -> 0 | BC14: =BC7 -> 0 | BD14: =BD7 -> 0 | BK14: =CY14 -> 0 | BQ14: =CZ14 -> 0 | CY14: =AY14+CY15 -> 0 | CZ14: =AY14+CZ15 -> 0 | DA14: =AZ14+DA15 -> 0 | DB14: =BA14+DB15 -> 0 | DC14: =BB14+DC15 -> 0 | DD14: =BC14+DD15 -> 0 | DE14: =BD14+DE15 -> 0 | DL14: =EZ14 -> 0 | DR14: =FA14 -> 0 | EZ14: =CZ14+EZ15 -> 0 | FA14: =CZ14+FA15 -> 0 | FB14: =DA14+FB15 -> 0 | FC14: =DB14+FC15 -> 0 | FD14: =DC14+FD15 -> 0 | FE14: =DD14+FE15 -> 0 | FF14: =DE14+FF15 -> 0 | FM14: =HA14 -> 0 | FS14: =HB14 -> 0 | HA14: =FA14+HA15 -> 0 | HB14: =FA14+HB15 -> 0 | HC14: =FB14+HC15 -> 0 | HD14: =FC14+HD15 -> 0 | HE14: =FD14+HE15 -> 0 | HF14: =FE14+HF15 -> 0 | HG14: =FF14+HG15 -> 0 | HN14: =JB14 -> 0 | HT14: =JC14 -> 0 | JB14: =HB14+JB15 -> 0 | JC14: =HB14+JC15 -> 0 | JD14: =HC14+JD15 -> 0 | JE14: =HD14+JE15 -> 0 | JF14: =HE14+JF15 -> 0 | JG14: =HF14+JG15 -> 0 | JH14: =HG14+JH15 -> 0 | JO14: =LC14 -> 0 | JU14: =LD14 -> 0 | LC14: =JC14+LC15 -> 0 | LD14: =JC14+LD15 -> 0 | LE14: =JD14+LE15 -> 0 | LF14: =JE14+LF15 -> 0 | LG14: =JF14+LG15 -> 0 | LH14: =JG14+LH15 -> 0 | LI14: =JH14+LI15 -> 0 | LP14: =ND14 -> 0 | LV14: =NE14 -> 0 | ND14: =LD14+ND15 -> 0 | NE14: =LD14+NE15 -> 0 | NF14: =LE14+NF15 -> 0 | NG14: =LF14+NG15 -> 0 | NH14: =LG14+NH15 -> 0 | NI14: =LH14+NI15 -> 0 | NJ14: =LI14+NJ15 -> 0
B15: 78. | C15: # of NEW young children (0-7) reached by direct activities (without double counting) for the total project duration | D15: Report only the young children who were not reached in previous project years. | J15: =AX15 -> 0 | P15: =AY15 -> 0 | AX15: =AX7 -> 0 | AY15: =AY7 -> 0 | AZ15: =AZ7 -> 0 | BA15: =BA7 -> 0 | BB15: =BB7 -> 0 | BC15: =BC7 -> 0 | BD15: =BD7 -> 0 | BK15: =CY15 -> 0 | BQ15: =CZ15 -> 0 | CZ15: =DA15+DB15 -> 0 | DC15: =DD15+DE15 -> 0 | DL15: =EZ15 -> 0 | DR15: =FA15 -> 0 | FA15: =FB15+FC15 -> 0 | FD15: =FE15+FF15 -> 0 | FM15: =HA15 -> 0 | FS15: =HB15 -> 0 | HB15: =HC15+HD15 -> 0 | HE15: =HF15+HG15 -> 0 | HN15: =JB15 -> 0 | HT15: =JC15 -> 0 | JC15: =JD15+JE15 -> 0 | JF15: =JG15+JH15 -> 0 | JO15: =LC15 -> 0 | JU15: =LD15 -> 0 | LD15: =LE15+LF15 -> 0 | LG15: =LH15+LI15 -> 0 | LP15: =ND15 -> 0 | LV15: =NE15 -> 0 | NE15: =NF15+NG15 -> 0 | NH15: =NI15+NJ15 -> 0
B16: 79. | C16: Total # of children (8-12) reached by direct activities (without double counting) for the total project duration | D16: Sum of reported reach in the previous year and new reach in the current year. | J16: =AX16 -> 0 | P16: =AY16 -> 0 | AX16: =AX8 -> 0 | AY16: =AY8 -> 0 | AZ16: =AZ8 -> 0 | BA16: =BA8 -> 0 | BB16: =BB8 -> 0 | BC16: =BC8 -> 0 | BD16: =BD8 -> 0 | BK16: =CY16 -> 0 | BQ16: =CZ16 -> 0 | CY16: =AY16+CY17 -> 0 | CZ16: =AY16+CZ17 -> 0 | DA16: =AZ16+DA17 -> 0 | DB16: =BA16+DB17 -> 0 | DC16: =BB16+DC17 -> 0 | DD16: =BC16+DD17 -> 0 | DE16: =BD16+DE17 -> 0 | DL16: =EZ16 -> 0 | DR16: =FA16 -> 0 | EZ16: =CZ16+EZ17 -> 0 | FA16: =CZ16+FA17 -> 0 | FB16: =DA16+FB17 -> 0 | FC16: =DB16+FC17 -> 0 | FD16: =DC16+FD17 -> 0 | FE16: =DD16+FE17 -> 0 | FF16: =DE16+FF17 -> 0 | FM16: =HA16 -> 0 | FS16: =HB16 -> 0 | HA16: =FA16+HA17 -> 0 | HB16: =FA16+HB17 -> 0 | HC16: =FB16+HC17 -> 0 | HD16: =FC16+HD17 -> 0 | HE16: =FD16+HE17 -> 0 | HF16: =FE16+HF17 -> 0 | HG16: =FF16+HG17 -> 0 | HN16: =JB16 -> 0 | HT16: =JC16 -> 0 | JB16: =HB16+JB17 -> 0 | JC16: =HB16+JC17 -> 0 | JD16: =HC16+JD17 -> 0 | JE16: =HD16+JE17 -> 0 | JF16: =HE16+JF17 -> 0 | JG16: =HF16+JG17 -> 0 | JH16: =HG16+JH17 -> 0 | JO16: =LC16 -> 0 | JU16: =LD16 -> 0 | LC16: =JC16+LC17 -> 0 | LD16: =JC16+LD17 -> 0 | LE16: =JD16+LE17 -> 0 | LF16: =JE16+LF17 -> 0 | LG16: =JF16+LG17 -> 0 | LH16: =JG16+LH17 -> 0 | LI16: =JH16+LI17 -> 0 | LP16: =ND16 -> 0 | LV16: =NE16 -> 0 | ND16: =LD16+ND17 -> 0 | NE16: =LD16+NE17 -> 0 | NF16: =LE16+NF17 -> 0 | NG16: =LF16+NG17 -> 0 | NH16: =LG16+NH17 -> 0 | NI16: =LH16+NI17 -> 0 | NJ16: =LI16+NJ17 -> 0
B17: 80. | C17: # of NEW children (8-12) reached by direct activities (without double counting) for the total project duration | D17: Report only the children who were not reached in previous project years. | J17: =AX17 -> 0 | P17: =AY17 -> 0 | AX17: =AX8 -> 0 | AY17: =AY8 -> 0 | AZ17: =AZ8 -> 0 | BA17: =BA8 -> 0 | BB17: =BB8 -> 0 | BC17: =BC8 -> 0 | BD17: =BD8 -> 0 | BK17: =CY17 -> 0 | BQ17: =CZ17 -> 0 | CZ17: =DA17+DB17 -> 0 | DC17: =DD17+DE17 -> 0 | DL17: =EZ17 -> 0 | DR17: =FA17 -> 0 | FA17: =FB17+FC17 -> 0 | FD17: =FE17+FF17 -> 0 | FM17: =HA17 -> 0 | FS17: =HB17 -> 0 | HB17: =HC17+HD17 -> 0 | HE17: =HF17+HG17 -> 0 | HN17: =JB17 -> 0 | HT17: =JC17 -> 0 | JC17: =JD17+JE17 -> 0 | JF17: =JG17+JH17 -> 0 | JO17: =LC17 -> 0 | JU17: =LD17 -> 0 | LD17: =LE17+LF17 -> 0 | LG17: =LH17+LI17 -> 0 | LP17: =ND17 -> 0 | LV17: =NE17 -> 0 | NE17: =NF17+NG17 -> 0 | NH17: =NI17+NJ17 -> 0
B18: 81. | C18: Total # of adolescents/teenagers (13-17) reached by direct activities (without double counting) for the total project duration | D18: Sum of reported reach in the previous year and new reach in the current year. | J18: =AX18 -> 0 | P18: =AY18 -> 0 | AX18: =AX9 -> 0 | AY18: =AY9 -> 0 | AZ18: =AZ9 -> 0 | BA18: =BA9 -> 0 | BB18: =BB9 -> 0 | BC18: =BC9 -> 0 | BD18: =BD9 -> 0 | BK18: =CY18 -> 0 | BQ18: =CZ18 -> 0 | CY18: =AY18+CY19 -> 0 | CZ18: =AY18+CZ19 -> 0 | DA18: =AZ18+DA19 -> 0 | DB18: =BA18+DB19 -> 0 | DC18: =BB18+DC19 -> 0 | DD18: =BC18+DD19 -> 0 | DE18: =BD18+DE19 -> 0 | DL18: =EZ18 -> 0 | DR18: =FA18 -> 0 | EZ18: =CZ18+EZ19 -> 0 | FA18: =CZ18+FA19 -> 0 | FB18: =DA18+FB19 -> 0 | FC18: =DB18+FC19 -> 0 | FD18: =DC18+FD19 -> 0 | FE18: =DD18+FE19 -> 0 | FF18: =DE18+FF19 -> 0 | FM18: =HA18 -> 0 | FS18: =HB18 -> 0 | HA18: =FA18+HA19 -> 0 | HB18: =FA18+HB19 -> 0 | HC18: =FB18+HC19 -> 0 | HD18: =FC18+HD19 -> 0 | HE18: =FD18+HE19 -> 0 | HF18: =FE18+HF19 -> 0 | HG18: =FF18+HG19 -> 0 | HN18: =JB18 -> 0 | HT18: =JC18 -> 0 | JB18: =HB18+JB19 -> 0 | JC18: =HB18+JC19 -> 0 | JD18: =HC18+JD19 -> 0 | JE18: =HD18+JE19 -> 0 | JF18: =HE18+JF19 -> 0 | JG18: =HF18+JG19 -> 0 | JH18: =HG18+JH19 -> 0 | JO18: =LC18 -> 0 | JU18: =LD18 -> 0 | LC18: =JC18+LC19 -> 0 | LD18: =JC18+LD19 -> 0 | LE18: =JD18+LE19 -> 0 | LF18: =JE18+LF19 -> 0 | LG18: =JF18+LG19 -> 0 | LH18: =JG18+LH19 -> 0 | LI18: =JH18+LI19 -> 0 | LP18: =ND18 -> 0 | LV18: =NE18 -> 0 | ND18: =LD18+ND19 -> 0 | NE18: =LD18+NE19 -> 0 | NF18: =LE18+NF19 -> 0 | NG18: =LF18+NG19 -> 0 | NH18: =LG18+NH19 -> 0 | NI18: =LH18+NI19 -> 0 | NJ18: =LI18+NJ19 -> 0
B19: 82. | C19: # of NEW adolescents/teenagers (13-17) reached by direct activities (without double counting) for the total project duration | D19: Report only the adolescents/teenagers who were not reached in previous project years. | J19: =AX19 -> 0 | P19: =AY19 -> 0 | AX19: =AX9 -> 0 | AY19: =AY9 -> 0 | AZ19: =AZ9 -> 0 | BA19: =BA9 -> 0 | BB19: =BB9 -> 0 | BC19: =BC9 -> 0 | BD19: =BD9 -> 0 | BK19: =CY19 -> 0 | BQ19: =CZ19 -> 0 | CZ19: =DA19+DB19 -> 0 | DC19: =DD19+DE19 -> 0 | DL19: =EZ19 -> 0 | DR19: =FA19 -> 0 | FA19: =FB19+FC19 -> 0 | FD19: =FE19+FF19 -> 0 | FM19: =HA19 -> 0 | FS19: =HB19 -> 0 | HB19: =HC19+HD19 -> 0 | HE19: =HF19+HG19 -> 0 | HN19: =JB19 -> 0 | HT19: =JC19 -> 0 | JC19: =JD19+JE19 -> 0 | JF19: =JG19+JH19 -> 0 | JO19: =LC19 -> 0 | JU19: =LD19 -> 0 | LD19: =LE19+LF19 -> 0 | LG19: =LH19+LI19 -> 0 | LP19: =ND19 -> 0 | LV19: =NE19 -> 0 | NE19: =NF19+NG19 -> 0 | NH19: =NI19+NJ19 -> 0
B20: 83. | C20: Total # of youth (18-35) reached by direct activities (without double counting) for the total project duration | D20: Sum of reported reach in the previous year and new reach in the current year. | J20: =AX20 -> 0 | P20: =AY20 -> 0 | AX20: =AX10 -> 0 | AY20: =AY10 -> 0 | AZ20: =AZ10 -> 0 | BA20: =BA10 -> 0 | BB20: =BB10 -> 0 | BC20: =BC10 -> 0 | BD20: =BD10 -> 0 | BK20: =CY20 -> 0 | BQ20: =CZ20 -> 0 | CY20: =AY20+CY21 -> 0 | CZ20: =AY20+CZ21 -> 0 | DA20: =AZ20+DA21 -> 0 | DB20: =BA20+DB21 -> 0 | DC20: =BB20+DC21 -> 0 | DD20: =BC20+DD21 -> 0 | DE20: =BD20+DE21 -> 0 | DL20: =EZ20 -> 0 | DR20: =FA20 -> 0 | EZ20: =CZ20+EZ21 -> 0 | FA20: =CZ20+FA21 -> 0 | FB20: =DA20+FB21 -> 0 | FC20: =DB20+FC21 -> 0 | FD20: =DC20+FD21 -> 0 | FE20: =DD20+FE21 -> 0 | FF20: =DE20+FF21 -> 0 | FM20: =HA20 -> 0 | FS20: =HB20 -> 0 | HA20: =FA20+HA21 -> 0 | HB20: =FA20+HB21 -> 0 | HC20: =FB20+HC21 -> 0 | HD20: =FC20+HD21 -> 0 | HE20: =FD20+HE21 -> 0 | HF20: =FE20+HF21 -> 0 | HG20: =FF20+HG21 -> 0 | HN20: =JB20 -> 0 | HT20: =JC20 -> 0 | JB20: =HB20+JB21 -> 0 | JC20: =HB20+JC21 -> 0 | JD20: =HC20+JD21 -> 0 | JE20: =HD20+JE21 -> 0 | JF20: =HE20+JF21 -> 0 | JG20: =HF20+JG21 -> 0 | JH20: =HG20+JH21 -> 0 | JO20: =LC20 -> 0 | JU20: =LD20 -> 0 | LC20: =JC20+LC21 -> 0 | LD20: =JC20+LD21 -> 0 | LE20: =JD20+LE21 -> 0 | LF20: =JE20+LF21 -> 0 | LG20: =JF20+LG21 -> 0 | LH20: =JG20+LH21 -> 0 | LI20: =JH20+LI21 -> 0 | LP20: =ND20 -> 0 | LV20: =NE20 -> 0 | ND20: =LD20+ND21 -> 0 | NE20: =LD20+NE21 -> 0 | NF20: =LE20+NF21 -> 0 | NG20: =LF20+NG21 -> 0 | NH20: =LG20+NH21 -> 0 | NI20: =LH20+NI21 -> 0 | NJ20: =LI20+NJ21 -> 0
B21: 84. | C21: # of NEW youth (18-35) reached by direct activities (without double counting) for the total project duration | D21: Report only the youth who were not reached in previous project years. | J21: =AX21 -> 0 | P21: =AY21 -> 0 | AX21: =AX10 -> 0 | AY21: =AY10 -> 0 | AZ21: =AZ10 -> 0 | BA21: =BA10 -> 0 | BB21: =BB10 -> 0 | BC21: =BC10 -> 0 | BD21: =BD10 -> 0 | BK21: =CY21 -> 0 | BQ21: =CZ21 -> 0 | CZ21: =DA21+DB21 -> 0 | DC21: =DD21+DE21 -> 0 | DL21: =EZ21 -> 0 | DR21: =FA21 -> 0 | FA21: =FB21+FC21 -> 0 | FD21: =FE21+FF21 -> 0 | FM21: =HA21 -> 0 | FS21: =HB21 -> 0 | HB21: =HC21+HD21 -> 0 | HE21: =HF21+HG21 -> 0 | HN21: =JB21 -> 0 | HT21: =JC21 -> 0 | JC21: =JD21+JE21 -> 0 | JF21: =JG21+JH21 -> 0 | JO21: =LC21 -> 0 | JU21: =LD21 -> 0 | LD21: =LE21+LF21 -> 0 | LG21: =LH21+LI21 -> 0 | LP21: =ND21 -> 0 | LV21: =NE21 -> 0 | NE21: =NF21+NG21 -> 0 | NH21: =NI21+NJ21 -> 0
B22: 85. | C22: Total # of adults (>35) reached by direct activities (without double counting) for the total project duration | D22: Sum of reported reach in the previous year and new reach in the current year. | J22: =AX22 -> 0 | P22: =AY22 -> 0 | AX22: =AX11 -> 0 | AY22: =AY11 -> 0 | AZ22: =AZ11 -> 0 | BA22: =BA11 -> 0 | BB22: =BB11 -> 0 | BC22: =BC11 -> 0 | BD22: =BD11 -> 0 | BK22: =CY22 -> 0 | BQ22: =CZ22 -> 0 | CY22: =AY22+CY23 -> 0 | CZ22: =AY22+CZ23 -> 0 | DA22: =AZ22+DA23 -> 0 | DB22: =BA22+DB23 -> 0 | DC22: =BB22+DC23 -> 0 | DD22: =BC22+DD23 -> 0 | DE22: =BD22+DE23 -> 0 | DL22: =EZ22 -> 0 | DR22: =FA22 -> 0 | EZ22: =CZ22+EZ23 -> 0 | FA22: =CZ22+FA23 -> 0 | FB22: =DA22+FB23 -> 0 | FC22: =DB22+FC23 -> 0 | FD22: =DC22+FD23 -> 0 | FE22: =DD22+FE23 -> 0 | FF22: =DE22+FF23 -> 0 | FM22: =HA22 -> 0 | FS22: =HB22 -> 0 | HA22: =FA22+HA23 -> 0 | HB22: =FA22+HB23 -> 0 | HC22: =FB22+HC23 -> 0 | HD22: =FC22+HD23 -> 0 | HE22: =FD22+HE23 -> 0 | HF22: =FE22+HF23 -> 0 | HG22: =FF22+HG23 -> 0 | HN22: =JB22 -> 0 | HT22: =JC22 -> 0 | JB22: =HB22+JB23 -> 0 | JC22: =HB22+JC23 -> 0 | JD22: =HC22+JD23 -> 0 | JE22: =HD22+JE23 -> 0 | JF22: =HE22+JF23 -> 0 | JG22: =HF22+JG23 -> 0 | JH22: =HG22+JH23 -> 0 | JO22: =LC22 -> 0 | JU22: =LD22 -> 0 | LC22: =JC22+LC23 -> 0 | LD22: =JC22+LD23 -> 0 | LE22: =JD22+LE23 -> 0 | LF22: =JE22+LF23 -> 0 | LG22: =JF22+LG23 -> 0 | LH22: =JG22+LH23 -> 0 | LI22: =JH22+LI23 -> 0 | LP22: =ND22 -> 0 | LV22: =NE22 -> 0 | ND22: =LD22+ND23 -> 0 | NE22: =LD22+NE23 -> 0 | NF22: =LE22+NF23 -> 0 | NG22: =LF22+NG23 -> 0 | NH22: =LG22+NH23 -> 0 | NI22: =LH22+NI23 -> 0 | NJ22: =LI22+NJ23 -> 0
B23: 86. | C23: # of NEW adults (>35) reached by direct activities (without double counting) for the total project duration | D23: Report only the adults who were not reached in previous project years. | J23: =AX23 -> 0 | P23: =AY23 -> 0 | AX23: =AX12 -> 0 | AY23: =AY12 -> 0 | AZ23: =AZ12 -> 0 | BA23: =BA12 -> 0 | BB23: =BB12 -> 0 | BC23: =BC12 -> 0 | BD23: =BD12 -> 0 | BK23: =CY23 -> 0 | BQ23: =CZ23 -> 0 | CZ23: =DA23+DB23 -> 0 | DC23: =DD23+DE23 -> 0 | DL23: =EZ23 -> 0 | DR23: =FA23 -> 0 | FA23: =FB23+FC23 -> 0 | FD23: =FE23+FF23 -> 0 | FM23: =HA23 -> 0 | FS23: =HB23 -> 0 | HB23: =HC23+HD23 -> 0 | HE23: =HF23+HG23 -> 0 | HN23: =JB23 -> 0 | HT23: =JC23 -> 0 | JC23: =JD23+JE23 -> 0 | JF23: =JG23+JH23 -> 0 | JO23: =LC23 -> 0 | JU23: =LD23 -> 0 | LD23: =LE23+LF23 -> 0 | LG23: =LH23+LI23 -> 0 | LP23: =ND23 -> 0 | LV23: =NE23 -> 0 | NE23: =NF23+NG23 -> 0 | NH23: =NI23+NJ23 -> 0
B25: Nr. | C25: Groups/ members | D25: Descriptions | F25: Q1 | G25: Q2 | H25: Q3 | I25: Q4 | J25: Total | L25: Q1 | M25: Q2 | N25: Q3 | O25: Q4 | P25: Total | R25: Planning | S25: Actual | T25: Total male | U25: Total female | V25: Total disability | W25: Male with disability | X25: Female with disability | Z25: Planning | AA25: Actual | AB25: Total male | AC25: Total female | AD25: Total disability | AE25: Male with disability | AF25: Female with disability | AH25: Planning | AI25: Actual | AJ25: Total male | AK25: Total female | AL25: Total disability | AM25: Male with disability | AN25: Female with disability | AP25: Planning | AQ25: Actual | AR25: Total male | AS25: Total female | AT25: Total disability | AU25: Male with disability | AV25: Female with disability | AX25: Planning | AY25: Actual | AZ25: Total male | BA25: Total female | BB25: Total disability | BC25: Male with disability | BD25: Female with disability | BG25: Q1 | BH25: Q2 | BI25: Q3 | BJ25: Q4 | BK25: Total | BM25: Q1 | BN25: Q2 | BO25: Q3 | BP25: Q4 | BQ25: Total | BS25: Planning | BT25: Actual | BU25: Total male | BV25: Total female | BW25: Total disability | BX25: Male with disability | BY25: Female with disability | CA25: Planning | CB25: Actual | CC25: Total male | CD25: Total female | CE25: Total disability | CF25: Male with disability | CG25: Female with disability | CI25: Planning | CJ25: Actual | CK25: Total male | CL25: Total female | CM25: Total disability | CN25: Male with disability | CO25: Female with disability | CQ25: Planning | CR25: Actual | CS25: Total male | CT25: Total female | CU25: Total disability | CV25: Male with disability | CW25: Female with disability | CY25: Planning | CZ25: Actual | DA25: Total male | DB25: Total female | DC25: Total disability | DD25: Male with disability | DE25: Female with disability | DH25: Q1 | DI25: Q2 | DJ25: Q3 | DK25: Q4 | DL25: Total | DN25: Q1 | DO25: Q2 | DP25: Q3 | DQ25: Q4 | DR25: Total | DT25: Planning | DU25: Actual | DV25: Total male | DW25: Total female | DX25: Total disability | DY25: Male with disability | DZ25: Female with disability | EB25: Planning | EC25: Actual | ED25: Total male | EE25: Total female | EF25: Total disability | EG25: Male with disability | EH25: Female with disability | EJ25: Planning | EK25: Actual | EL25: Total male | EM25: Total female | EN25: Total disability | EO25: Male with disability | EP25: Female with disability | ER25: Planning | ES25: Actual | ET25: Total male | EU25: Total female | EV25: Total disability | EW25: Male with disability | EX25: Female with disability | EZ25: Planning | FA25: Actual | FB25: Total male | FC25: Total female | FD25: Total disability | FE25: Male with disability | FF25: Female with disability | FI25: Q1 | FJ25: Q2 | FK25: Q3 | FL25: Q4 | FM25: Total | FO25: Q1 | FP25: Q2 | FQ25: Q3 | FR25: Q4 | FS25: Total | FU25: Planning | FV25: Actual | FW25: Total male | FX25: Total female | FY25: Total disability | FZ25: Male with disability | GA25: Female with disability | GC25: Planning | GD25: Actual | GE25: Total male | GF25: Total female | GG25: Total disability | GH25: Male with disability | GI25: Female with disability | GK25: Planning | GL25: Actual | GM25: Total male | GN25: Total female | GO25: Total disability | GP25: Male with disability | GQ25: Female with disability | GS25: Planning | GT25: Actual | GU25: Total male | GV25: Total female | GW25: Total disability | GX25: Male with disability | GY25: Female with disability | HA25: Planning | HB25: Actual | HC25: Total male | HD25: Total female | HE25: Total disability | HF25: Male with disability | HG25: Female with disability | HJ25: Q1 | HK25: Q2 | HL25: Q3 | HM25: Q4 | HN25: Total | HP25: Q1 | HQ25: Q2 | HR25: Q3 | HS25: Q4 | HT25: Total | HV25: Planning | HW25: Actual | HX25: Total male | HY25: Total female | HZ25: Total disability | IA25: Male with disability | IB25: Female with disability | ID25: Planning | IE25: Actual | IF25: Total male | IG25: Total female | IH25: Total disability | II25: Male with disability | IJ25: Female with disability | IL25: Planning | IM25: Actual | IN25: Total male | IO25: Total female | IP25: Total disability | IQ25: Male with disability | IR25: Female with disability | IT25: Planning | IU25: Actual | IV25: Total male | IW25: Total female | IX25: Total disability | IY25: Male with disability | IZ25: Female with disability | JB25: Planning | JC25: Actual | JD25: Total male | JE25: Total female | JF25: Total disability | JG25: Male with disability | JH25: Female with disability | JK25: Q1 | JL25: Q2 | JM25: Q3 | JN25: Q4 | JO25: Total | JQ25: Q1 | JR25: Q2 | JS25: Q3 | JT25: Q4 | JU25: Total | JW25: Planning | JX25: Actual | JY25: Total male | JZ25: Total female | KA25: Total disability | KB25: Male with disability | KC25: Female with disability | KE25: Planning | KF25: Actual | KG25: Total male | KH25: Total female | KI25: Total disability | KJ25: Male with disability | KK25: Female with disability | KM25: Planning | KN25: Actual | KO25: Total male | KP25: Total female | KQ25: Total disability | KR25: Male with disability | KS25: Female with disability | KU25: Planning | KV25: Actual | KW25: Total male | KX25: Total female | KY25: Total disability | KZ25: Male with disability | LA25: Female with disability | LC25: Planning | LD25: Actual | LE25: Total male | LF25: Total female | LG25: Total disability | LH25: Male with disability | LI25: Female with disability | LL25: Q1 | LM25: Q2 | LN25: Q3 | LO25: Q4 | LP25: Total | LR25: Q1 | LS25: Q2 | LT25: Q3 | LU25: Q4 | LV25: Total | LX25: Planning | LY25: Actual | LZ25: Total male | MA25: Total female | MB25: Total disability | MC25: Male with disability | MD25: Female with disability | MF25: Planning | MG25: Actual | MH25: Total male | MI25: Total female | MJ25: Total disability | MK25: Male with disability | ML25: Female with disability | MN25: Planning | MO25: Actual | MP25: Total male | MQ25: Total female | MR25: Total disability | MS25: Male with disability | MT25: Female with disability | MV25: Planning | MW25: Actual | MX25: Total male | MY25: Total female | MZ25: Total disability | NA25: Male with disability | NB25: Female with disability | ND25: Planning | NE25: Actual | NF25: Total male | NG25: Total female | NH25: Total disability | NI25: Male with disability | NJ25: Female with disability
B26: 27. | C26: # of SHGs supported | D26: Self-help groups supported by the project | J26: =AX26 -> 0 | P26: =AY26 -> 0 | BG26: =BS26 -> 0 | BH26: =CA26 -> 0 | BI26: =CI26 -> 0 | BJ26: =CQ26 -> 0 | BK26: =CY26 -> 0 | BM26: =BT26 -> 0 | BN26: =CB26 -> 0 | BO26: =CJ26 -> 0 | BP26: =CR26 -> 0 | BQ26: =CZ26 -> 0 | DH26: =DT26 -> 0 | DI26: =EB26 -> 0 | DJ26: =EJ26 -> 0 | DK26: =ER26 -> 0 | DL26: =EZ26 -> 0 | DN26: =DU26 -> 0 | DO26: =EC26 -> 0 | DP26: =EK26 -> 0 | DQ26: =ES26 -> 0 | DR26: =FA26 -> 0 | FI26: =FU26 -> 0 | FJ26: =GC26 -> 0 | FK26: =GK26 -> 0 | FL26: =GS26 -> 0 | FM26: =HA26 -> 0 | FO26: =FV26 -> 0 | FP26: =GD26 -> 0 | FQ26: =GL26 -> 0 | FR26: =GT26 -> 0 | FS26: =HB26 -> 0 | HJ26: =HV26 -> 0 | HK26: =ID26 -> 0 | HL26: =IL26 -> 0 | HM26: =IT26 -> 0 | HN26: =JB26 -> 0 | HP26: =HW26 -> 0 | HQ26: =IE26 -> 0 | HR26: =IM26 -> 0 | HS26: =IU26 -> 0 | HT26: =JC26 -> 0 | JK26: =JW26 -> 0 | JL26: =KE26 -> 0 | JM26: =KM26 -> 0 | JN26: =KU26 -> 0 | JO26: =LC26 -> 0 | JQ26: =JX26 -> 0 | JR26: =KF26 -> 0 | JS26: =KN26 -> 0 | JT26: =KV26 -> 0 | JU26: =LD26 -> 0 | LL26: =LX26 -> 0 | LM26: =MF26 -> 0 | LN26: =MN26 -> 0 | LO26: =MV26 -> 0 | LP26: =ND26 -> 0 | LR26: =LY26 -> 0 | LS26: =MG26 -> 0 | LT26: =MO26 -> 0 | LU26: =MW26 -> 0 | LV26: =NE26 -> 0
B27: 28. | C27: # of SHG MEMBERS IN supported groups | D27: Number of members in project supported Self-help groups | J27: =AX27 -> 0 | P27: =AY27 -> 0 | AY27: =AZ27+BA27 -> 0 | BB27: =BC27+BD27 -> 0 | BG27: =BS27 -> 0 | BH27: =CA27 -> 0 | BI27: =CI27 -> 0 | BJ27: =CQ27 -> 0 | BK27: =CY27 -> 0 | BM27: =BT27 -> 0 | BN27: =CB27 -> 0 | BO27: =CJ27 -> 0 | BP27: =CR27 -> 0 | BQ27: =CZ27 -> 0 | BT27: =BU27+BV27 -> 0 | BW27: =BX27+BY27 -> 0 | CB27: =CC27+CD27 -> 0 | CE27: =CF27+CG27 -> 0 | CJ27: =CK27+CL27 -> 0 | CM27: =CN27+CO27 -> 0 | CR27: =CS27+CT27 -> 0 | CU27: =CV27+CW27 -> 0 | CZ27: =DA27+DB27 -> 0 | DC27: =DD27+DE27 -> 0 | DH27: =DT27 -> 0 | DI27: =EB27 -> 0 | DJ27: =EJ27 -> 0 | DK27: =ER27 -> 0 | DL27: =EZ27 -> 0 | DN27: =DU27 -> 0 | DO27: =EC27 -> 0 | DP27: =EK27 -> 0 | DQ27: =ES27 -> 0 | DR27: =FA27 -> 0 | DU27: =DV27+DW27 -> 0 | DX27: =DY27+DZ27 -> 0 | EC27: =ED27+EE27 -> 0 | EF27: =EG27+EH27 -> 0 | EK27: =EL27+EM27 -> 0 | EN27: =EO27+EP27 -> 0 | ES27: =ET27+EU27 -> 0 | EV27: =EW27+EX27 -> 0 | FA27: =FB27+FC27 -> 0 | FD27: =FE27+FF27 -> 0 | FI27: =FU27 -> 0 | FJ27: =GC27 -> 0 | FK27: =GK27 -> 0 | FL27: =GS27 -> 0 | FM27: =HA27 -> 0 | FO27: =FV27 -> 0 | FP27: =GD27 -> 0 | FQ27: =GL27 -> 0 | FR27: =GT27 -> 0 | FS27: =HB27 -> 0 | FV27: =FW27+FX27 -> 0 | FY27: =FZ27+GA27 -> 0 | GD27: =GE27+GF27 -> 0 | GG27: =GH27+GI27 -> 0 | GL27: =GM27+GN27 -> 0 | GO27: =GP27+GQ27 -> 0 | GT27: =GU27+GV27 -> 0 | GW27: =GX27+GY27 -> 0 | HB27: =HC27+HD27 -> 0 | HE27: =HF27+HG27 -> 0 | HJ27: =HV27 -> 0 | HK27: =ID27 -> 0 | HL27: =IL27 -> 0 | HM27: =IT27 -> 0 | HN27: =JB27 -> 0 | HP27: =HW27 -> 0 | HQ27: =IE27 -> 0 | HR27: =IM27 -> 0 | HS27: =IU27 -> 0 | HT27: =JC27 -> 0 | HW27: =HX27+HY27 -> 0 | HZ27: =IA27+IB27 -> 0 | IE27: =IF27+IG27 -> 0 | IH27: =II27+IJ27 -> 0 | IM27: =IN27+IO27 -> 0 | IP27: =IQ27+IR27 -> 0 | IU27: =IV27+IW27 -> 0 | IX27: =IY27+IZ27 -> 0 | JC27: =JD27+JE27 -> 0 | JF27: =JG27+JH27 -> 0 | JK27: =JW27 -> 0 | JL27: =KE27 -> 0 | JM27: =KM27 -> 0 | JN27: =KU27 -> 0 | JO27: =LC27 -> 0 | JQ27: =JX27 -> 0 | JR27: =KF27 -> 0 | JS27: =KN27 -> 0 | JT27: =KV27 -> 0 | JU27: =LD27 -> 0 | JX27: =JY27+JZ27 -> 0 | KA27: =KB27+KC27 -> 0 | KF27: =KG27+KH27 -> 0 | KI27: =KJ27+KK27 -> 0 | KN27: =KO27+KP27 -> 0 | KQ27: =KR27+KS27 -> 0 | KV27: =KW27+KX27 -> 0 | KY27: =KZ27+LA27 -> 0 | LD27: =LE27+LF27 -> 0 | LG27: =LH27+LI27 -> 0 | LL27: =LX27 -> 0 | LM27: =MF27 -> 0 | LN27: =MN27 -> 0 | LO27: =MV27 -> 0 | LP27: =ND27 -> 0 | LR27: =LY27 -> 0 | LS27: =MG27 -> 0 | LT27: =MO27 -> 0 | LU27: =MW27 -> 0 | LV27: =NE27 -> 0 | LY27: =LZ27+MA27 -> 0 | MB27: =MC27+MD27 -> 0 | MG27: =MH27+MI27 -> 0 | MJ27: =MK27+ML27 -> 0 | MO27: =MP27+MQ27 -> 0 | MR27: =MS27+MT27 -> 0 | MW27: =MX27+MY27 -> 0 | MZ27: =NA27+NB27 -> 0 | NE27: =NF27+NG27 -> 0 | NH27: =NI27+NJ27 -> 0
B28: 5. | C28: # of children groups (8-12 year old) supported in the community | D28: Number of children’s groups supported by the project, in the indicative age group of 8–12 years (age group not fixed). | J28: =AX28 -> 0 | P28: =AY28 -> 0 | BG28: =BS28 -> 0 | BH28: =CA28 -> 0 | BI28: =CI28 -> 0 | BJ28: =CQ28 -> 0 | BK28: =CY28 -> 0 | BM28: =BT28 -> 0 | BN28: =CB28 -> 0 | BO28: =CJ28 -> 0 | BP28: =CR28 -> 0 | BQ28: =CZ28 -> 0 | DH28: =DT28 -> 0 | DI28: =EB28 -> 0 | DJ28: =EJ28 -> 0 | DK28: =ER28 -> 0 | DL28: =EZ28 -> 0 | DN28: =DU28 -> 0 | DO28: =EC28 -> 0 | DP28: =EK28 -> 0 | DQ28: =ES28 -> 0 | DR28: =FA28 -> 0 | FI28: =FU28 -> 0 | FJ28: =GC28 -> 0 | FK28: =GK28 -> 0 | FL28: =GS28 -> 0 | FM28: =HA28 -> 0 | FO28: =FV28 -> 0 | FP28: =GD28 -> 0 | FQ28: =GL28 -> 0 | FR28: =GT28 -> 0 | FS28: =HB28 -> 0 | HJ28: =HV28 -> 0 | HK28: =ID28 -> 0 | HL28: =IL28 -> 0 | HM28: =IT28 -> 0 | HN28: =JB28 -> 0 | HP28: =HW28 -> 0 | HQ28: =IE28 -> 0 | HR28: =IM28 -> 0 | HS28: =IU28 -> 0 | HT28: =JC28 -> 0 | JK28: =JW28 -> 0 | JL28: =KE28 -> 0 | JM28: =KM28 -> 0 | JN28: =KU28 -> 0 | JO28: =LC28 -> 0 | JQ28: =JX28 -> 0 | JR28: =KF28 -> 0 | JS28: =KN28 -> 0 | JT28: =KV28 -> 0 | JU28: =LD28 -> 0 | LL28: =LX28 -> 0 | LM28: =MF28 -> 0 | LN28: =MN28 -> 0 | LO28: =MV28 -> 0 | LP28: =ND28 -> 0 | LR28: =LY28 -> 0 | LS28: =MG28 -> 0 | LT28: =MO28 -> 0 | LU28: =MW28 -> 0 | LV28: =NE28 -> 0
B29: 6. | C29: # of children group MEMBERS IN supported (8-12 year old groups) | D29: Number of children in children’s groups supported by the project, in the indicative age group of 8–12 years (age group not fixed). | J29: =AX29 -> 0 | P29: =AY29 -> 0 | AY29: =AZ29+BA29 -> 0 | BB29: =BC29+BD29 -> 0 | BG29: =BS29 -> 0 | BH29: =CA29 -> 0 | BI29: =CI29 -> 0 | BJ29: =CQ29 -> 0 | BK29: =CY29 -> 0 | BM29: =BT29 -> 0 | BN29: =CB29 -> 0 | BO29: =CJ29 -> 0 | BP29: =CR29 -> 0 | BQ29: =CZ29 -> 0 | BT29: =BU29+BV29 -> 0 | BW29: =BX29+BY29 -> 0 | CB29: =CC29+CD29 -> 0 | CE29: =CF29+CG29 -> 0 | CJ29: =CK29+CL29 -> 0 | CM29: =CN29+CO29 -> 0 | CR29: =CS29+CT29 -> 0 | CU29: =CV29+CW29 -> 0 | CZ29: =DA29+DB29 -> 0 | DC29: =DD29+DE29 -> 0 | DH29: =DT29 -> 0 | DI29: =EB29 -> 0 | DJ29: =EJ29 -> 0 | DK29: =ER29 -> 0 | DL29: =EZ29 -> 0 | DN29: =DU29 -> 0 | DO29: =EC29 -> 0 | DP29: =EK29 -> 0 | DQ29: =ES29 -> 0 | DR29: =FA29 -> 0 | DU29: =DV29+DW29 -> 0 | DX29: =DY29+DZ29 -> 0 | EC29: =ED29+EE29 -> 0 | EF29: =EG29+EH29 -> 0 | EK29: =EL29+EM29 -> 0 | EN29: =EO29+EP29 -> 0 | ES29: =ET29+EU29 -> 0 | EV29: =EW29+EX29 -> 0 | FA29: =FB29+FC29 -> 0 | FD29: =FE29+FF29 -> 0 | FI29: =FU29 -> 0 | FJ29: =GC29 -> 0 | FK29: =GK29 -> 0 | FL29: =GS29 -> 0 | FM29: =HA29 -> 0 | FO29: =FV29 -> 0 | FP29: =GD29 -> 0 | FQ29: =GL29 -> 0 | FR29: =GT29 -> 0 | FS29: =HB29 -> 0 | FV29: =FW29+FX29 -> 0 | FY29: =FZ29+GA29 -> 0 | GD29: =GE29+GF29 -> 0 | GG29: =GH29+GI29 -> 0 | GL29: =GM29+GN29 -> 0 | GO29: =GP29+GQ29 -> 0 | GT29: =GU29+GV29 -> 0 | GW29: =GX29+GY29 -> 0 | HB29: =HC29+HD29 -> 0 | HE29: =HF29+HG29 -> 0 | HJ29: =HV29 -> 0 | HK29: =ID29 -> 0 | HL29: =IL29 -> 0 | HM29: =IT29 -> 0 | HN29: =JB29 -> 0 | HP29: =HW29 -> 0 | HQ29: =IE29 -> 0 | HR29: =IM29 -> 0 | HS29: =IU29 -> 0 | HT29: =JC29 -> 0 | HW29: =HX29+HY29 -> 0 | HZ29: =IA29+IB29 -> 0 | IE29: =IF29+IG29 -> 0 | IH29: =II29+IJ29 -> 0 | IM29: =IN29+IO29 -> 0 | IP29: =IQ29+IR29 -> 0 | IU29: =IV29+IW29 -> 0 | IX29: =IY29+IZ29 -> 0 | JC29: =JD29+JE29 -> 0 | JF29: =JG29+JH29 -> 0 | JK29: =JW29 -> 0 | JL29: =KE29 -> 0 | JM29: =KM29 -> 0 | JN29: =KU29 -> 0 | JO29: =LC29 -> 0 | JQ29: =JX29 -> 0 | JR29: =KF29 -> 0 | JS29: =KN29 -> 0 | JT29: =KV29 -> 0 | JU29: =LD29 -> 0 | JX29: =JY29+JZ29 -> 0 | KA29: =KB29+KC29 -> 0 | KF29: =KG29+KH29 -> 0 | KI29: =KJ29+KK29 -> 0 | KN29: =KO29+KP29 -> 0 | KQ29: =KR29+KS29 -> 0 | KV29: =KW29+KX29 -> 0 | KY29: =KZ29+LA29 -> 0 | LD29: =LE29+LF29 -> 0 | LG29: =LH29+LI29 -> 0 | LL29: =LX29 -> 0 | LM29: =MF29 -> 0 | LN29: =MN29 -> 0 | LO29: =MV29 -> 0 | LP29: =ND29 -> 0 | LR29: =LY29 -> 0 | LS29: =MG29 -> 0 | LT29: =MO29 -> 0 | LU29: =MW29 -> 0 | LV29: =NE29 -> 0 | LY29: =LZ29+MA29 -> 0 | MB29: =MC29+MD29 -> 0 | MG29: =MH29+MI29 -> 0 | MJ29: =MK29+ML29 -> 0 | MO29: =MP29+MQ29 -> 0 | MR29: =MS29+MT29 -> 0 | MW29: =MX29+MY29 -> 0 | MZ29: =NA29+NB29 -> 0 | NE29: =NF29+NG29 -> 0 | NH29: =NI29+NJ29 -> 0
B30: 12. | C30: # of adolescent/teenager (13-17 year old) groups supported in the community | D30: Number of adolescents/ teenagers groups supported by the project, in the indicative age group of 13-17 years (age group not fixed). | J30: =AX30 -> 0 | P30: =AY30 -> 0 | BG30: =BS30 -> 0 | BH30: =CA30 -> 0 | BI30: =CI30 -> 0 | BJ30: =CQ30 -> 0 | BK30: =CY30 -> 0 | BM30: =BT30 -> 0 | BN30: =CB30 -> 0 | BO30: =CJ30 -> 0 | BP30: =CR30 -> 0 | BQ30: =CZ30 -> 0 | DH30: =DT30 -> 0 | DI30: =EB30 -> 0 | DJ30: =EJ30 -> 0 | DK30: =ER30 -> 0 | DL30: =EZ30 -> 0 | DN30: =DU30 -> 0 | DO30: =EC30 -> 0 | DP30: =EK30 -> 0 | DQ30: =ES30 -> 0 | DR30: =FA30 -> 0 | FI30: =FU30 -> 0 | FJ30: =GC30 -> 0 | FK30: =GK30 -> 0 | FL30: =GS30 -> 0 | FM30: =HA30 -> 0 | FO30: =FV30 -> 0 | FP30: =GD30 -> 0 | FQ30: =GL30 -> 0 | FR30: =GT30 -> 0 | FS30: =HB30 -> 0 | HJ30: =HV30 -> 0 | HK30: =ID30 -> 0 | HL30: =IL30 -> 0 | HM30: =IT30 -> 0 | HN30: =JB30 -> 0 | HP30: =HW30 -> 0 | HQ30: =IE30 -> 0 | HR30: =IM30 -> 0 | HS30: =IU30 -> 0 | HT30: =JC30 -> 0 | JK30: =JW30 -> 0 | JL30: =KE30 -> 0 | JM30: =KM30 -> 0 | JN30: =KU30 -> 0 | JO30: =LC30 -> 0 | JQ30: =JX30 -> 0 | JR30: =KF30 -> 0 | JS30: =KN30 -> 0 | JT30: =KV30 -> 0 | JU30: =LD30 -> 0 | LL30: =LX30 -> 0 | LM30: =MF30 -> 0 | LN30: =MN30 -> 0 | LO30: =MV30 -> 0 | LP30: =ND30 -> 0 | LR30: =LY30 -> 0 | LS30: =MG30 -> 0 | LT30: =MO30 -> 0 | LU30: =MW30 -> 0 | LV30: =NE30 -> 0
B31: 13. | C31: # of adolescent/teenager (13-17 year old) group MEMBERS IN supported groups | D31: Number of adolescents/ teenagers in adolescent's/ teenager's groups supported by the project, in the indicative age group of 13-17 years (age group not fixed). | J31: =AX31 -> 0 | P31: =AY31 -> 0 | AY31: =AZ31+BA31 -> 0 | BB31: =BC31+BD31 -> 0 | BG31: =BS31 -> 0 | BH31: =CA31 -> 0 | BI31: =CI31 -> 0 | BJ31: =CQ31 -> 0 | BK31: =CY31 -> 0 | BM31: =BT31 -> 0 | BN31: =CB31 -> 0 | BO31: =CJ31 -> 0 | BP31: =CR31 -> 0 | BQ31: =CZ31 -> 0 | BT31: =BU31+BV31 -> 0 | BW31: =BX31+BY31 -> 0 | CB31: =CC31+CD31 -> 0 | CE31: =CF31+CG31 -> 0 | CJ31: =CK31+CL31 -> 0 | CM31: =CN31+CO31 -> 0 | CR31: =CS31+CT31 -> 0 | CU31: =CV31+CW31 -> 0 | CZ31: =DA31+DB31 -> 0 | DC31: =DD31+DE31 -> 0 | DH31: =DT31 -> 0 | DI31: =EB31 -> 0 | DJ31: =EJ31 -> 0 | DK31: =ER31 -> 0 | DL31: =EZ31 -> 0 | DN31: =DU31 -> 0 | DO31: =EC31 -> 0 | DP31: =EK31 -> 0 | DQ31: =ES31 -> 0 | DR31: =FA31 -> 0 | DU31: =DV31+DW31 -> 0 | DX31: =DY31+DZ31 -> 0 | EC31: =ED31+EE31 -> 0 | EF31: =EG31+EH31 -> 0 | EK31: =EL31+EM31 -> 0 | EN31: =EO31+EP31 -> 0 | ES31: =ET31+EU31 -> 0 | EV31: =EW31+EX31 -> 0 | FA31: =FB31+FC31 -> 0 | FD31: =FE31+FF31 -> 0 | FI31: =FU31 -> 0 | FJ31: =GC31 -> 0 | FK31: =GK31 -> 0 | FL31: =GS31 -> 0 | FM31: =HA31 -> 0 | FO31: =FV31 -> 0 | FP31: =GD31 -> 0 | FQ31: =GL31 -> 0 | FR31: =GT31 -> 0 | FS31: =HB31 -> 0 | FV31: =FW31+FX31 -> 0 | FY31: =FZ31+GA31 -> 0 | GD31: =GE31+GF31 -> 0 | GG31: =GH31+GI31 -> 0 | GL31: =GM31+GN31 -> 0 | GO31: =GP31+GQ31 -> 0 | GT31: =GU31+GV31 -> 0 | GW31: =GX31+GY31 -> 0 | HB31: =HC31+HD31 -> 0 | HE31: =HF31+HG31 -> 0 | HJ31: =HV31 -> 0 | HK31: =ID31 -> 0 | HL31: =IL31 -> 0 | HM31: =IT31 -> 0 | HN31: =JB31 -> 0 | HP31: =HW31 -> 0 | HQ31: =IE31 -> 0 | HR31: =IM31 -> 0 | HS31: =IU31 -> 0 | HT31: =JC31 -> 0 | HW31: =HX31+HY31 -> 0 | HZ31: =IA31+IB31 -> 0 | IE31: =IF31+IG31 -> 0 | IH31: =II31+IJ31 -> 0 | IM31: =IN31+IO31 -> 0 | IP31: =IQ31+IR31 -> 0 | IU31: =IV31+IW31 -> 0 | IX31: =IY31+IZ31 -> 0 | JC31: =JD31+JE31 -> 0 | JF31: =JG31+JH31 -> 0 | JK31: =JW31 -> 0 | JL31: =KE31 -> 0 | JM31: =KM31 -> 0 | JN31: =KU31 -> 0 | JO31: =LC31 -> 0 | JQ31: =JX31 -> 0 | JR31: =KF31 -> 0 | JS31: =KN31 -> 0 | JT31: =KV31 -> 0 | JU31: =LD31 -> 0 | JX31: =JY31+JZ31 -> 0 | KA31: =KB31+KC31 -> 0 | KF31: =KG31+KH31 -> 0 | KI31: =KJ31+KK31 -> 0 | KN31: =KO31+KP31 -> 0 | KQ31: =KR31+KS31 -> 0 | KV31: =KW31+KX31 -> 0 | KY31: =KZ31+LA31 -> 0 | LD31: =LE31+LF31 -> 0 | LG31: =LH31+LI31 -> 0 | LL31: =LX31 -> 0 | LM31: =MF31 -> 0 | LN31: =MN31 -> 0 | LO31: =MV31 -> 0 | LP31: =ND31 -> 0 | LR31: =LY31 -> 0 | LS31: =MG31 -> 0 | LT31: =MO31 -> 0 | LU31: =MW31 -> 0 | LV31: =NE31 -> 0 | LY31: =LZ31+MA31 -> 0 | MB31: =MC31+MD31 -> 0 | MG31: =MH31+MI31 -> 0 | MJ31: =MK31+ML31 -> 0 | MO31: =MP31+MQ31 -> 0 | MR31: =MS31+MT31 -> 0 | MW31: =MX31+MY31 -> 0 | MZ31: =NA31+NB31 -> 0 | NE31: =NF31+NG31 -> 0 | NH31: =NI31+NJ31 -> 0
B32: 29. | C32: # of farmer groups supported | D32: Regular farmer groups (NOT PIP groups) | J32: =AX32 -> 0 | P32: =AY32 -> 0 | BG32: =BS32 -> 0 | BH32: =CA32 -> 0 | BI32: =CI32 -> 0 | BJ32: =CQ32 -> 0 | BK32: =CY32 -> 0 | BM32: =BT32 -> 0 | BN32: =CB32 -> 0 | BO32: =CJ32 -> 0 | BP32: =CR32 -> 0 | BQ32: =CZ32 -> 0 | DH32: =DT32 -> 0 | DI32: =EB32 -> 0 | DJ32: =EJ32 -> 0 | DK32: =ER32 -> 0 | DL32: =EZ32 -> 0 | DN32: =DU32 -> 0 | DO32: =EC32 -> 0 | DP32: =EK32 -> 0 | DQ32: =ES32 -> 0 | DR32: =FA32 -> 0 | FI32: =FU32 -> 0 | FJ32: =GC32 -> 0 | FK32: =GK32 -> 0 | FL32: =GS32 -> 0 | FM32: =HA32 -> 0 | FO32: =FV32 -> 0 | FP32: =GD32 -> 0 | FQ32: =GL32 -> 0 | FR32: =GT32 -> 0 | FS32: =HB32 -> 0 | HJ32: =HV32 -> 0 | HK32: =ID32 -> 0 | HL32: =IL32 -> 0 | HM32: =IT32 -> 0 | HN32: =JB32 -> 0 | HP32: =HW32 -> 0 | HQ32: =IE32 -> 0 | HR32: =IM32 -> 0 | HS32: =IU32 -> 0 | HT32: =JC32 -> 0 | JK32: =JW32 -> 0 | JL32: =KE32 -> 0 | JM32: =KM32 -> 0 | JN32: =KU32 -> 0 | JO32: =LC32 -> 0 | JQ32: =JX32 -> 0 | JR32: =KF32 -> 0 | JS32: =KN32 -> 0 | JT32: =KV32 -> 0 | JU32: =LD32 -> 0 | LL32: =LX32 -> 0 | LM32: =MF32 -> 0 | LN32: =MN32 -> 0 | LO32: =MV32 -> 0 | LP32: =ND32 -> 0 | LR32: =LY32 -> 0 | LS32: =MG32 -> 0 | LT32: =MO32 -> 0 | LU32: =MW32 -> 0 | LV32: =NE32 -> 0
B33: 30. | C33: # of farmer group MEMBERS IN supported groups | D33: Number of members in project supported regular farmer groups (NOT PIP groups) | J33: =AX33 -> 0 | P33: =AY33 -> 0 | AY33: =AZ33+BA33 -> 0 | BB33: =BC33+BD33 -> 0 | BG33: =BS33 -> 0 | BH33: =CA33 -> 0 | BI33: =CI33 -> 0 | BJ33: =CQ33 -> 0 | BK33: =CY33 -> 0 | BM33: =BT33 -> 0 | BN33: =CB33 -> 0 | BO33: =CJ33 -> 0 | BP33: =CR33 -> 0 | BQ33: =CZ33 -> 0 | BT33: =BU33+BV33 -> 0 | BW33: =BX33+BY33 -> 0 | CB33: =CC33+CD33 -> 0 | CE33: =CF33+CG33 -> 0 | CJ33: =CK33+CL33 -> 0 | CM33: =CN33+CO33 -> 0 | CR33: =CS33+CT33 -> 0 | CU33: =CV33+CW33 -> 0 | CZ33: =DA33+DB33 -> 0 | DC33: =DD33+DE33 -> 0 | DH33: =DT33 -> 0 | DI33: =EB33 -> 0 | DJ33: =EJ33 -> 0 | DK33: =ER33 -> 0 | DL33: =EZ33 -> 0 | DN33: =DU33 -> 0 | DO33: =EC33 -> 0 | DP33: =EK33 -> 0 | DQ33: =ES33 -> 0 | DR33: =FA33 -> 0 | DU33: =DV33+DW33 -> 0 | DX33: =DY33+DZ33 -> 0 | EC33: =ED33+EE33 -> 0 | EF33: =EG33+EH33 -> 0 | EK33: =EL33+EM33 -> 0 | EN33: =EO33+EP33 -> 0 | ES33: =ET33+EU33 -> 0 | EV33: =EW33+EX33 -> 0 | FA33: =FB33+FC33 -> 0 | FD33: =FE33+FF33 -> 0 | FI33: =FU33 -> 0 | FJ33: =GC33 -> 0 | FK33: =GK33 -> 0 | FL33: =GS33 -> 0 | FM33: =HA33 -> 0 | FO33: =FV33 -> 0 | FP33: =GD33 -> 0 | FQ33: =GL33 -> 0 | FR33: =GT33 -> 0 | FS33: =HB33 -> 0 | FV33: =FW33+FX33 -> 0 | FY33: =FZ33+GA33 -> 0 | GD33: =GE33+GF33 -> 0 | GG33: =GH33+GI33 -> 0 | GL33: =GM33+GN33 -> 0 | GO33: =GP33+GQ33 -> 0 | GT33: =GU33+GV33 -> 0 | GW33: =GX33+GY33 -> 0 | HB33: =HC33+HD33 -> 0 | HE33: =HF33+HG33 -> 0 | HJ33: =HV33 -> 0 | HK33: =ID33 -> 0 | HL33: =IL33 -> 0 | HM33: =IT33 -> 0 | HN33: =JB33 -> 0 | HP33: =HW33 -> 0 | HQ33: =IE33 -> 0 | HR33: =IM33 -> 0 | HS33: =IU33 -> 0 | HT33: =JC33 -> 0 | HW33: =HX33+HY33 -> 0 | HZ33: =IA33+IB33 -> 0 | IE33: =IF33+IG33 -> 0 | IH33: =II33+IJ33 -> 0 | IM33: =IN33+IO33 -> 0 | IP33: =IQ33+IR33 -> 0 | IU33: =IV33+IW33 -> 0 | IX33: =IY33+IZ33 -> 0 | JC33: =JD33+JE33 -> 0 | JF33: =JG33+JH33 -> 0 | JK33: =JW33 -> 0 | JL33: =KE33 -> 0 | JM33: =KM33 -> 0 | JN33: =KU33 -> 0 | JO33: =LC33 -> 0 | JQ33: =JX33 -> 0 | JR33: =KF33 -> 0 | JS33: =KN33 -> 0 | JT33: =KV33 -> 0 | JU33: =LD33 -> 0 | JX33: =JY33+JZ33 -> 0 | KA33: =KB33+KC33 -> 0 | KF33: =KG33+KH33 -> 0 | KI33: =KJ33+KK33 -> 0 | KN33: =KO33+KP33 -> 0 | KQ33: =KR33+KS33 -> 0 | KV33: =KW33+KX33 -> 0 | KY33: =KZ33+LA33 -> 0 | LD33: =LE33+LF33 -> 0 | LG33: =LH33+LI33 -> 0 | LL33: =LX33 -> 0 | LM33: =MF33 -> 0 | LN33: =MN33 -> 0 | LO33: =MV33 -> 0 | LP33: =ND33 -> 0 | LR33: =LY33 -> 0 | LS33: =MG33 -> 0 | LT33: =MO33 -> 0 | LU33: =MW33 -> 0 | LV33: =NE33 -> 0 | LY33: =LZ33+MA33 -> 0 | MB33: =MC33+MD33 -> 0 | MG33: =MH33+MI33 -> 0 | MJ33: =MK33+ML33 -> 0 | MO33: =MP33+MQ33 -> 0 | MR33: =MS33+MT33 -> 0 | MW33: =MX33+MY33 -> 0 | MZ33: =NA33+NB33 -> 0 | NE33: =NF33+NG33 -> 0 | NH33: =NI33+NJ33 -> 0
B35: Nr. | C35: Parenting Challenge | D35: Descriptions | F35: Q1 | G35: Q2 | H35: Q3 | I35: Q4 | J35: Total | L35: Q1 | M35: Q2 | N35: Q3 | O35: Q4 | P35: Total | R35: Planning | S35: Actual | T35: Total male | U35: Total female | V35: Total disability | W35: Male with disability | X35: Female with disability | Z35: Planning | AA35: Actual | AB35: Total male | AC35: Total female | AD35: Total disability | AE35: Male with disability | AF35: Female with disability | AH35: Planning | AI35: Actual | AJ35: Total male | AK35: Total female | AL35: Total disability | AM35: Male with disability | AN35: Female with disability | AP35: Planning | AQ35: Actual | AR35: Total male | AS35: Total female | AT35: Total disability | AU35: Male with disability | AV35: Female with disability | AX35: Planning | AY35: Actual | AZ35: Total male | BA35: Total female | BB35: Total disability | BC35: Male with disability | BD35: Female with disability | BG35: Q1 | BH35: Q2 | BI35: Q3 | BJ35: Q4 | BK35: Total | BM35: Q1 | BN35: Q2 | BO35: Q3 | BP35: Q4 | BQ35: Total | BS35: Planning | BT35: Actual | BU35: Total male | BV35: Total female | BW35: Total disability | BX35: Male with disability | BY35: Female with disability | CA35: Planning | CB35: Actual | CC35: Total male | CD35: Total female | CE35: Total disability | CF35: Male with disability | CG35: Female with disability | CI35: Planning | CJ35: Actual | CK35: Total male | CL35: Total female | CM35: Total disability | CN35: Male with disability | CO35: Female with disability | CQ35: Planning | CR35: Actual | CS35: Total male | CT35: Total female | CU35: Total disability | CV35: Male with disability | CW35: Female with disability | CY35: Planning | CZ35: Actual | DA35: Total male | DB35: Total female | DC35: Total disability | DD35: Male with disability | DE35: Female with disability | DH35: Q1 | DI35: Q2 | DJ35: Q3 | DK35: Q4 | DL35: Total | DN35: Q1 | DO35: Q2 | DP35: Q3 | DQ35: Q4 | DR35: Total | DT35: Planning | DU35: Actual | DV35: Total male | DW35: Total female | DX35: Total disability | DY35: Male with disability | DZ35: Female with disability | EB35: Planning | EC35: Actual | ED35: Total male | EE35: Total female | EF35: Total disability | EG35: Male with disability | EH35: Female with disability | EJ35: Planning | EK35: Actual | EL35: Total male | EM35: Total female | EN35: Total disability | EO35: Male with disability | EP35: Female with disability | ER35: Planning | ES35: Actual | ET35: Total male | EU35: Total female | EV35: Total disability | EW35: Male with disability | EX35: Female with disability | EZ35: Planning | FA35: Actual | FB35: Total male | FC35: Total female | FD35: Total disability | FE35: Male with disability | FF35: Female with disability | FI35: Q1 | FJ35: Q2 | FK35: Q3 | FL35: Q4 | FM35: Total | FO35: Q1 | FP35: Q2 | FQ35: Q3 | FR35: Q4 | FS35: Total | FU35: Planning | FV35: Actual | FW35: Total male | FX35: Total female | FY35: Total disability | FZ35: Male with disability | GA35: Female with disability | GC35: Planning | GD35: Actual | GE35: Total male | GF35: Total female | GG35: Total disability | GH35: Male with disability | GI35: Female with disability | GK35: Planning | GL35: Actual | GM35: Total male | GN35: Total female | GO35: Total disability | GP35: Male with disability | GQ35: Female with disability | GS35: Planning | GT35: Actual | GU35: Total male | GV35: Total female | GW35: Total disability | GX35: Male with disability | GY35: Female with disability | HA35: Planning | HB35: Actual | HC35: Total male | HD35: Total female | HE35: Total disability | HF35: Male with disability | HG35: Female with disability | HJ35: Q1 | HK35: Q2 | HL35: Q3 | HM35: Q4 | HN35: Total | HP35: Q1 | HQ35: Q2 | HR35: Q3 | HS35: Q4 | HT35: Total | HV35: Planning | HW35: Actual | HX35: Total male | HY35: Total female | HZ35: Total disability | IA35: Male with disability | IB35: Female with disability | ID35: Planning | IE35: Actual | IF35: Total male | IG35: Total female | IH35: Total disability | II35: Male with disability | IJ35: Female with disability | IL35: Planning | IM35: Actual | IN35: Total male | IO35: Total female | IP35: Total disability | IQ35: Male with disability | IR35: Female with disability | IT35: Planning | IU35: Actual | IV35: Total male | IW35: Total female | IX35: Total disability | IY35: Male with disability | IZ35: Female with disability | JB35: Planning | JC35: Actual | JD35: Total male | JE35: Total female | JF35: Total disability | JG35: Male with disability | JH35: Female with disability | JK35: Q1 | JL35: Q2 | JM35: Q3 | JN35: Q4 | JO35: Total | JQ35: Q1 | JR35: Q2 | JS35: Q3 | JT35: Q4 | JU35: Total | JW35: Planning | JX35: Actual | JY35: Total male | JZ35: Total female | KA35: Total disability | KB35: Male with disability | KC35: Female with disability | KE35: Planning | KF35: Actual | KG35: Total male | KH35: Total female | KI35: Total disability | KJ35: Male with disability | KK35: Female with disability | KM35: Planning | KN35: Actual | KO35: Total male | KP35: Total female | KQ35: Total disability | KR35: Male with disability | KS35: Female with disability | KU35: Planning | KV35: Actual | KW35: Total male | KX35: Total female | KY35: Total disability | KZ35: Male with disability | LA35: Female with disability | LC35: Planning | LD35: Actual | LE35: Total male | LF35: Total female | LG35: Total disability | LH35: Male with disability | LI35: Female with disability | LL35: Q1 | LM35: Q2 | LN35: Q3 | LO35: Q4 | LP35: Total | LR35: Q1 | LS35: Q2 | LT35: Q3 | LU35: Q4 | LV35: Total | LX35: Planning | LY35: Actual | LZ35: Total male | MA35: Total female | MB35: Total disability | MC35: Male with disability | MD35: Female with disability | MF35: Planning | MG35: Actual | MH35: Total male | MI35: Total female | MJ35: Total disability | MK35: Male with disability | ML35: Female with disability | MN35: Planning | MO35: Actual | MP35: Total male | MQ35: Total female | MR35: Total disability | MS35: Male with disability | MT35: Female with disability | MV35: Planning | MW35: Actual | MX35: Total male | MY35: Total female | MZ35: Total disability | NA35: Male with disability | NB35: Female with disability | ND35: Planning | NE35: Actual | NF35: Total male | NG35: Total female | NH35: Total disability | NI35: Male with disability | NJ35: Female with disability
B36: 46. | C36: # of Parenting Challenge groups trained this year | J36: =AX36 -> 0 | P36: =AY36 -> 0 | BG36: =BS36 -> 0 | BH36: =CA36 -> 0 | BI36: =CI36 -> 0 | BJ36: =CQ36 -> 0 | BK36: =CY36 -> 0 | BM36: =BT36 -> 0 | BN36: =CB36 -> 0 | BO36: =CJ36 -> 0 | BP36: =CR36 -> 0 | BQ36: =CZ36 -> 0 | DH36: =DT36 -> 0 | DI36: =EB36 -> 0 | DJ36: =EJ36 -> 0 | DK36: =ER36 -> 0 | DL36: =EZ36 -> 0 | DN36: =DU36 -> 0 | DO36: =EC36 -> 0 | DP36: =EK36 -> 0 | DQ36: =ES36 -> 0 | DR36: =FA36 -> 0 | FI36: =FU36 -> 0 | FJ36: =GC36 -> 0 | FK36: =GK36 -> 0 | FL36: =GS36 -> 0 | FM36: =HA36 -> 0 | FO36: =FV36 -> 0 | FP36: =GD36 -> 0 | FQ36: =GL36 -> 0 | FR36: =GT36 -> 0 | FS36: =HB36 -> 0 | HJ36: =HV36 -> 0 | HK36: =ID36 -> 0 | HL36: =IL36 -> 0 | HM36: =IT36 -> 0 | HN36: =JB36 -> 0 | HP36: =HW36 -> 0 | HQ36: =IE36 -> 0 | HR36: =IM36 -> 0 | HS36: =IU36 -> 0 | HT36: =JC36 -> 0 | JK36: =JW36 -> 0 | JL36: =KE36 -> 0 | JM36: =KM36 -> 0 | JN36: =KU36 -> 0 | JO36: =LC36 -> 0 | JQ36: =JX36 -> 0 | JR36: =KF36 -> 0 | JS36: =KN36 -> 0 | JT36: =KV36 -> 0 | JU36: =LD36 -> 0 | LL36: =LX36 -> 0 | LM36: =MF36 -> 0 | LN36: =MN36 -> 0 | LO36: =MV36 -> 0 | LP36: =ND36 -> 0 | LR36: =LY36 -> 0 | LS36: =MG36 -> 0 | LT36: =MO36 -> 0 | LU36: =MW36 -> 0 | LV36: =NE36 -> 0
B37: 3. | C37: # of parents trained in the Parenting Challenge this year | J37: =AX37 -> 0 | P37: =AY37 -> 0 | AY37: =AZ37+BA37 -> 0 | BB37: =BC37+BD37 -> 0 | BG37: =BS37 -> 0 | BH37: =CA37 -> 0 | BI37: =CI37 -> 0 | BJ37: =CQ37 -> 0 | BK37: =CY37 -> 0 | BM37: =BT37 -> 0 | BN37: =CB37 -> 0 | BO37: =CJ37 -> 0 | BP37: =CR37 -> 0 | BQ37: =CZ37 -> 0 | BT37: =BU37+BV37 -> 0 | BW37: =BX37+BY37 -> 0 | CB37: =CC37+CD37 -> 0 | CE37: =CF37+CG37 -> 0 | CJ37: =CK37+CL37 -> 0 | CM37: =CN37+CO37 -> 0 | CR37: =CS37+CT37 -> 0 | CU37: =CV37+CW37 -> 0 | CZ37: =DA37+DB37 -> 0 | DC37: =DD37+DE37 -> 0 | DH37: =DT37 -> 0 | DI37: =EB37 -> 0 | DJ37: =EJ37 -> 0 | DK37: =ER37 -> 0 | DL37: =EZ37 -> 0 | DN37: =DU37 -> 0 | DO37: =EC37 -> 0 | DP37: =EK37 -> 0 | DQ37: =ES37 -> 0 | DR37: =FA37 -> 0 | DU37: =DV37+DW37 -> 0 | DX37: =DY37+DZ37 -> 0 | EC37: =ED37+EE37 -> 0 | EF37: =EG37+EH37 -> 0 | EK37: =EL37+EM37 -> 0 | EN37: =EO37+EP37 -> 0 | ES37: =ET37+EU37 -> 0 | EV37: =EW37+EX37 -> 0 | FA37: =FB37+FC37 -> 0 | FD37: =FE37+FF37 -> 0 | FI37: =FU37 -> 0 | FJ37: =GC37 -> 0 | FK37: =GK37 -> 0 | FL37: =GS37 -> 0 | FM37: =HA37 -> 0 | FO37: =FV37 -> 0 | FP37: =GD37 -> 0 | FQ37: =GL37 -> 0 | FR37: =GT37 -> 0 | FS37: =HB37 -> 0 | FV37: =FW37+FX37 -> 0 | FY37: =FZ37+GA37 -> 0 | GD37: =GE37+GF37 -> 0 | GG37: =GH37+GI37 -> 0 | GL37: =GM37+GN37 -> 0 | GO37: =GP37+GQ37 -> 0 | GT37: =GU37+GV37 -> 0 | GW37: =GX37+GY37 -> 0 | HB37: =HC37+HD37 -> 0 | HE37: =HF37+HG37 -> 0 | HJ37: =HV37 -> 0 | HK37: =ID37 -> 0 | HL37: =IL37 -> 0 | HM37: =IT37 -> 0 | HN37: =JB37 -> 0 | HP37: =HW37 -> 0 | HQ37: =IE37 -> 0 | HR37: =IM37 -> 0 | HS37: =IU37 -> 0 | HT37: =JC37 -> 0 | HW37: =HX37+HY37 -> 0 | HZ37: =IA37+IB37 -> 0 | IE37: =IF37+IG37 -> 0 | IH37: =II37+IJ37 -> 0 | IM37: =IN37+IO37 -> 0 | IP37: =IQ37+IR37 -> 0 | IU37: =IV37+IW37 -> 0 | IX37: =IY37+IZ37 -> 0 | JC37: =JD37+JE37 -> 0 | JF37: =JG37+JH37 -> 0 | JK37: =JW37 -> 0 | JL37: =KE37 -> 0 | JM37: =KM37 -> 0 | JN37: =KU37 -> 0 | JO37: =LC37 -> 0 | JQ37: =JX37 -> 0 | JR37: =KF37 -> 0 | JS37: =KN37 -> 0 | JT37: =KV37 -> 0 | JU37: =LD37 -> 0 | JX37: =JY37+JZ37 -> 0 | KA37: =KB37+KC37 -> 0 | KF37: =KG37+KH37 -> 0 | KI37: =KJ37+KK37 -> 0 | KN37: =KO37+KP37 -> 0 | KQ37: =KR37+KS37 -> 0 | KV37: =KW37+KX37 -> 0 | KY37: =KZ37+LA37 -> 0 | LD37: =LE37+LF37 -> 0 | LG37: =LH37+LI37 -> 0 | LL37: =LX37 -> 0 | LM37: =MF37 -> 0 | LN37: =MN37 -> 0 | LO37: =MV37 -> 0 | LP37: =ND37 -> 0 | LR37: =LY37 -> 0 | LS37: =MG37 -> 0 | LT37: =MO37 -> 0 | LU37: =MW37 -> 0 | LV37: =NE37 -> 0 | LY37: =LZ37+MA37 -> 0 | MB37: =MC37+MD37 -> 0 | MG37: =MH37+MI37 -> 0 | MJ37: =MK37+ML37 -> 0 | MO37: =MP37+MQ37 -> 0 | MR37: =MS37+MT37 -> 0 | MW37: =MX37+MY37 -> 0 | MZ37: =NA37+NB37 -> 0 | NE37: =NF37+NG37 -> 0 | NH37: =NI37+NJ37 -> 0
B38: 62. | C38: Total # of children of parents that participated in the Parenting Challenge | D38: The total number of children (0-17) of the parents who joined the Parenting Challenge | J38: =AX38 -> 0 | P38: =AY38 -> 0 | AY38: =AZ38+BA38 -> 0 | BB38: =BC38+BD38 -> 0 | BG38: =BS38 -> 0 | BH38: =CA38 -> 0 | BI38: =CI38 -> 0 | BJ38: =CQ38 -> 0 | BK38: =CY38 -> 0 | BM38: =BT38 -> 0 | BN38: =CB38 -> 0 | BO38: =CJ38 -> 0 | BP38: =CR38 -> 0 | BQ38: =CZ38 -> 0 | BT38: =BU38+BV38 -> 0 | BW38: =BX38+BY38 -> 0 | CB38: =CC38+CD38 -> 0 | CE38: =CF38+CG38 -> 0 | CJ38: =CK38+CL38 -> 0 | CM38: =CN38+CO38 -> 0 | CR38: =CS38+CT38 -> 0 | CU38: =CV38+CW38 -> 0 | CZ38: =DA38+DB38 -> 0 | DC38: =DD38+DE38 -> 0 | DH38: =DT38 -> 0 | DI38: =EB38 -> 0 | DJ38: =EJ38 -> 0 | DK38: =ER38 -> 0 | DL38: =EZ38 -> 0 | DN38: =DU38 -> 0 | DO38: =EC38 -> 0 | DP38: =EK38 -> 0 | DQ38: =ES38 -> 0 | DR38: =FA38 -> 0 | DU38: =DV38+DW38 -> 0 | DX38: =DY38+DZ38 -> 0 | EC38: =ED38+EE38 -> 0 | EF38: =EG38+EH38 -> 0 | EK38: =EL38+EM38 -> 0 | EN38: =EO38+EP38 -> 0 | ES38: =ET38+EU38 -> 0 | EV38: =EW38+EX38 -> 0 | FA38: =FB38+FC38 -> 0 | FD38: =FE38+FF38 -> 0 | FI38: =FU38 -> 0 | FJ38: =GC38 -> 0 | FK38: =GK38 -> 0 | FL38: =GS38 -> 0 | FM38: =HA38 -> 0 | FO38: =FV38 -> 0 | FP38: =GD38 -> 0 | FQ38: =GL38 -> 0 | FR38: =GT38 -> 0 | FS38: =HB38 -> 0 | FV38: =FW38+FX38 -> 0 | FY38: =FZ38+GA38 -> 0 | GD38: =GE38+GF38 -> 0 | GG38: =GH38+GI38 -> 0 | GL38: =GM38+GN38 -> 0 | GO38: =GP38+GQ38 -> 0 | GT38: =GU38+GV38 -> 0 | GW38: =GX38+GY38 -> 0 | HB38: =HC38+HD38 -> 0 | HE38: =HF38+HG38 -> 0 | HJ38: =HV38 -> 0 | HK38: =ID38 -> 0 | HL38: =IL38 -> 0 | HM38: =IT38 -> 0 | HN38: =JB38 -> 0 | HP38: =HW38 -> 0 | HQ38: =IE38 -> 0 | HR38: =IM38 -> 0 | HS38: =IU38 -> 0 | HT38: =JC38 -> 0 | HW38: =HX38+HY38 -> 0 | HZ38: =IA38+IB38 -> 0 | IE38: =IF38+IG38 -> 0 | IH38: =II38+IJ38 -> 0 | IM38: =IN38+IO38 -> 0 | IP38: =IQ38+IR38 -> 0 | IU38: =IV38+IW38 -> 0 | IX38: =IY38+IZ38 -> 0 | JC38: =JD38+JE38 -> 0 | JF38: =JG38+JH38 -> 0 | JK38: =JW38 -> 0 | JL38: =KE38 -> 0 | JM38: =KM38 -> 0 | JN38: =KU38 -> 0 | JO38: =LC38 -> 0 | JQ38: =JX38 -> 0 | JR38: =KF38 -> 0 | JS38: =KN38 -> 0 | JT38: =KV38 -> 0 | JU38: =LD38 -> 0 | JX38: =JY38+JZ38 -> 0 | KA38: =KB38+KC38 -> 0 | KF38: =KG38+KH38 -> 0 | KI38: =KJ38+KK38 -> 0 | KN38: =KO38+KP38 -> 0 | KQ38: =KR38+KS38 -> 0 | KV38: =KW38+KX38 -> 0 | KY38: =KZ38+LA38 -> 0 | LD38: =LE38+LF38 -> 0 | LG38: =LH38+LI38 -> 0 | LL38: =LX38 -> 0 | LM38: =MF38 -> 0 | LN38: =MN38 -> 0 | LO38: =MV38 -> 0 | LP38: =ND38 -> 0 | LR38: =LY38 -> 0 | LS38: =MG38 -> 0 | LT38: =MO38 -> 0 | LU38: =MW38 -> 0 | LV38: =NE38 -> 0 | LY38: =LZ38+MA38 -> 0 | MB38: =MC38+MD38 -> 0 | MG38: =MH38+MI38 -> 0 | MJ38: =MK38+ML38 -> 0 | MO38: =MP38+MQ38 -> 0 | MR38: =MS38+MT38 -> 0 | MW38: =MX38+MY38 -> 0 | MZ38: =NA38+NB38 -> 0 | NE38: =NF38+NG38 -> 0 | NH38: =NI38+NJ38 -> 0
B39: 63. | C39: Total # of Parenting Challenge sessions/ meetings held this year | D39: This is the sum of all sessions held this year for all Parenting Challenge groups together. E.g. if 30 groups that started early in the year have had 8 sessions per group in year X and 10 groups that started late in the same year have had only 4 sessions yet, but will continue the year after, than the total number of sessions held is 30×8 + 10×4 = 280 | J39: =AX39 -> 0 | P39: =AY39 -> 0 | BG39: =BS39 -> 0 | BH39: =CA39 -> 0 | BI39: =CI39 -> 0 | BJ39: =CQ39 -> 0 | BK39: =CY39 -> 0 | BM39: =BT39 -> 0 | BN39: =CB39 -> 0 | BO39: =CJ39 -> 0 | BP39: =CR39 -> 0 | BQ39: =CZ39 -> 0 | DH39: =DT39 -> 0 | DI39: =EB39 -> 0 | DJ39: =EJ39 -> 0 | DK39: =ER39 -> 0 | DL39: =EZ39 -> 0 | DN39: =DU39 -> 0 | DO39: =EC39 -> 0 | DP39: =EK39 -> 0 | DQ39: =ES39 -> 0 | DR39: =FA39 -> 0 | FI39: =FU39 -> 0 | FJ39: =GC39 -> 0 | FK39: =GK39 -> 0 | FL39: =GS39 -> 0 | FM39: =HA39 -> 0 | FO39: =FV39 -> 0 | FP39: =GD39 -> 0 | FQ39: =GL39 -> 0 | FR39: =GT39 -> 0 | FS39: =HB39 -> 0 | HJ39: =HV39 -> 0 | HK39: =ID39 -> 0 | HL39: =IL39 -> 0 | HM39: =IT39 -> 0 | HN39: =JB39 -> 0 | HP39: =HW39 -> 0 | HQ39: =IE39 -> 0 | HR39: =IM39 -> 0 | HS39: =IU39 -> 0 | HT39: =JC39 -> 0 | JK39: =JW39 -> 0 | JL39: =KE39 -> 0 | JM39: =KM39 -> 0 | JN39: =KU39 -> 0 | JO39: =LC39 -> 0 | JQ39: =JX39 -> 0 | JR39: =KF39 -> 0 | JS39: =KN39 -> 0 | JT39: =KV39 -> 0 | JU39: =LD39 -> 0 | LL39: =LX39 -> 0 | LM39: =MF39 -> 0 | LN39: =MN39 -> 0 | LO39: =MV39 -> 0 | LP39: =ND39 -> 0 | LR39: =LY39 -> 0 | LS39: =MG39 -> 0 | LT39: =MO39 -> 0 | LU39: =MW39 -> 0 | LV39: =NE39 -> 0
B40: 64. | C40: Total # of parents that dropped out of the Parenting Challenge | D40: Number of parents who joined the Parenting Challenge at the start, but stopped/dropped out later before finishing | J40: =AX40 -> 0 | P40: =AY40 -> 0 | AY40: =AZ40+BA40 -> 0 | BB40: =BC40+BD40 -> 0 | BG40: =BS40 -> 0 | BH40: =CA40 -> 0 | BI40: =CI40 -> 0 | BJ40: =CQ40 -> 0 | BK40: =CY40 -> 0 | BM40: =BT40 -> 0 | BN40: =CB40 -> 0 | BO40: =CJ40 -> 0 | BP40: =CR40 -> 0 | BQ40: =CZ40 -> 0 | BT40: =BU40+BV40 -> 0 | BW40: =BX40+BY40 -> 0 | CB40: =CC40+CD40 -> 0 | CE40: =CF40+CG40 -> 0 | CJ40: =CK40+CL40 -> 0 | CM40: =CN40+CO40 -> 0 | CR40: =CS40+CT40 -> 0 | CU40: =CV40+CW40 -> 0 | CZ40: =DA40+DB40 -> 0 | DC40: =DD40+DE40 -> 0 | DH40: =DT40 -> 0 | DI40: =EB40 -> 0 | DJ40: =EJ40 -> 0 | DK40: =ER40 -> 0 | DL40: =EZ40 -> 0 | DN40: =DU40 -> 0 | DO40: =EC40 -> 0 | DP40: =EK40 -> 0 | DQ40: =ES40 -> 0 | DR40: =FA40 -> 0 | DU40: =DV40+DW40 -> 0 | DX40: =DY40+DZ40 -> 0 | EC40: =ED40+EE40 -> 0 | EF40: =EG40+EH40 -> 0 | EK40: =EL40+EM40 -> 0 | EN40: =EO40+EP40 -> 0 | ES40: =ET40+EU40 -> 0 | EV40: =EW40+EX40 -> 0 | FA40: =FB40+FC40 -> 0 | FD40: =FE40+FF40 -> 0 | FI40: =FU40 -> 0 | FJ40: =GC40 -> 0 | FK40: =GK40 -> 0 | FL40: =GS40 -> 0 | FM40: =HA40 -> 0 | FO40: =FV40 -> 0 | FP40: =GD40 -> 0 | FQ40: =GL40 -> 0 | FR40: =GT40 -> 0 | FS40: =HB40 -> 0 | FV40: =FW40+FX40 -> 0 | FY40: =FZ40+GA40 -> 0 | GD40: =GE40+GF40 -> 0 | GG40: =GH40+GI40 -> 0 | GL40: =GM40+GN40 -> 0 | GO40: =GP40+GQ40 -> 0 | GT40: =GU40+GV40 -> 0 | GW40: =GX40+GY40 -> 0 | HB40: =HC40+HD40 -> 0 | HE40: =HF40+HG40 -> 0 | HJ40: =HV40 -> 0 | HK40: =ID40 -> 0 | HL40: =IL40 -> 0 | HM40: =IT40 -> 0 | HN40: =JB40 -> 0 | HP40: =HW40 -> 0 | HQ40: =IE40 -> 0 | HR40: =IM40 -> 0 | HS40: =IU40 -> 0 | HT40: =JC40 -> 0 | HW40: =HX40+HY40 -> 0 | HZ40: =IA40+IB40 -> 0 | IE40: =IF40+IG40 -> 0 | IH40: =II40+IJ40 -> 0 | IM40: =IN40+IO40 -> 0 | IP40: =IQ40+IR40 -> 0 | IU40: =IV40+IW40 -> 0 | IX40: =IY40+IZ40 -> 0 | JC40: =JD40+JE40 -> 0 | JF40: =JG40+JH40 -> 0 | JK40: =JW40 -> 0 | JL40: =KE40 -> 0 | JM40: =KM40 -> 0 | JN40: =KU40 -> 0 | JO40: =LC40 -> 0 | JQ40: =JX40 -> 0 | JR40: =KF40 -> 0 | JS40: =KN40 -> 0 | JT40: =KV40 -> 0 | JU40: =LD40 -> 0 | JX40: =JY40+JZ40 -> 0 | KA40: =KB40+KC40 -> 0 | KF40: =KG40+KH40 -> 0 | KI40: =KJ40+KK40 -> 0 | KN40: =KO40+KP40 -> 0 | KQ40: =KR40+KS40 -> 0 | KV40: =KW40+KX40 -> 0 | KY40: =KZ40+LA40 -> 0 | LD40: =LE40+LF40 -> 0 | LG40: =LH40+LI40 -> 0 | LL40: =LX40 -> 0 | LM40: =MF40 -> 0 | LN40: =MN40 -> 0 | LO40: =MV40 -> 0 | LP40: =ND40 -> 0 | LR40: =LY40 -> 0 | LS40: =MG40 -> 0 | LT40: =MO40 -> 0 | LU40: =MW40 -> 0 | LV40: =NE40 -> 0 | LY40: =LZ40+MA40 -> 0 | MB40: =MC40+MD40 -> 0 | MG40: =MH40+MI40 -> 0 | MJ40: =MK40+ML40 -> 0 | MO40: =MP40+MQ40 -> 0 | MR40: =MS40+MT40 -> 0 | MW40: =MX40+MY40 -> 0 | MZ40: =NA40+NB40 -> 0 | NE40: =NF40+NG40 -> 0 | NH40: =NI40+NJ40 -> 0
C41: Parenting Challenge drop out rate | D41: Parents dropped out divided by parents trained in the Parenting Challenge | P41: =AY41 | AY41: =IFERROR(AY40/AY37,"") | AZ41: =IFERROR(AZ40/AZ37,"") | BA41: =IFERROR(BA40/BA37,"") | BB41: =IFERROR(BB40/BB37,"") | BC41: =IFERROR(BC40/BC37,"") | BD41: =IFERROR(BD40/BD37,"") | BM41: =BT41 | BN41: =CB41 | BO41: =CJ41 | BP41: =CR41 | BQ41: =CZ41 | BT41: =IFERROR(BT40/BT37,"") | BU41: =IFERROR(BU40/BU37,"") | BV41: =IFERROR(BV40/BV37,"") | BW41: =IFERROR(BW40/BW37,"") | BX41: =IFERROR(BX40/BX37,"") | BY41: =IFERROR(BY40/BY37,"") | CB41: =IFERROR(CB40/CB37,"") | CC41: =IFERROR(CC40/CC37,"") | CD41: =IFERROR(CD40/CD37,"") | CE41: =IFERROR(CE40/CE37,"") | CF41: =IFERROR(CF40/CF37,"") | CG41: =IFERROR(CG40/CG37,"") | CJ41: =IFERROR(CJ40/CJ37,"") | CK41: =IFERROR(CK40/CK37,"") | CL41: =IFERROR(CL40/CL37,"") | CM41: =IFERROR(CM40/CM37,"") | CN41: =IFERROR(CN40/CN37,"") | CO41: =IFERROR(CO40/CO37,"") | CR41: =IFERROR(CR40/CR37,"") | CS41: =IFERROR(CS40/CS37,"") | CT41: =IFERROR(CT40/CT37,"") | CU41: =IFERROR(CU40/CU37,"") | CV41: =IFERROR(CV40/CV37,"") | CW41: =IFERROR(CW40/CW37,"") | CZ41: =IFERROR(CZ40/CZ37,"") | DA41: =IFERROR(DA40/DA37,"") | DB41: =IFERROR(DB40/DB37,"") | DC41: =IFERROR(DC40/DC37,"") | DD41: =IFERROR(DD40/DD37,"") | DE41: =IFERROR(DE40/DE37,"") | DN41: =DU41 | DO41: =EC41 | DP41: =EK41 | DQ41: =ES41 | DR41: =FA41 | DU41: =IFERROR(DU40/DU37,"") | DV41: =IFERROR(DV40/DV37,"") | DW41: =IFERROR(DW40/DW37,"") | DX41: =IFERROR(DX40/DX37,"") | DY41: =IFERROR(DY40/DY37,"") | DZ41: =IFERROR(DZ40/DZ37,"") | EC41: =IFERROR(EC40/EC37,"") | ED41: =IFERROR(ED40/ED37,"") | EE41: =IFERROR(EE40/EE37,"") | EF41: =IFERROR(EF40/EF37,"") | EG41: =IFERROR(EG40/EG37,"") | EH41: =IFERROR(EH40/EH37,"") | EK41: =IFERROR(EK40/EK37,"") | EL41: =IFERROR(EL40/EL37,"") | EM41: =IFERROR(EM40/EM37,"") | EN41: =IFERROR(EN40/EN37,"") | EO41: =IFERROR(EO40/EO37,"") | EP41: =IFERROR(EP40/EP37,"") | ES41: =IFERROR(ES40/ES37,"") | ET41: =IFERROR(ET40/ET37,"") | EU41: =IFERROR(EU40/EU37,"") | EV41: =IFERROR(EV40/EV37,"") | EW41: =IFERROR(EW40/EW37,"") | EX41: =IFERROR(EX40/EX37,"") | FA41: =IFERROR(FA40/FA37,"") | FB41: =IFERROR(FB40/FB37,"") | FC41: =IFERROR(FC40/FC37,"") | FD41: =IFERROR(FD40/FD37,"") | FE41: =IFERROR(FE40/FE37,"") | FF41: =IFERROR(FF40/FF37,"") | FO41: =FV41 | FP41: =GD41 | FQ41: =GL41 | FR41: =GT41 | FS41: =HB41 | FV41: =IFERROR(FV40/FV37,"") | FW41: =IFERROR(FW40/FW37,"") | FX41: =IFERROR(FX40/FX37,"") | FY41: =IFERROR(FY40/FY37,"") | FZ41: =IFERROR(FZ40/FZ37,"") | GA41: =IFERROR(GA40/GA37,"") | GD41: =IFERROR(GD40/GD37,"") | GE41: =IFERROR(GE40/GE37,"") | GF41: =IFERROR(GF40/GF37,"") | GG41: =IFERROR(GG40/GG37,"") | GH41: =IFERROR(GH40/GH37,"") | GI41: =IFERROR(GI40/GI37,"") | GL41: =IFERROR(GL40/GL37,"") | GM41: =IFERROR(GM40/GM37,"") | GN41: =IFERROR(GN40/GN37,"") | GO41: =IFERROR(GO40/GO37,"") | GP41: =IFERROR(GP40/GP37,"") | GQ41: =IFERROR(GQ40/GQ37,"") | GT41: =IFERROR(GT40/GT37,"") | GU41: =IFERROR(GU40/GU37,"") | GV41: =IFERROR(GV40/GV37,"") | GW41: =IFERROR(GW40/GW37,"") | GX41: =IFERROR(GX40/GX37,"") | GY41: =IFERROR(GY40/GY37,"") | HB41: =IFERROR(HB40/HB37,"") | HC41: =IFERROR(HC40/HC37,"") | HD41: =IFERROR(HD40/HD37,"") | HE41: =IFERROR(HE40/HE37,"") | HF41: =IFERROR(HF40/HF37,"") | HG41: =IFERROR(HG40/HG37,"") | HP41: =HW41 | HQ41: =IE41 | HR41: =IM41 | HS41: =IU41 | HT41: =JC41 | HW41: =IFERROR(HW40/HW37,"") | HX41: =IFERROR(HX40/HX37,"") | HY41: =IFERROR(HY40/HY37,"") | HZ41: =IFERROR(HZ40/HZ37,"") | IA41: =IFERROR(IA40/IA37,"") | IB41: =IFERROR(IB40/IB37,"") | IE41: =IFERROR(IE40/IE37,"") | IF41: =IFERROR(IF40/IF37,"") | IG41: =IFERROR(IG40/IG37,"") | IH41: =IFERROR(IH40/IH37,"") | II41: =IFERROR(II40/II37,"") | IJ41: =IFERROR(IJ40/IJ37,"") | IM41: =IFERROR(IM40/IM37,"") | IN41: =IFERROR(IN40/IN37,"") | IO41: =IFERROR(IO40/IO37,"") | IP41: =IFERROR(IP40/IP37,"") | IQ41: =IFERROR(IQ40/IQ37,"") | IR41: =IFERROR(IR40/IR37,"") | IU41: =IFERROR(IU40/IU37,"") | IV41: =IFERROR(IV40/IV37,"") | IW41: =IFERROR(IW40/IW37,"") | IX41: =IFERROR(IX40/IX37,"") | IY41: =IFERROR(IY40/IY37,"") | IZ41: =IFERROR(IZ40/IZ37,"") | JC41: =IFERROR(JC40/JC37,"") | JD41: =IFERROR(JD40/JD37,"") | JE41: =IFERROR(JE40/JE37,"") | JF41: =IFERROR(JF40/JF37,"") | JG41: =IFERROR(JG40/JG37,"") | JH41: =IFERROR(JH40/JH37,"") | JQ41: =JX41 | JR41: =KF41 | JS41: =KN41 | JT41: =KV41 | JU41: =LD41 | JX41: =IFERROR(JX40/JX37,"") | JY41: =IFERROR(JY40/JY37,"") | JZ41: =IFERROR(JZ40/JZ37,"") | KA41: =IFERROR(KA40/KA37,"") | KB41: =IFERROR(KB40/KB37,"") | KC41: =IFERROR(KC40/KC37,"") | KF41: =IFERROR(KF40/KF37,"") | KG41: =IFERROR(KG40/KG37,"") | KH41: =IFERROR(KH40/KH37,"") | KI41: =IFERROR(KI40/KI37,"") | KJ41: =IFERROR(KJ40/KJ37,"") | KK41: =IFERROR(KK40/KK37,"") | KN41: =IFERROR(KN40/KN37,"") | KO41: =IFERROR(KO40/KO37,"") | KP41: =IFERROR(KP40/KP37,"") | KQ41: =IFERROR(KQ40/KQ37,"") | KR41: =IFERROR(KR40/KR37,"") | KS41: =IFERROR(KS40/KS37,"") | KV41: =IFERROR(KV40/KV37,"") | KW41: =IFERROR(KW40/KW37,"") | KX41: =IFERROR(KX40/KX37,"") | KY41: =IFERROR(KY40/KY37,"") | KZ41: =IFERROR(KZ40/KZ37,"") | LA41: =IFERROR(LA40/LA37,"") | LD41: =IFERROR(LD40/LD37,"") | LE41: =IFERROR(LE40/LE37,"") | LF41: =IFERROR(LF40/LF37,"") | LG41: =IFERROR(LG40/LG37,"") | LH41: =IFERROR(LH40/LH37,"") | LI41: =IFERROR(LI40/LI37,"") | LR41: =LY41 | LS41: =MG41 | LT41: =MO41 | LU41: =MW41 | LV41: =NE41 | LY41: =IFERROR(LY40/LY37,"") | LZ41: =IFERROR(LZ40/LZ37,"") | MA41: =IFERROR(MA40/MA37,"") | MB41: =IFERROR(MB40/MB37,"") | MC41: =IFERROR(MC40/MC37,"") | MD41: =IFERROR(MD40/MD37,"") | MG41: =IFERROR(MG40/MG37,"") | MH41: =IFERROR(MH40/MH37,"") | MI41: =IFERROR(MI40/MI37,"") | MJ41: =IFERROR(MJ40/MJ37,"") | MK41: =IFERROR(MK40/MK37,"") | ML41: =IFERROR(ML40/ML37,"") | MO41: =IFERROR(MO40/MO37,"") | MP41: =IFERROR(MP40/MP37,"") | MQ41: =IFERROR(MQ40/MQ37,"") | MR41: =IFERROR(MR40/MR37,"") | MS41: =IFERROR(MS40/MS37,"") | MT41: =IFERROR(MT40/MT37,"") | MW41: =IFERROR(MW40/MW37,"") | MX41: =IFERROR(MX40/MX37,"") | MY41: =IFERROR(MY40/MY37,"") | MZ41: =IFERROR(MZ40/MZ37,"") | NA41: =IFERROR(NA40/NA37,"") | NB41: =IFERROR(NB40/NB37,"") | NE41: =IFERROR(NE40/NE37,"") | NF41: =IFERROR(NF40/NF37,"") | NG41: =IFERROR(NG40/NG37,"") | NH41: =IFERROR(NH40/NH37,"") | NI41: =IFERROR(NI40/NI37,"") | NJ41: =IFERROR(NJ40/NJ37,"")
C42: Average group size | D42: Parents trained in the Parenting Challenge divided by the number of groups | J42: =AX42 | P42: =AY42 | AX42: =IFERROR(AX37/AX36,"") | AY42: =IFERROR(AY37/AY36,"") | BG42: =BS42 | BH42: =CA42 | BI42: =CI42 | BJ42: =CQ42 | BK42: =CY42 | BM42: =BT42 | BN42: =CB42 | BO42: =CJ42 | BP42: =CR42 | BQ42: =CZ42 | BS42: =IFERROR(BS37/BS36,"") | BT42: =IFERROR(BT37/BT36,"") | CA42: =IFERROR(CA37/CA36,"") | CB42: =IFERROR(CB37/CB36,"") | CI42: =IFERROR(CI37/CI36,"") | CJ42: =IFERROR(CJ37/CJ36,"") | CQ42: =IFERROR(CQ37/CQ36,"") | CR42: =IFERROR(CR37/CR36,"") | CY42: =IFERROR(CY37/CY36,"") | CZ42: =IFERROR(CZ37/CZ36,"") | DH42: =DT42 | DI42: =EB42 | DJ42: =EJ42 | DK42: =ER42 | DL42: =EZ42 | DN42: =DU42 | DO42: =EC42 | DP42: =EK42 | DQ42: =ES42 | DR42: =FA42 | DT42: =IFERROR(DT37/DT36,"") | DU42: =IFERROR(DU37/DU36,"") | EB42: =IFERROR(EB37/EB36,"") | EC42: =IFERROR(EC37/EC36,"") | EJ42: =IFERROR(EJ37/EJ36,"") | EK42: =IFERROR(EK37/EK36,"") | ER42: =IFERROR(ER37/ER36,"") | ES42: =IFERROR(ES37/ES36,"") | EZ42: =IFERROR(EZ37/EZ36,"") | FA42: =IFERROR(FA37/FA36,"") | FI42: =FU42 | FJ42: =GC42 | FK42: =GK42 | FL42: =GS42 | FM42: =HA42 | FO42: =FV42 | FP42: =GD42 | FQ42: =GL42 | FR42: =GT42 | FS42: =HB42 | FU42: =IFERROR(FU37/FU36,"") | FV42: =IFERROR(FV37/FV36,"") | GC42: =IFERROR(GC37/GC36,"") | GD42: =IFERROR(GD37/GD36,"") | GK42: =IFERROR(GK37/GK36,"") | GL42: =IFERROR(GL37/GL36,"") | GS42: =IFERROR(GS37/GS36,"") | GT42: =IFERROR(GT37/GT36,"") | HA42: =IFERROR(HA37/HA36,"") | HB42: =IFERROR(HB37/HB36,"") | HJ42: =HV42 | HK42: =ID42 | HL42: =IL42 | HM42: =IT42 | HN42: =JB42 | HP42: =HW42 | HQ42: =IE42 | HR42: =IM42 | HS42: =IU42 | HT42: =JC42 | HV42: =IFERROR(HV37/HV36,"") | HW42: =IFERROR(HW37/HW36,"") | ID42: =IFERROR(ID37/ID36,"") | IE42: =IFERROR(IE37/IE36,"") | IL42: =IFERROR(IL37/IL36,"") | IM42: =IFERROR(IM37/IM36,"") | IT42: =IFERROR(IT37/IT36,"") | IU42: =IFERROR(IU37/IU36,"") | JB42: =IFERROR(JB37/JB36,"") | JC42: =IFERROR(JC37/JC36,"") | JK42: =JW42 | JL42: =KE42 | JM42: =KM42 | JN42: =KU42 | JO42: =LC42 | JQ42: =JX42 | JR42: =KF42 | JS42: =KN42 | JT42: =KV42 | JU42: =LD42 | JW42: =IFERROR(JW37/JW36,"") | JX42: =IFERROR(JX37/JX36,"") | KE42: =IFERROR(KE37/KE36,"") | KF42: =IFERROR(KF37/KF36,"") | KM42: =IFERROR(KM37/KM36,"") | KN42: =IFERROR(KN37/KN36,"") | KU42: =IFERROR(KU37/KU36,"") | KV42: =IFERROR(KV37/KV36,"") | LC42: =IFERROR(LC37/LC36,"") | LD42: =IFERROR(LD37/LD36,"") | LL42: =LX42 | LM42: =MF42 | LN42: =MN42 | LO42: =MV42 | LP42: =ND42 | LR42: =LY42 | LS42: =MG42 | LT42: =MO42 | LU42: =MW42 | LV42: =NE42 | LX42: =IFERROR(LX37/LX36,"") | LY42: =IFERROR(LY37/LY36,"") | MF42: =IFERROR(MF37/MF36,"") | MG42: =IFERROR(MG37/MG36,"") | MN42: =IFERROR(MN37/MN36,"") | MO42: =IFERROR(MO37/MO36,"") | MV42: =IFERROR(MV37/MV36,"") | MW42: =IFERROR(MW37/MW36,"") | ND42: =IFERROR(ND37/ND36,"") | NE42: =IFERROR(NE37/NE36,"")
C43: Average number of sessions per group | D43: Total number of sessions divided by the number of groups | J43: =AX43 | P43: =AY43 | AX43: =IFERROR(AX39/AX36,"") | AY43: =IFERROR(AY39/AY36,"") | BG43: =BS43 | BH43: =CA43 | BI43: =CI43 | BJ43: =CQ43 | BK43: =CY43 | BM43: =BT43 | BN43: =CB43 | BO43: =CJ43 | BP43: =CR43 | BQ43: =CZ43 | BS43: =IFERROR(BS39/BS36,"") | BT43: =IFERROR(BT39/BT36,"") | CA43: =IFERROR(CA39/CA36,"") | CB43: =IFERROR(CB39/CB36,"") | CI43: =IFERROR(CI39/CI36,"") | CJ43: =IFERROR(CJ39/CJ36,"") | CQ43: =IFERROR(CQ39/CQ36,"") | CR43: =IFERROR(CR39/CR36,"") | CY43: =IFERROR(CY39/CY36,"") | CZ43: =IFERROR(CZ39/CZ36,"") | DH43: =DT43 | DI43: =EB43 | DJ43: =EJ43 | DK43: =ER43 | DL43: =EZ43 | DN43: =DU43 | DO43: =EC43 | DP43: =EK43 | DQ43: =ES43 | DR43: =FA43 | DT43: =IFERROR(DT39/DT36,"") | DU43: =IFERROR(DU39/DU36,"") | EB43: =IFERROR(EB39/EB36,"") | EC43: =IFERROR(EC39/EC36,"") | EJ43: =IFERROR(EJ39/EJ36,"") | EK43: =IFERROR(EK39/EK36,"") | ER43: =IFERROR(ER39/ER36,"") | ES43: =IFERROR(ES39/ES36,"") | EZ43: =IFERROR(EZ39/EZ36,"") | FA43: =IFERROR(FA39/FA36,"") | FI43: =FU43 | FJ43: =GC43 | FK43: =GK43 | FL43: =GS43 | FM43: =HA43 | FO43: =FV43 | FP43: =GD43 | FQ43: =GL43 | FR43: =GT43 | FS43: =HB43 | FU43: =IFERROR(FU39/FU36,"") | FV43: =IFERROR(FV39/FV36,"") | GC43: =IFERROR(GC39/GC36,"") | GD43: =IFERROR(GD39/GD36,"") | GK43: =IFERROR(GK39/GK36,"") | GL43: =IFERROR(GL39/GL36,"") | GS43: =IFERROR(GS39/GS36,"") | GT43: =IFERROR(GT39/GT36,"") | HA43: =IFERROR(HA39/HA36,"") | HB43: =IFERROR(HB39/HB36,"") | HJ43: =HV43 | HK43: =ID43 | HL43: =IL43 | HM43: =IT43 | HN43: =JB43 | HP43: =HW43 | HQ43: =IE43 | HR43: =IM43 | HS43: =IU43 | HT43: =JC43 | HV43: =IFERROR(HV39/HV36,"") | HW43: =IFERROR(HW39/HW36,"") | ID43: =IFERROR(ID39/ID36,"") | IE43: =IFERROR(IE39/IE36,"") | IL43: =IFERROR(IL39/IL36,"") | IM43: =IFERROR(IM39/IM36,"") | IT43: =IFERROR(IT39/IT36,"") | IU43: =IFERROR(IU39/IU36,"") | JB43: =IFERROR(JB39/JB36,"") | JC43: =IFERROR(JC39/JC36,"") | JK43: =JW43 | JL43: =KE43 | JM43: =KM43 | JN43: =KU43 | JO43: =LC43 | JQ43: =JX43 | JR43: =KF43 | JS43: =KN43 | JT43: =KV43 | JU43: =LD43 | JW43: =IFERROR(JW39/JW36,"") | JX43: =IFERROR(JX39/JX36,"") | KE43: =IFERROR(KE39/KE36,"") | KF43: =IFERROR(KF39/KF36,"") | KM43: =IFERROR(KM39/KM36,"") | KN43: =IFERROR(KN39/KN36,"") | KU43: =IFERROR(KU39/KU36,"") | KV43: =IFERROR(KV39/KV36,"") | LC43: =IFERROR(LC39/LC36,"") | LD43: =IFERROR(LD39/LD36,"") | LL43: =LX43 | LM43: =MF43 | LN43: =MN43 | LO43: =MV43 | LP43: =ND43 | LR43: =LY43 | LS43: =MG43 | LT43: =MO43 | LU43: =MW43 | LV43: =NE43 | LX43: =IFERROR(LX39/LX36,"") | LY43: =IFERROR(LY39/LY36,"") | MF43: =IFERROR(MF39/MF36,"") | MG43: =IFERROR(MG39/MG36,"") | MN43: =IFERROR(MN39/MN36,"") | MO43: =IFERROR(MO39/MO36,"") | MV43: =IFERROR(MV39/MV36,"") | MW43: =IFERROR(MW39/MW36,"") | ND43: =IFERROR(ND39/ND36,"") | NE43: =IFERROR(NE39/NE36,"")
B45: Nr. | C45: Prospective parents | D45: Descriptions | F45: Q1 | G45: Q2 | H45: Q3 | I45: Q4 | J45: Total | L45: Q1 | M45: Q2 | N45: Q3 | O45: Q4 | P45: Total | R45: Planning | S45: Actual | T45: Total male | U45: Total female | V45: Total disability | W45: Male with disability | X45: Female with disability | Z45: Planning | AA45: Actual | AB45: Total male | AC45: Total female | AD45: Total disability | AE45: Male with disability | AF45: Female with disability | AH45: Planning | AI45: Actual | AJ45: Total male | AK45: Total female | AL45: Total disability | AM45: Male with disability | AN45: Female with disability | AP45: Planning | AQ45: Actual | AR45: Total male | AS45: Total female | AT45: Total disability | AU45: Male with disability | AV45: Female with disability | AX45: Planning | AY45: Actual | AZ45: Total male | BA45: Total female | BB45: Total disability | BC45: Male with disability | BD45: Female with disability | BG45: Q1 | BH45: Q2 | BI45: Q3 | BJ45: Q4 | BK45: Total | BM45: Q1 | BN45: Q2 | BO45: Q3 | BP45: Q4 | BQ45: Total | BS45: Planning | BT45: Actual | BU45: Total male | BV45: Total female | BW45: Total disability | BX45: Male with disability | BY45: Female with disability | CA45: Planning | CB45: Actual | CC45: Total male | CD45: Total female | CE45: Total disability | CF45: Male with disability | CG45: Female with disability | CI45: Planning | CJ45: Actual | CK45: Total male | CL45: Total female | CM45: Total disability | CN45: Male with disability | CO45: Female with disability | CQ45: Planning | CR45: Actual | CS45: Total male | CT45: Total female | CU45: Total disability | CV45: Male with disability | CW45: Female with disability | CY45: Planning | CZ45: Actual | DA45: Total male | DB45: Total female | DC45: Total disability | DD45: Male with disability | DE45: Female with disability | DH45: Q1 | DI45: Q2 | DJ45: Q3 | DK45: Q4 | DL45: Total | DN45: Q1 | DO45: Q2 | DP45: Q3 | DQ45: Q4 | DR45: Total | DT45: Planning | DU45: Actual | DV45: Total male | DW45: Total female | DX45: Total disability | DY45: Male with disability | DZ45: Female with disability | EB45: Planning | EC45: Actual | ED45: Total male | EE45: Total female | EF45: Total disability | EG45: Male with disability | EH45: Female with disability | EJ45: Planning | EK45: Actual | EL45: Total male | EM45: Total female | EN45: Total disability | EO45: Male with disability | EP45: Female with disability | ER45: Planning | ES45: Actual | ET45: Total male | EU45: Total female | EV45: Total disability | EW45: Male with disability | EX45: Female with disability | EZ45: Planning | FA45: Actual | FB45: Total male | FC45: Total female | FD45: Total disability | FE45: Male with disability | FF45: Female with disability | FI45: Q1 | FJ45: Q2 | FK45: Q3 | FL45: Q4 | FM45: Total | FO45: Q1 | FP45: Q2 | FQ45: Q3 | FR45: Q4 | FS45: Total | FU45: Planning | FV45: Actual | FW45: Total male | FX45: Total female | FY45: Total disability | FZ45: Male with disability | GA45: Female with disability | GC45: Planning | GD45: Actual | GE45: Total male | GF45: Total female | GG45: Total disability | GH45: Male with disability | GI45: Female with disability | GK45: Planning | GL45: Actual | GM45: Total male | GN45: Total female | GO45: Total disability | GP45: Male with disability | GQ45: Female with disability | GS45: Planning | GT45: Actual | GU45: Total male | GV45: Total female | GW45: Total disability | GX45: Male with disability | GY45: Female with disability | HA45: Planning | HB45: Actual | HC45: Total male | HD45: Total female | HE45: Total disability | HF45: Male with disability | HG45: Female with disability | HJ45: Q1 | HK45: Q2 | HL45: Q3 | HM45: Q4 | HN45: Total | HP45: Q1 | HQ45: Q2 | HR45: Q3 | HS45: Q4 | HT45: Total | HV45: Planning | HW45: Actual | HX45: Total male | HY45: Total female | HZ45: Total disability | IA45: Male with disability | IB45: Female with disability | ID45: Planning | IE45: Actual | IF45: Total male | IG45: Total female | IH45: Total disability | II45: Male with disability | IJ45: Female with disability | IL45: Planning | IM45: Actual | IN45: Total male | IO45: Total female | IP45: Total disability | IQ45: Male with disability | IR45: Female with disability | IT45: Planning | IU45: Actual | IV45: Total male | IW45: Total female | IX45: Total disability | IY45: Male with disability | IZ45: Female with disability | JB45: Planning | JC45: Actual | JD45: Total male | JE45: Total female | JF45: Total disability | JG45: Male with disability | JH45: Female with disability | JK45: Q1 | JL45: Q2 | JM45: Q3 | JN45: Q4 | JO45: Total | JQ45: Q1 | JR45: Q2 | JS45: Q3 | JT45: Q4 | JU45: Total | JW45: Planning | JX45: Actual | JY45: Total male | JZ45: Total female | KA45: Total disability | KB45: Male with disability | KC45: Female with disability | KE45: Planning | KF45: Actual | KG45: Total male | KH45: Total female | KI45: Total disability | KJ45: Male with disability | KK45: Female with disability | KM45: Planning | KN45: Actual | KO45: Total male | KP45: Total female | KQ45: Total disability | KR45: Male with disability | KS45: Female with disability | KU45: Planning | KV45: Actual | KW45: Total male | KX45: Total female | KY45: Total disability | KZ45: Male with disability | LA45: Female with disability | LC45: Planning | LD45: Actual | LE45: Total male | LF45: Total female | LG45: Total disability | LH45: Male with disability | LI45: Female with disability | LL45: Q1 | LM45: Q2 | LN45: Q3 | LO45: Q4 | LP45: Total | LR45: Q1 | LS45: Q2 | LT45: Q3 | LU45: Q4 | LV45: Total | LX45: Planning | LY45: Actual | LZ45: Total male | MA45: Total female | MB45: Total disability | MC45: Male with disability | MD45: Female with disability | MF45: Planning | MG45: Actual | MH45: Total male | MI45: Total female | MJ45: Total disability | MK45: Male with disability | ML45: Female with disability | MN45: Planning | MO45: Actual | MP45: Total male | MQ45: Total female | MR45: Total disability | MS45: Male with disability | MT45: Female with disability | MV45: Planning | MW45: Actual | MX45: Total male | MY45: Total female | MZ45: Total disability | NA45: Male with disability | NB45: Female with disability | ND45: Planning | NE45: Actual | NF45: Total male | NG45: Total female | NH45: Total disability | NI45: Male with disability | NJ45: Female with disability
B46: 87. | C46: # of prospective parents groups supported | J46: =AX46 -> 0 | P46: =AY46 -> 0 | BG46: =BS46 -> 0 | BH46: =CA46 -> 0 | BI46: =CI46 -> 0 | BJ46: =CQ46 -> 0 | BK46: =CY46 -> 0 | BM46: =BT46 -> 0 | BN46: =CB46 -> 0 | BO46: =CJ46 -> 0 | BP46: =CR46 -> 0 | BQ46: =CZ46 -> 0 | DH46: =DT46 -> 0 | DI46: =EB46 -> 0 | DJ46: =EJ46 -> 0 | DK46: =ER46 -> 0 | DL46: =EZ46 -> 0 | DN46: =DU46 -> 0 | DO46: =EC46 -> 0 | DP46: =EK46 -> 0 | DQ46: =ES46 -> 0 | DR46: =FA46 -> 0 | FI46: =FU46 -> 0 | FJ46: =GC46 -> 0 | FK46: =GK46 -> 0 | FL46: =GS46 -> 0 | FM46: =HA46 -> 0 | FO46: =FV46 -> 0 | FP46: =GD46 -> 0 | FQ46: =GL46 -> 0 | FR46: =GT46 -> 0 | FS46: =HB46 -> 0 | HJ46: =HV46 -> 0 | HK46: =ID46 -> 0 | HL46: =IL46 -> 0 | HM46: =IT46 -> 0 | HN46: =JB46 -> 0 | HP46: =HW46 -> 0 | HQ46: =IE46 -> 0 | HR46: =IM46 -> 0 | HS46: =IU46 -> 0 | HT46: =JC46 -> 0 | JK46: =JW46 -> 0 | JL46: =KE46 -> 0 | JM46: =KM46 -> 0 | JN46: =KU46 -> 0 | JO46: =LC46 -> 0 | JQ46: =JX46 -> 0 | JR46: =KF46 -> 0 | JS46: =KN46 -> 0 | JT46: =KV46 -> 0 | JU46: =LD46 -> 0 | LL46: =LX46 -> 0 | LM46: =MF46 -> 0 | LN46: =MN46 -> 0 | LO46: =MV46 -> 0 | LP46: =ND46 -> 0 | LR46: =LY46 -> 0 | LS46: =MG46 -> 0 | LT46: =MO46 -> 0 | LU46: =MW46 -> 0 | LV46: =NE46 -> 0
B47: 88. | C47: # of prospective parents group MEMBERS IN supported prospecitve parents groups | D47: E.g. through training | J47: =AX47 -> 0 | P47: =AY47 -> 0 | AY47: =AZ47+BA47 -> 0 | BB47: =BC47+BD47 -> 0 | BG47: =BS47 -> 0 | BH47: =CA47 -> 0 | BI47: =CI47 -> 0 | BJ47: =CQ47 -> 0 | BK47: =CY47 -> 0 | BM47: =BT47 -> 0 | BN47: =CB47 -> 0 | BO47: =CJ47 -> 0 | BP47: =CR47 -> 0 | BQ47: =CZ47 -> 0 | BT47: =BU47+BV47 -> 0 | BW47: =BX47+BY47 -> 0 | CB47: =CC47+CD47 -> 0 | CE47: =CF47+CG47 -> 0 | CJ47: =CK47+CL47 -> 0 | CM47: =CN47+CO47 -> 0 | CR47: =CS47+CT47 -> 0 | CU47: =CV47+CW47 -> 0 | CZ47: =DA47+DB47 -> 0 | DC47: =DD47+DE47 -> 0 | DH47: =DT47 -> 0 | DI47: =EB47 -> 0 | DJ47: =EJ47 -> 0 | DK47: =ER47 -> 0 | DL47: =EZ47 -> 0 | DN47: =DU47 -> 0 | DO47: =EC47 -> 0 | DP47: =EK47 -> 0 | DQ47: =ES47 -> 0 | DR47: =FA47 -> 0 | DU47: =DV47+DW47 -> 0 | DX47: =DY47+DZ47 -> 0 | EC47: =ED47+EE47 -> 0 | EF47: =EG47+EH47 -> 0 | EK47: =EL47+EM47 -> 0 | EN47: =EO47+EP47 -> 0 | ES47: =ET47+EU47 -> 0 | EV47: =EW47+EX47 -> 0 | FA47: =FB47+FC47 -> 0 | FD47: =FE47+FF47 -> 0 | FI47: =FU47 -> 0 | FJ47: =GC47 -> 0 | FK47: =GK47 -> 0 | FL47: =GS47 -> 0 | FM47: =HA47 -> 0 | FO47: =FV47 -> 0 | FP47: =GD47 -> 0 | FQ47: =GL47 -> 0 | FR47: =GT47 -> 0 | FS47: =HB47 -> 0 | FV47: =FW47+FX47 -> 0 | FY47: =FZ47+GA47 -> 0 | GD47: =GE47+GF47 -> 0 | GG47: =GH47+GI47 -> 0 | GL47: =GM47+GN47 -> 0 | GO47: =GP47+GQ47 -> 0 | GT47: =GU47+GV47 -> 0 | GW47: =GX47+GY47 -> 0 | HB47: =HC47+HD47 -> 0 | HE47: =HF47+HG47 -> 0 | HJ47: =HV47 -> 0 | HK47: =ID47 -> 0 | HL47: =IL47 -> 0 | HM47: =IT47 -> 0 | HN47: =JB47 -> 0 | HP47: =HW47 -> 0 | HQ47: =IE47 -> 0 | HR47: =IM47 -> 0 | HS47: =IU47 -> 0 | HT47: =JC47 -> 0 | HW47: =HX47+HY47 -> 0 | HZ47: =IA47+IB47 -> 0 | IE47: =IF47+IG47 -> 0 | IH47: =II47+IJ47 -> 0 | IM47: =IN47+IO47 -> 0 | IP47: =IQ47+IR47 -> 0 | IU47: =IV47+IW47 -> 0 | IX47: =IY47+IZ47 -> 0 | JC47: =JD47+JE47 -> 0 | JF47: =JG47+JH47 -> 0 | JK47: =JW47 -> 0 | JL47: =KE47 -> 0 | JM47: =KM47 -> 0 | JN47: =KU47 -> 0 | JO47: =LC47 -> 0 | JQ47: =JX47 -> 0 | JR47: =KF47 -> 0 | JS47: =KN47 -> 0 | JT47: =KV47 -> 0 | JU47: =LD47 -> 0 | JX47: =JY47+JZ47 -> 0 | KA47: =KB47+KC47 -> 0 | KF47: =KG47+KH47 -> 0 | KI47: =KJ47+KK47 -> 0 | KN47: =KO47+KP47 -> 0 | KQ47: =KR47+KS47 -> 0 | KV47: =KW47+KX47 -> 0 | KY47: =KZ47+LA47 -> 0 | LD47: =LE47+LF47 -> 0 | LG47: =LH47+LI47 -> 0 | LL47: =LX47 -> 0 | LM47: =MF47 -> 0 | LN47: =MN47 -> 0 | LO47: =MV47 -> 0 | LP47: =ND47 -> 0 | LR47: =LY47 -> 0 | LS47: =MG47 -> 0 | LT47: =MO47 -> 0 | LU47: =MW47 -> 0 | LV47: =NE47 -> 0 | LY47: =LZ47+MA47 -> 0 | MB47: =MC47+MD47 -> 0 | MG47: =MH47+MI47 -> 0 | MJ47: =MK47+ML47 -> 0 | MO47: =MP47+MQ47 -> 0 | MR47: =MS47+MT47 -> 0 | MW47: =MX47+MY47 -> 0 | MZ47: =NA47+NB47 -> 0 | NE47: =NF47+NG47 -> 0 | NH47: =NI47+NJ47 -> 0
B49: Nr. | C49: What’s Up Children | D49: Descriptions | F49: Q1 | G49: Q2 | H49: Q3 | I49: Q4 | J49: Total | L49: Q1 | M49: Q2 | N49: Q3 | O49: Q4 | P49: Total | R49: Planning | S49: Actual | T49: Total male | U49: Total female | V49: Total disability | W49: Male with disability | X49: Female with disability | Z49: Planning | AA49: Actual | AB49: Total male | AC49: Total female | AD49: Total disability | AE49: Male with disability | AF49: Female with disability | AH49: Planning | AI49: Actual | AJ49: Total male | AK49: Total female | AL49: Total disability | AM49: Male with disability | AN49: Female with disability | AP49: Planning | AQ49: Actual | AR49: Total male | AS49: Total female | AT49: Total disability | AU49: Male with disability | AV49: Female with disability | AX49: Planning | AY49: Actual | AZ49: Total male | BA49: Total female | BB49: Total disability | BC49: Male with disability | BD49: Female with disability | BG49: Q1 | BH49: Q2 | BI49: Q3 | BJ49: Q4 | BK49: Total | BM49: Q1 | BN49: Q2 | BO49: Q3 | BP49: Q4 | BQ49: Total | BS49: Planning | BT49: Actual | BU49: Total male | BV49: Total female | BW49: Total disability | BX49: Male with disability | BY49: Female with disability | CA49: Planning | CB49: Actual | CC49: Total male | CD49: Total female | CE49: Total disability | CF49: Male with disability | CG49: Female with disability | CI49: Planning | CJ49: Actual | CK49: Total male | CL49: Total female | CM49: Total disability | CN49: Male with disability | CO49: Female with disability | CQ49: Planning | CR49: Actual | CS49: Total male | CT49: Total female | CU49: Total disability | CV49: Male with disability | CW49: Female with disability | CY49: Planning | CZ49: Actual | DA49: Total male | DB49: Total female | DC49: Total disability | DD49: Male with disability | DE49: Female with disability | DH49: Q1 | DI49: Q2 | DJ49: Q3 | DK49: Q4 | DL49: Total | DN49: Q1 | DO49: Q2 | DP49: Q3 | DQ49: Q4 | DR49: Total | DT49: Planning | DU49: Actual | DV49: Total male | DW49: Total female | DX49: Total disability | DY49: Male with disability | DZ49: Female with disability | EB49: Planning | EC49: Actual | ED49: Total male | EE49: Total female | EF49: Total disability | EG49: Male with disability | EH49: Female with disability | EJ49: Planning | EK49: Actual | EL49: Total male | EM49: Total female | EN49: Total disability | EO49: Male with disability | EP49: Female with disability | ER49: Planning | ES49: Actual | ET49: Total male | EU49: Total female | EV49: Total disability | EW49: Male with disability | EX49: Female with disability | EZ49: Planning | FA49: Actual | FB49: Total male | FC49: Total female | FD49: Total disability | FE49: Male with disability | FF49: Female with disability | FI49: Q1 | FJ49: Q2 | FK49: Q3 | FL49: Q4 | FM49: Total | FO49: Q1 | FP49: Q2 | FQ49: Q3 | FR49: Q4 | FS49: Total | FU49: Planning | FV49: Actual | FW49: Total male | FX49: Total female | FY49: Total disability | FZ49: Male with disability | GA49: Female with disability | GC49: Planning | GD49: Actual | GE49: Total male | GF49: Total female | GG49: Total disability | GH49: Male with disability | GI49: Female with disability | GK49: Planning | GL49: Actual | GM49: Total male | GN49: Total female | GO49: Total disability | GP49: Male with disability | GQ49: Female with disability | GS49: Planning | GT49: Actual | GU49: Total male | GV49: Total female | GW49: Total disability | GX49: Male with disability | GY49: Female with disability | HA49: Planning | HB49: Actual | HC49: Total male | HD49: Total female | HE49: Total disability | HF49: Male with disability | HG49: Female with disability | HJ49: Q1 | HK49: Q2 | HL49: Q3 | HM49: Q4 | HN49: Total | HP49: Q1 | HQ49: Q2 | HR49: Q3 | HS49: Q4 | HT49: Total | HV49: Planning | HW49: Actual | HX49: Total male | HY49: Total female | HZ49: Total disability | IA49: Male with disability | IB49: Female with disability | ID49: Planning | IE49: Actual | IF49: Total male | IG49: Total female | IH49: Total disability | II49: Male with disability | IJ49: Female with disability | IL49: Planning | IM49: Actual | IN49: Total male | IO49: Total female | IP49: Total disability | IQ49: Male with disability | IR49: Female with disability | IT49: Planning | IU49: Actual | IV49: Total male | IW49: Total female | IX49: Total disability | IY49: Male with disability | IZ49: Female with disability | JB49: Planning | JC49: Actual | JD49: Total male | JE49: Total female | JF49: Total disability | JG49: Male with disability | JH49: Female with disability | JK49: Q1 | JL49: Q2 | JM49: Q3 | JN49: Q4 | JO49: Total | JQ49: Q1 | JR49: Q2 | JS49: Q3 | JT49: Q4 | JU49: Total | JW49: Planning | JX49: Actual | JY49: Total male | JZ49: Total female | KA49: Total disability | KB49: Male with disability | KC49: Female with disability | KE49: Planning | KF49: Actual | KG49: Total male | KH49: Total female | KI49: Total disability | KJ49: Male with disability | KK49: Female with disability | KM49: Planning | KN49: Actual | KO49: Total male | KP49: Total female | KQ49: Total disability | KR49: Male with disability | KS49: Female with disability | KU49: Planning | KV49: Actual | KW49: Total male | KX49: Total female | KY49: Total disability | KZ49: Male with disability | LA49: Female with disability | LC49: Planning | LD49: Actual | LE49: Total male | LF49: Total female | LG49: Total disability | LH49: Male with disability | LI49: Female with disability | LL49: Q1 | LM49: Q2 | LN49: Q3 | LO49: Q4 | LP49: Total | LR49: Q1 | LS49: Q2 | LT49: Q3 | LU49: Q4 | LV49: Total | LX49: Planning | LY49: Actual | LZ49: Total male | MA49: Total female | MB49: Total disability | MC49: Male with disability | MD49: Female with disability | MF49: Planning | MG49: Actual | MH49: Total male | MI49: Total female | MJ49: Total disability | MK49: Male with disability | ML49: Female with disability | MN49: Planning | MO49: Actual | MP49: Total male | MQ49: Total female | MR49: Total disability | MS49: Male with disability | MT49: Female with disability | MV49: Planning | MW49: Actual | MX49: Total male | MY49: Total female | MZ49: Total disability | NA49: Male with disability | NB49: Female with disability | ND49: Planning | NE49: Actual | NF49: Total male | NG49: Total female | NH49: Total disability | NI49: Male with disability | NJ49: Female with disability
B50: 89. | C50: # of What's Up Children groups trained this year | J50: =AX50 -> 0 | P50: =AY50 -> 0 | BG50: =BS50 -> 0 | BH50: =CA50 -> 0 | BI50: =CI50 -> 0 | BJ50: =CQ50 -> 0 | BK50: =CY50 -> 0 | BM50: =BT50 -> 0 | BN50: =CB50 -> 0 | BO50: =CJ50 -> 0 | BP50: =CR50 -> 0 | BQ50: =CZ50 -> 0 | DH50: =DT50 -> 0 | DI50: =EB50 -> 0 | DJ50: =EJ50 -> 0 | DK50: =ER50 -> 0 | DL50: =EZ50 -> 0 | DN50: =DU50 -> 0 | DO50: =EC50 -> 0 | DP50: =EK50 -> 0 | DQ50: =ES50 -> 0 | DR50: =FA50 -> 0 | FI50: =FU50 -> 0 | FJ50: =GC50 -> 0 | FK50: =GK50 -> 0 | FL50: =GS50 -> 0 | FM50: =HA50 -> 0 | FO50: =FV50 -> 0 | FP50: =GD50 -> 0 | FQ50: =GL50 -> 0 | FR50: =GT50 -> 0 | FS50: =HB50 -> 0 | HJ50: =HV50 -> 0 | HK50: =ID50 -> 0 | HL50: =IL50 -> 0 | HM50: =IT50 -> 0 | HN50: =JB50 -> 0 | HP50: =HW50 -> 0 | HQ50: =IE50 -> 0 | HR50: =IM50 -> 0 | HS50: =IU50 -> 0 | HT50: =JC50 -> 0 | JK50: =JW50 -> 0 | JL50: =KE50 -> 0 | JM50: =KM50 -> 0 | JN50: =KU50 -> 0 | JO50: =LC50 -> 0 | JQ50: =JX50 -> 0 | JR50: =KF50 -> 0 | JS50: =KN50 -> 0 | JT50: =KV50 -> 0 | JU50: =LD50 -> 0 | LL50: =LX50 -> 0 | LM50: =MF50 -> 0 | LN50: =MN50 -> 0 | LO50: =MV50 -> 0 | LP50: =ND50 -> 0 | LR50: =LY50 -> 0 | LS50: =MG50 -> 0 | LT50: =MO50 -> 0 | LU50: =MW50 -> 0 | LV50: =NE50 -> 0
B51: 90. | C51: # of children trained in the What's Up Children approach this year | J51: =AX51 -> 0 | P51: =AY51 -> 0 | AY51: =AZ51+BA51 -> 0 | BB51: =BC51+BD51 -> 0 | BG51: =BS51 -> 0 | BH51: =CA51 -> 0 | BI51: =CI51 -> 0 | BJ51: =CQ51 -> 0 | BK51: =CY51 -> 0 | BM51: =BT51 -> 0 | BN51: =CB51 -> 0 | BO51: =CJ51 -> 0 | BP51: =CR51 -> 0 | BQ51: =CZ51 -> 0 | BT51: =BU51+BV51 -> 0 | BW51: =BX51+BY51 -> 0 | CB51: =CC51+CD51 -> 0 | CE51: =CF51+CG51 -> 0 | CJ51: =CK51+CL51 -> 0 | CM51: =CN51+CO51 -> 0 | CR51: =CS51+CT51 -> 0 | CU51: =CV51+CW51 -> 0 | CZ51: =DA51+DB51 -> 0 | DC51: =DD51+DE51 -> 0 | DH51: =DT51 -> 0 | DI51: =EB51 -> 0 | DJ51: =EJ51 -> 0 | DK51: =ER51 -> 0 | DL51: =EZ51 -> 0 | DN51: =DU51 -> 0 | DO51: =EC51 -> 0 | DP51: =EK51 -> 0 | DQ51: =ES51 -> 0 | DR51: =FA51 -> 0 | DU51: =DV51+DW51 -> 0 | DX51: =DY51+DZ51 -> 0 | EC51: =ED51+EE51 -> 0 | EF51: =EG51+EH51 -> 0 | EK51: =EL51+EM51 -> 0 | EN51: =EO51+EP51 -> 0 | ES51: =ET51+EU51 -> 0 | EV51: =EW51+EX51 -> 0 | FA51: =FB51+FC51 -> 0 | FD51: =FE51+FF51 -> 0 | FI51: =FU51 -> 0 | FJ51: =GC51 -> 0 | FK51: =GK51 -> 0 | FL51: =GS51 -> 0 | FM51: =HA51 -> 0 | FO51: =FV51 -> 0 | FP51: =GD51 -> 0 | FQ51: =GL51 -> 0 | FR51: =GT51 -> 0 | FS51: =HB51 -> 0 | FV51: =FW51+FX51 -> 0 | FY51: =FZ51+GA51 -> 0 | GD51: =GE51+GF51 -> 0 | GG51: =GH51+GI51 -> 0 | GL51: =GM51+GN51 -> 0 | GO51: =GP51+GQ51 -> 0 | GT51: =GU51+GV51 -> 0 | GW51: =GX51+GY51 -> 0 | HB51: =HC51+HD51 -> 0 | HE51: =HF51+HG51 -> 0 | HJ51: =HV51 -> 0 | HK51: =ID51 -> 0 | HL51: =IL51 -> 0 | HM51: =IT51 -> 0 | HN51: =JB51 -> 0 | HP51: =HW51 -> 0 | HQ51: =IE51 -> 0 | HR51: =IM51 -> 0 | HS51: =IU51 -> 0 | HT51: =JC51 -> 0 | HW51: =HX51+HY51 -> 0 | HZ51: =IA51+IB51 -> 0 | IE51: =IF51+IG51 -> 0 | IH51: =II51+IJ51 -> 0 | IM51: =IN51+IO51 -> 0 | IP51: =IQ51+IR51 -> 0 | IU51: =IV51+IW51 -> 0 | IX51: =IY51+IZ51 -> 0 | JC51: =JD51+JE51 -> 0 | JF51: =JG51+JH51 -> 0 | JK51: =JW51 -> 0 | JL51: =KE51 -> 0 | JM51: =KM51 -> 0 | JN51: =KU51 -> 0 | JO51: =LC51 -> 0 | JQ51: =JX51 -> 0 | JR51: =KF51 -> 0 | JS51: =KN51 -> 0 | JT51: =KV51 -> 0 | JU51: =LD51 -> 0 | JX51: =JY51+JZ51 -> 0 | KA51: =KB51+KC51 -> 0 | KF51: =KG51+KH51 -> 0 | KI51: =KJ51+KK51 -> 0 | KN51: =KO51+KP51 -> 0 | KQ51: =KR51+KS51 -> 0 | KV51: =KW51+KX51 -> 0 | KY51: =KZ51+LA51 -> 0 | LD51: =LE51+LF51 -> 0 | LG51: =LH51+LI51 -> 0 | LL51: =LX51 -> 0 | LM51: =MF51 -> 0 | LN51: =MN51 -> 0 | LO51: =MV51 -> 0 | LP51: =ND51 -> 0 | LR51: =LY51 -> 0 | LS51: =MG51 -> 0 | LT51: =MO51 -> 0 | LU51: =MW51 -> 0 | LV51: =NE51 -> 0 | LY51: =LZ51+MA51 -> 0 | MB51: =MC51+MD51 -> 0 | MG51: =MH51+MI51 -> 0 | MJ51: =MK51+ML51 -> 0 | MO51: =MP51+MQ51 -> 0 | MR51: =MS51+MT51 -> 0 | MW51: =MX51+MY51 -> 0 | MZ51: =NA51+NB51 -> 0 | NE51: =NF51+NG51 -> 0 | NH51: =NI51+NJ51 -> 0
B52: 91. | C52: # of facilitators trained on What's Up Children | D52: These are community facilitators / volunteers who train children in the What's Up Children approach | J52: =AX52 -> 0 | P52: =AY52 -> 0 | AY52: =AZ52+BA52 -> 0 | BB52: =BC52+BD52 -> 0 | BG52: =BS52 -> 0 | BH52: =CA52 -> 0 | BI52: =CI52 -> 0 | BJ52: =CQ52 -> 0 | BK52: =CY52 -> 0 | BM52: =BT52 -> 0 | BN52: =CB52 -> 0 | BO52: =CJ52 -> 0 | BP52: =CR52 -> 0 | BQ52: =CZ52 -> 0 | BT52: =BU52+BV52 -> 0 | BW52: =BX52+BY52 -> 0 | CB52: =CC52+CD52 -> 0 | CE52: =CF52+CG52 -> 0 | CJ52: =CK52+CL52 -> 0 | CM52: =CN52+CO52 -> 0 | CR52: =CS52+CT52 -> 0 | CU52: =CV52+CW52 -> 0 | CZ52: =DA52+DB52 -> 0 | DC52: =DD52+DE52 -> 0 | DH52: =DT52 -> 0 | DI52: =EB52 -> 0 | DJ52: =EJ52 -> 0 | DK52: =ER52 -> 0 | DL52: =EZ52 -> 0 | DN52: =DU52 -> 0 | DO52: =EC52 -> 0 | DP52: =EK52 -> 0 | DQ52: =ES52 -> 0 | DR52: =FA52 -> 0 | DU52: =DV52+DW52 -> 0 | DX52: =DY52+DZ52 -> 0 | EC52: =ED52+EE52 -> 0 | EF52: =EG52+EH52 -> 0 | EK52: =EL52+EM52 -> 0 | EN52: =EO52+EP52 -> 0 | ES52: =ET52+EU52 -> 0 | EV52: =EW52+EX52 -> 0 | FA52: =FB52+FC52 -> 0 | FD52: =FE52+FF52 -> 0 | FI52: =FU52 -> 0 | FJ52: =GC52 -> 0 | FK52: =GK52 -> 0 | FL52: =GS52 -> 0 | FM52: =HA52 -> 0 | FO52: =FV52 -> 0 | FP52: =GD52 -> 0 | FQ52: =GL52 -> 0 | FR52: =GT52 -> 0 | FS52: =HB52 -> 0 | FV52: =FW52+FX52 -> 0 | FY52: =FZ52+GA52 -> 0 | GD52: =GE52+GF52 -> 0 | GG52: =GH52+GI52 -> 0 | GL52: =GM52+GN52 -> 0 | GO52: =GP52+GQ52 -> 0 | GT52: =GU52+GV52 -> 0 | GW52: =GX52+GY52 -> 0 | HB52: =HC52+HD52 -> 0 | HE52: =HF52+HG52 -> 0 | HJ52: =HV52 -> 0 | HK52: =ID52 -> 0 | HL52: =IL52 -> 0 | HM52: =IT52 -> 0 | HN52: =JB52 -> 0 | HP52: =HW52 -> 0 | HQ52: =IE52 -> 0 | HR52: =IM52 -> 0 | HS52: =IU52 -> 0 | HT52: =JC52 -> 0 | HW52: =HX52+HY52 -> 0 | HZ52: =IA52+IB52 -> 0 | IE52: =IF52+IG52 -> 0 | IH52: =II52+IJ52 -> 0 | IM52: =IN52+IO52 -> 0 | IP52: =IQ52+IR52 -> 0 | IU52: =IV52+IW52 -> 0 | IX52: =IY52+IZ52 -> 0 | JC52: =JD52+JE52 -> 0 | JF52: =JG52+JH52 -> 0 | JK52: =JW52 -> 0 | JL52: =KE52 -> 0 | JM52: =KM52 -> 0 | JN52: =KU52 -> 0 | JO52: =LC52 -> 0 | JQ52: =JX52 -> 0 | JR52: =KF52 -> 0 | JS52: =KN52 -> 0 | JT52: =KV52 -> 0 | JU52: =LD52 -> 0 | JX52: =JY52+JZ52 -> 0 | KA52: =KB52+KC52 -> 0 | KF52: =KG52+KH52 -> 0 | KI52: =KJ52+KK52 -> 0 | KN52: =KO52+KP52 -> 0 | KQ52: =KR52+KS52 -> 0 | KV52: =KW52+KX52 -> 0 | KY52: =KZ52+LA52 -> 0 | LD52: =LE52+LF52 -> 0 | LG52: =LH52+LI52 -> 0 | LL52: =LX52 -> 0 | LM52: =MF52 -> 0 | LN52: =MN52 -> 0 | LO52: =MV52 -> 0 | LP52: =ND52 -> 0 | LR52: =LY52 -> 0 | LS52: =MG52 -> 0 | LT52: =MO52 -> 0 | LU52: =MW52 -> 0 | LV52: =NE52 -> 0 | LY52: =LZ52+MA52 -> 0 | MB52: =MC52+MD52 -> 0 | MG52: =MH52+MI52 -> 0 | MJ52: =MK52+ML52 -> 0 | MO52: =MP52+MQ52 -> 0 | MR52: =MS52+MT52 -> 0 | MW52: =MX52+MY52 -> 0 | MZ52: =NA52+NB52 -> 0 | NE52: =NF52+NG52 -> 0 | NH52: =NI52+NJ52 -> 0
B53: 92. | C53: Total # of What's Up Children sessions held this year | D53: This is the sum of all sessions held this year for all What's Up Children groups together. E.g. if 30 groups that started early in the year have had 8 sessions per group in year X and 10 groups that started late in the same year have had only 4 sessions yet, but will continue the year after, than the total number of sessions held is 30×8 + 10×4 = 280 | J53: =AX53 -> 0 | P53: =AY53 -> 0 | BG53: =BS53 -> 0 | BH53: =CA53 -> 0 | BI53: =CI53 -> 0 | BJ53: =CQ53 -> 0 | BK53: =CY53 -> 0 | BM53: =BT53 -> 0 | BN53: =CB53 -> 0 | BO53: =CJ53 -> 0 | BP53: =CR53 -> 0 | BQ53: =CZ53 -> 0 | DH53: =DT53 -> 0 | DI53: =EB53 -> 0 | DJ53: =EJ53 -> 0 | DK53: =ER53 -> 0 | DL53: =EZ53 -> 0 | DN53: =DU53 -> 0 | DO53: =EC53 -> 0 | DP53: =EK53 -> 0 | DQ53: =ES53 -> 0 | DR53: =FA53 -> 0 | FI53: =FU53 -> 0 | FJ53: =GC53 -> 0 | FK53: =GK53 -> 0 | FL53: =GS53 -> 0 | FM53: =HA53 -> 0 | FO53: =FV53 -> 0 | FP53: =GD53 -> 0 | FQ53: =GL53 -> 0 | FR53: =GT53 -> 0 | FS53: =HB53 -> 0 | HJ53: =HV53 -> 0 | HK53: =ID53 -> 0 | HL53: =IL53 -> 0 | HM53: =IT53 -> 0 | HN53: =JB53 -> 0 | HP53: =HW53 -> 0 | HQ53: =IE53 -> 0 | HR53: =IM53 -> 0 | HS53: =IU53 -> 0 | HT53: =JC53 -> 0 | JK53: =JW53 -> 0 | JL53: =KE53 -> 0 | JM53: =KM53 -> 0 | JN53: =KU53 -> 0 | JO53: =LC53 -> 0 | JQ53: =JX53 -> 0 | JR53: =KF53 -> 0 | JS53: =KN53 -> 0 | JT53: =KV53 -> 0 | JU53: =LD53 -> 0 | LL53: =LX53 -> 0 | LM53: =MF53 -> 0 | LN53: =MN53 -> 0 | LO53: =MV53 -> 0 | LP53: =ND53 -> 0 | LR53: =LY53 -> 0 | LS53: =MG53 -> 0 | LT53: =MO53 -> 0 | LU53: =MW53 -> 0 | LV53: =NE53 -> 0
B54: 93. | C54: Total # of children that dropped out of What's Up Children | J54: =AX54 -> 0 | P54: =AY54 -> 0 | AY54: =AZ54+BA54 -> 0 | BB54: =BC54+BD54 -> 0 | BG54: =BS54 -> 0 | BH54: =CA54 -> 0 | BI54: =CI54 -> 0 | BJ54: =CQ54 -> 0 | BK54: =CY54 -> 0 | BM54: =BT54 -> 0 | BN54: =CB54 -> 0 | BO54: =CJ54 -> 0 | BP54: =CR54 -> 0 | BQ54: =CZ54 -> 0 | BT54: =BU54+BV54 -> 0 | BW54: =BX54+BY54 -> 0 | CB54: =CC54+CD54 -> 0 | CE54: =CF54+CG54 -> 0 | CJ54: =CK54+CL54 -> 0 | CM54: =CN54+CO54 -> 0 | CR54: =CS54+CT54 -> 0 | CU54: =CV54+CW54 -> 0 | CZ54: =DA54+DB54 -> 0 | DC54: =DD54+DE54 -> 0 | DH54: =DT54 -> 0 | DI54: =EB54 -> 0 | DJ54: =EJ54 -> 0 | DK54: =ER54 -> 0 | DL54: =EZ54 -> 0 | DN54: =DU54 -> 0 | DO54: =EC54 -> 0 | DP54: =EK54 -> 0 | DQ54: =ES54 -> 0 | DR54: =FA54 -> 0 | DU54: =DV54+DW54 -> 0 | DX54: =DY54+DZ54 -> 0 | EC54: =ED54+EE54 -> 0 | EF54: =EG54+EH54 -> 0 | EK54: =EL54+EM54 -> 0 | EN54: =EO54+EP54 -> 0 | ES54: =ET54+EU54 -> 0 | EV54: =EW54+EX54 -> 0 | FA54: =FB54+FC54 -> 0 | FD54: =FE54+FF54 -> 0 | FI54: =FU54 -> 0 | FJ54: =GC54 -> 0 | FK54: =GK54 -> 0 | FL54: =GS54 -> 0 | FM54: =HA54 -> 0 | FO54: =FV54 -> 0 | FP54: =GD54 -> 0 | FQ54: =GL54 -> 0 | FR54: =GT54 -> 0 | FS54: =HB54 -> 0 | FV54: =FW54+FX54 -> 0 | FY54: =FZ54+GA54 -> 0 | GD54: =GE54+GF54 -> 0 | GG54: =GH54+GI54 -> 0 | GL54: =GM54+GN54 -> 0 | GO54: =GP54+GQ54 -> 0 | GT54: =GU54+GV54 -> 0 | GW54: =GX54+GY54 -> 0 | HB54: =HC54+HD54 -> 0 | HE54: =HF54+HG54 -> 0 | HJ54: =HV54 -> 0 | HK54: =ID54 -> 0 | HL54: =IL54 -> 0 | HM54: =IT54 -> 0 | HN54: =JB54 -> 0 | HP54: =HW54 -> 0 | HQ54: =IE54 -> 0 | HR54: =IM54 -> 0 | HS54: =IU54 -> 0 | HT54: =JC54 -> 0 | HW54: =HX54+HY54 -> 0 | HZ54: =IA54+IB54 -> 0 | IE54: =IF54+IG54 -> 0 | IH54: =II54+IJ54 -> 0 | IM54: =IN54+IO54 -> 0 | IP54: =IQ54+IR54 -> 0 | IU54: =IV54+IW54 -> 0 | IX54: =IY54+IZ54 -> 0 | JC54: =JD54+JE54 -> 0 | JF54: =JG54+JH54 -> 0 | JK54: =JW54 -> 0 | JL54: =KE54 -> 0 | JM54: =KM54 -> 0 | JN54: =KU54 -> 0 | JO54: =LC54 -> 0 | JQ54: =JX54 -> 0 | JR54: =KF54 -> 0 | JS54: =KN54 -> 0 | JT54: =KV54 -> 0 | JU54: =LD54 -> 0 | JX54: =JY54+JZ54 -> 0 | KA54: =KB54+KC54 -> 0 | KF54: =KG54+KH54 -> 0 | KI54: =KJ54+KK54 -> 0 | KN54: =KO54+KP54 -> 0 | KQ54: =KR54+KS54 -> 0 | KV54: =KW54+KX54 -> 0 | KY54: =KZ54+LA54 -> 0 | LD54: =LE54+LF54 -> 0 | LG54: =LH54+LI54 -> 0 | LL54: =LX54 -> 0 | LM54: =MF54 -> 0 | LN54: =MN54 -> 0 | LO54: =MV54 -> 0 | LP54: =ND54 -> 0 | LR54: =LY54 -> 0 | LS54: =MG54 -> 0 | LT54: =MO54 -> 0 | LU54: =MW54 -> 0 | LV54: =NE54 -> 0 | LY54: =LZ54+MA54 -> 0 | MB54: =MC54+MD54 -> 0 | MG54: =MH54+MI54 -> 0 | MJ54: =MK54+ML54 -> 0 | MO54: =MP54+MQ54 -> 0 | MR54: =MS54+MT54 -> 0 | MW54: =MX54+MY54 -> 0 | MZ54: =NA54+NB54 -> 0 | NE54: =NF54+NG54 -> 0 | NH54: =NI54+NJ54 -> 0
C55: What's Up Children drop out rate | D55: Children dropped out divided by children trained in the What's Up Children approach | P55: =AY55 | AY55: =IFERROR(AY54/AY51,"") | AZ55: =IFERROR(AZ54/AZ51,"") | BA55: =IFERROR(BA54/BA51,"") | BB55: =IFERROR(BB54/BB51,"") | BC55: =IFERROR(BC54/BC51,"") | BD55: =IFERROR(BD54/BD51,"") | BM55: =BT55 | BN55: =CB55 | BO55: =CJ55 | BP55: =CR55 | BQ55: =CZ55 | BT55: =IFERROR(BT54/BT51,"") | BU55: =IFERROR(BU54/BU51,"") | BV55: =IFERROR(BV54/BV51,"") | BW55: =IFERROR(BW54/BW51,"") | BX55: =IFERROR(BX54/BX51,"") | BY55: =IFERROR(BY54/BY51,"") | CB55: =IFERROR(CB54/CB51,"") | CC55: =IFERROR(CC54/CC51,"") | CD55: =IFERROR(CD54/CD51,"") | CE55: =IFERROR(CE54/CE51,"") | CF55: =IFERROR(CF54/CF51,"") | CG55: =IFERROR(CG54/CG51,"") | CJ55: =IFERROR(CJ54/CJ51,"") | CK55: =IFERROR(CK54/CK51,"") | CL55: =IFERROR(CL54/CL51,"") | CM55: =IFERROR(CM54/CM51,"") | CN55: =IFERROR(CN54/CN51,"") | CO55: =IFERROR(CO54/CO51,"") | CR55: =IFERROR(CR54/CR51,"") | CS55: =IFERROR(CS54/CS51,"") | CT55: =IFERROR(CT54/CT51,"") | CU55: =IFERROR(CU54/CU51,"") | CV55: =IFERROR(CV54/CV51,"") | CW55: =IFERROR(CW54/CW51,"") | CZ55: =IFERROR(CZ54/CZ51,"") | DA55: =IFERROR(DA54/DA51,"") | DB55: =IFERROR(DB54/DB51,"") | DC55: =IFERROR(DC54/DC51,"") | DD55: =IFERROR(DD54/DD51,"") | DE55: =IFERROR(DE54/DE51,"") | DN55: =DU55 | DO55: =EC55 | DP55: =EK55 | DQ55: =ES55 | DR55: =FA55 | DU55: =IFERROR(DU54/DU51,"") | DV55: =IFERROR(DV54/DV51,"") | DW55: =IFERROR(DW54/DW51,"") | DX55: =IFERROR(DX54/DX51,"") | DY55: =IFERROR(DY54/DY51,"") | DZ55: =IFERROR(DZ54/DZ51,"") | EC55: =IFERROR(EC54/EC51,"") | ED55: =IFERROR(ED54/ED51,"") | EE55: =IFERROR(EE54/EE51,"") | EF55: =IFERROR(EF54/EF51,"") | EG55: =IFERROR(EG54/EG51,"") | EH55: =IFERROR(EH54/EH51,"") | EK55: =IFERROR(EK54/EK51,"") | EL55: =IFERROR(EL54/EL51,"") | EM55: =IFERROR(EM54/EM51,"") | EN55: =IFERROR(EN54/EN51,"") | EO55: =IFERROR(EO54/EO51,"") | EP55: =IFERROR(EP54/EP51,"") | ES55: =IFERROR(ES54/ES51,"") | ET55: =IFERROR(ET54/ET51,"") | EU55: =IFERROR(EU54/EU51,"") | EV55: =IFERROR(EV54/EV51,"") | EW55: =IFERROR(EW54/EW51,"") | EX55: =IFERROR(EX54/EX51,"") | FA55: =IFERROR(FA54/FA51,"") | FB55: =IFERROR(FB54/FB51,"") | FC55: =IFERROR(FC54/FC51,"") | FD55: =IFERROR(FD54/FD51,"") | FE55: =IFERROR(FE54/FE51,"") | FF55: =IFERROR(FF54/FF51,"") | FO55: =FV55 | FP55: =GD55 | FQ55: =GL55 | FR55: =GT55 | FS55: =HB55 | FV55: =IFERROR(FV54/FV51,"") | FW55: =IFERROR(FW54/FW51,"") | FX55: =IFERROR(FX54/FX51,"") | FY55: =IFERROR(FY54/FY51,"") | FZ55: =IFERROR(FZ54/FZ51,"") | GA55: =IFERROR(GA54/GA51,"") | GD55: =IFERROR(GD54/GD51,"") | GE55: =IFERROR(GE54/GE51,"") | GF55: =IFERROR(GF54/GF51,"") | GG55: =IFERROR(GG54/GG51,"") | GH55: =IFERROR(GH54/GH51,"") | GI55: =IFERROR(GI54/GI51,"") | GL55: =IFERROR(GL54/GL51,"") | GM55: =IFERROR(GM54/GM51,"") | GN55: =IFERROR(GN54/GN51,"") | GO55: =IFERROR(GO54/GO51,"") | GP55: =IFERROR(GP54/GP51,"") | GQ55: =IFERROR(GQ54/GQ51,"") | GT55: =IFERROR(GT54/GT51,"") | GU55: =IFERROR(GU54/GU51,"") | GV55: =IFERROR(GV54/GV51,"") | GW55: =IFERROR(GW54/GW51,"") | GX55: =IFERROR(GX54/GX51,"") | GY55: =IFERROR(GY54/GY51,"") | HB55: =IFERROR(HB54/HB51,"") | HC55: =IFERROR(HC54/HC51,"") | HD55: =IFERROR(HD54/HD51,"") | HE55: =IFERROR(HE54/HE51,"") | HF55: =IFERROR(HF54/HF51,"") | HG55: =IFERROR(HG54/HG51,"") | HP55: =HW55 | HQ55: =IE55 | HR55: =IM55 | HS55: =IU55 | HT55: =JC55 | HW55: =IFERROR(HW54/HW51,"") | HX55: =IFERROR(HX54/HX51,"") | HY55: =IFERROR(HY54/HY51,"") | HZ55: =IFERROR(HZ54/HZ51,"") | IA55: =IFERROR(IA54/IA51,"") | IB55: =IFERROR(IB54/IB51,"") | IE55: =IFERROR(IE54/IE51,"") | IF55: =IFERROR(IF54/IF51,"") | IG55: =IFERROR(IG54/IG51,"") | IH55: =IFERROR(IH54/IH51,"") | II55: =IFERROR(II54/II51,"") | IJ55: =IFERROR(IJ54/IJ51,"") | IM55: =IFERROR(IM54/IM51,"") | IN55: =IFERROR(IN54/IN51,"") | IO55: =IFERROR(IO54/IO51,"") | IP55: =IFERROR(IP54/IP51,"") | IQ55: =IFERROR(IQ54/IQ51,"") | IR55: =IFERROR(IR54/IR51,"") | IU55: =IFERROR(IU54/IU51,"") | IV55: =IFERROR(IV54/IV51,"") | IW55: =IFERROR(IW54/IW51,"") | IX55: =IFERROR(IX54/IX51,"") | IY55: =IFERROR(IY54/IY51,"") | IZ55: =IFERROR(IZ54/IZ51,"") | JC55: =IFERROR(JC54/JC51,"") | JD55: =IFERROR(JD54/JD51,"") | JE55: =IFERROR(JE54/JE51,"") | JF55: =IFERROR(JF54/JF51,"") | JG55: =IFERROR(JG54/JG51,"") | JH55: =IFERROR(JH54/JH51,"") | JQ55: =JX55 | JR55: =KF55 | JS55: =KN55 | JT55: =KV55 | JU55: =LD55 | JX55: =IFERROR(JX54/JX51,"") | JY55: =IFERROR(JY54/JY51,"") | JZ55: =IFERROR(JZ54/JZ51,"") | KA55: =IFERROR(KA54/KA51,"") | KB55: =IFERROR(KB54/KB51,"") | KC55: =IFERROR(KC54/KC51,"") | KF55: =IFERROR(KF54/KF51,"") | KG55: =IFERROR(KG54/KG51,"") | KH55: =IFERROR(KH54/KH51,"") | KI55: =IFERROR(KI54/KI51,"") | KJ55: =IFERROR(KJ54/KJ51,"") | KK55: =IFERROR(KK54/KK51,"") | KN55: =IFERROR(KN54/KN51,"") | KO55: =IFERROR(KO54/KO51,"") | KP55: =IFERROR(KP54/KP51,"") | KQ55: =IFERROR(KQ54/KQ51,"") | KR55: =IFERROR(KR54/KR51,"") | KS55: =IFERROR(KS54/KS51,"") | KV55: =IFERROR(KV54/KV51,"") | KW55: =IFERROR(KW54/KW51,"") | KX55: =IFERROR(KX54/KX51,"") | KY55: =IFERROR(KY54/KY51,"") | KZ55: =IFERROR(KZ54/KZ51,"") | LA55: =IFERROR(LA54/LA51,"") | LD55: =IFERROR(LD54/LD51,"") | LE55: =IFERROR(LE54/LE51,"") | LF55: =IFERROR(LF54/LF51,"") | LG55: =IFERROR(LG54/LG51,"") | LH55: =IFERROR(LH54/LH51,"") | LI55: =IFERROR(LI54/LI51,"") | LR55: =LY55 | LS55: =MG55 | LT55: =MO55 | LU55: =MW55 | LV55: =NE55 | LY55: =IFERROR(LY54/LY51,"") | LZ55: =IFERROR(LZ54/LZ51,"") | MA55: =IFERROR(MA54/MA51,"") | MB55: =IFERROR(MB54/MB51,"") | MC55: =IFERROR(MC54/MC51,"") | MD55: =IFERROR(MD54/MD51,"") | MG55: =IFERROR(MG54/MG51,"") | MH55: =IFERROR(MH54/MH51,"") | MI55: =IFERROR(MI54/MI51,"") | MJ55: =IFERROR(MJ54/MJ51,"") | MK55: =IFERROR(MK54/MK51,"") | ML55: =IFERROR(ML54/ML51,"") | MO55: =IFERROR(MO54/MO51,"") | MP55: =IFERROR(MP54/MP51,"") | MQ55: =IFERROR(MQ54/MQ51,"") | MR55: =IFERROR(MR54/MR51,"") | MS55: =IFERROR(MS54/MS51,"") | MT55: =IFERROR(MT54/MT51,"") | MW55: =IFERROR(MW54/MW51,"") | MX55: =IFERROR(MX54/MX51,"") | MY55: =IFERROR(MY54/MY51,"") | MZ55: =IFERROR(MZ54/MZ51,"") | NA55: =IFERROR(NA54/NA51,"") | NB55: =IFERROR(NB54/NB51,"") | NE55: =IFERROR(NE54/NE51,"") | NF55: =IFERROR(NF54/NF51,"") | NG55: =IFERROR(NG54/NG51,"") | NH55: =IFERROR(NH54/NH51,"") | NI55: =IFERROR(NI54/NI51,"") | NJ55: =IFERROR(NJ54/NJ51,"")
C56: Average group size | D56: Children trained in the What's Up Children approach divided by the number of groups | J56: =AX56 | P56: =AY56 | AX56: =IFERROR(AX51/AX50,"") | AY56: =IFERROR(AY51/AY50,"") | BG56: =BS56 | BH56: =CA56 | BI56: =CI56 | BJ56: =CQ56 | BK56: =CY56 | BM56: =BT56 | BN56: =CB56 | BO56: =CJ56 | BP56: =CR56 | BQ56: =CZ56 | BS56: =IFERROR(BS51/BS50,"") | BT56: =IFERROR(BT51/BT50,"") | CA56: =IFERROR(CA51/CA50,"") | CB56: =IFERROR(CB51/CB50,"") | CI56: =IFERROR(CI51/CI50,"") | CJ56: =IFERROR(CJ51/CJ50,"") | CQ56: =IFERROR(CQ51/CQ50,"") | CR56: =IFERROR(CR51/CR50,"") | CY56: =IFERROR(CY51/CY50,"") | CZ56: =IFERROR(CZ51/CZ50,"") | DH56: =DT56 | DI56: =EB56 | DJ56: =EJ56 | DK56: =ER56 | DL56: =EZ56 | DN56: =DU56 | DO56: =EC56 | DP56: =EK56 | DQ56: =ES56 | DR56: =FA56 | DT56: =IFERROR(DT51/DT50,"") | DU56: =IFERROR(DU51/DU50,"") | EB56: =IFERROR(EB51/EB50,"") | EC56: =IFERROR(EC51/EC50,"") | EJ56: =IFERROR(EJ51/EJ50,"") | EK56: =IFERROR(EK51/EK50,"") | ER56: =IFERROR(ER51/ER50,"") | ES56: =IFERROR(ES51/ES50,"") | EZ56: =IFERROR(EZ51/EZ50,"") | FA56: =IFERROR(FA51/FA50,"") | FI56: =FU56 | FJ56: =GC56 | FK56: =GK56 | FL56: =GS56 | FM56: =HA56 | FO56: =FV56 | FP56: =GD56 | FQ56: =GL56 | FR56: =GT56 | FS56: =HB56 | FU56: =IFERROR(FU51/FU50,"") | FV56: =IFERROR(FV51/FV50,"") | GC56: =IFERROR(GC51/GC50,"") | GD56: =IFERROR(GD51/GD50,"") | GK56: =IFERROR(GK51/GK50,"") | GL56: =IFERROR(GL51/GL50,"") | GS56: =IFERROR(GS51/GS50,"") | GT56: =IFERROR(GT51/GT50,"") | HA56: =IFERROR(HA51/HA50,"") | HB56: =IFERROR(HB51/HB50,"") | HJ56: =HV56 | HK56: =ID56 | HL56: =IL56 | HM56: =IT56 | HN56: =JB56 | HP56: =HW56 | HQ56: =IE56 | HR56: =IM56 | HS56: =IU56 | HT56: =JC56 | HV56: =IFERROR(HV51/HV50,"") | HW56: =IFERROR(HW51/HW50,"") | ID56: =IFERROR(ID51/ID50,"") | IE56: =IFERROR(IE51/IE50,"") | IL56: =IFERROR(IL51/IL50,"") | IM56: =IFERROR(IM51/IM50,"") | IT56: =IFERROR(IT51/IT50,"") | IU56: =IFERROR(IU51/IU50,"") | JB56: =IFERROR(JB51/JB50,"") | JC56: =IFERROR(JC51/JC50,"") | JK56: =JW56 | JL56: =KE56 | JM56: =KM56 | JN56: =KU56 | JO56: =LC56 | JQ56: =JX56 | JR56: =KF56 | JS56: =KN56 | JT56: =KV56 | JU56: =LD56 | JW56: =IFERROR(JW51/JW50,"") | JX56: =IFERROR(JX51/JX50,"") | KE56: =IFERROR(KE51/KE50,"") | KF56: =IFERROR(KF51/KF50,"") | KM56: =IFERROR(KM51/KM50,"") | KN56: =IFERROR(KN51/KN50,"") | KU56: =IFERROR(KU51/KU50,"") | KV56: =IFERROR(KV51/KV50,"") | LC56: =IFERROR(LC51/LC50,"") | LD56: =IFERROR(LD51/LD50,"") | LL56: =LX56 | LM56: =MF56 | LN56: =MN56 | LO56: =MV56 | LP56: =ND56 | LR56: =LY56 | LS56: =MG56 | LT56: =MO56 | LU56: =MW56 | LV56: =NE56 | LX56: =IFERROR(LX51/LX50,"") | LY56: =IFERROR(LY51/LY50,"") | MF56: =IFERROR(MF51/MF50,"") | MG56: =IFERROR(MG51/MG50,"") | MN56: =IFERROR(MN51/MN50,"") | MO56: =IFERROR(MO51/MO50,"") | MV56: =IFERROR(MV51/MV50,"") | MW56: =IFERROR(MW51/MW50,"") | ND56: =IFERROR(ND51/ND50,"") | NE56: =IFERROR(NE51/NE50,"")
C57: Average number of sessions per group | D57: Total number of sessions divided by the number of groups | J57: =AX57 | P57: =AY57 | AX57: =IFERROR(AX53/AX50,"") | AY57: =IFERROR(AY53/AY50,"") | BG57: =BS57 | BH57: =CA57 | BI57: =CI57 | BJ57: =CQ57 | BK57: =CY57 | BM57: =BT57 | BN57: =CB57 | BO57: =CJ57 | BP57: =CR57 | BQ57: =CZ57 | BS57: =IFERROR(BS53/BS50,"") | BT57: =IFERROR(BT53/BT50,"") | CA57: =IFERROR(CA53/CA50,"") | CB57: =IFERROR(CB53/CB50,"") | CI57: =IFERROR(CI53/CI50,"") | CJ57: =IFERROR(CJ53/CJ50,"") | CQ57: =IFERROR(CQ53/CQ50,"") | CR57: =IFERROR(CR53/CR50,"") | CY57: =IFERROR(CY53/CY50,"") | CZ57: =IFERROR(CZ53/CZ50,"") | DH57: =DT57 | DI57: =EB57 | DJ57: =EJ57 | DK57: =ER57 | DL57: =EZ57 | DN57: =DU57 | DO57: =EC57 | DP57: =EK57 | DQ57: =ES57 | DR57: =FA57 | DT57: =IFERROR(DT53/DT50,"") | DU57: =IFERROR(DU53/DU50,"") | EB57: =IFERROR(EB53/EB50,"") | EC57: =IFERROR(EC53/EC50,"") | EJ57: =IFERROR(EJ53/EJ50,"") | EK57: =IFERROR(EK53/EK50,"") | ER57: =IFERROR(ER53/ER50,"") | ES57: =IFERROR(ES53/ES50,"") | EZ57: =IFERROR(EZ53/EZ50,"") | FA57: =IFERROR(FA53/FA50,"") | FI57: =FU57 | FJ57: =GC57 | FK57: =GK57 | FL57: =GS57 | FM57: =HA57 | FO57: =FV57 | FP57: =GD57 | FQ57: =GL57 | FR57: =GT57 | FS57: =HB57 | FU57: =IFERROR(FU53/FU50,"") | FV57: =IFERROR(FV53/FV50,"") | GC57: =IFERROR(GC53/GC50,"") | GD57: =IFERROR(GD53/GD50,"") | GK57: =IFERROR(GK53/GK50,"") | GL57: =IFERROR(GL53/GL50,"") | GS57: =IFERROR(GS53/GS50,"") | GT57: =IFERROR(GT53/GT50,"") | HA57: =IFERROR(HA53/HA50,"") | HB57: =IFERROR(HB53/HB50,"") | HJ57: =HV57 | HK57: =ID57 | HL57: =IL57 | HM57: =IT57 | HN57: =JB57 | HP57: =HW57 | HQ57: =IE57 | HR57: =IM57 | HS57: =IU57 | HT57: =JC57 | HV57: =IFERROR(HV53/HV50,"") | HW57: =IFERROR(HW53/HW50,"") | ID57: =IFERROR(ID53/ID50,"") | IE57: =IFERROR(IE53/IE50,"") | IL57: =IFERROR(IL53/IL50,"") | IM57: =IFERROR(IM53/IM50,"") | IT57: =IFERROR(IT53/IT50,"") | IU57: =IFERROR(IU53/IU50,"") | JB57: =IFERROR(JB53/JB50,"") | JC57: =IFERROR(JC53/JC50,"") | JK57: =JW57 | JL57: =KE57 | JM57: =KM57 | JN57: =KU57 | JO57: =LC57 | JQ57: =JX57 | JR57: =KF57 | JS57: =KN57 | JT57: =KV57 | JU57: =LD57 | JW57: =IFERROR(JW53/JW50,"") | JX57: =IFERROR(JX53/JX50,"") | KE57: =IFERROR(KE53/KE50,"") | KF57: =IFERROR(KF53/KF50,"") | KM57: =IFERROR(KM53/KM50,"") | KN57: =IFERROR(KN53/KN50,"") | KU57: =IFERROR(KU53/KU50,"") | KV57: =IFERROR(KV53/KV50,"") | LC57: =IFERROR(LC53/LC50,"") | LD57: =IFERROR(LD53/LD50,"") | LL57: =LX57 | LM57: =MF57 | LN57: =MN57 | LO57: =MV57 | LP57: =ND57 | LR57: =LY57 | LS57: =MG57 | LT57: =MO57 | LU57: =MW57 | LV57: =NE57 | LX57: =IFERROR(LX53/LX50,"") | LY57: =IFERROR(LY53/LY50,"") | MF57: =IFERROR(MF53/MF50,"") | MG57: =IFERROR(MG53/MG50,"") | MN57: =IFERROR(MN53/MN50,"") | MO57: =IFERROR(MO53/MO50,"") | MV57: =IFERROR(MV53/MV50,"") | MW57: =IFERROR(MW53/MW50,"") | ND57: =IFERROR(ND53/ND50,"") | NE57: =IFERROR(NE53/NE50,"")
B59: Nr. | C59: PIP | D59: Descriptions | F59: Q1 | G59: Q2 | H59: Q3 | I59: Q4 | J59: Total | L59: Q1 | M59: Q2 | N59: Q3 | O59: Q4 | P59: Total | R59: Planning | S59: Actual | T59: Total male | U59: Total female | V59: Total disability | W59: Male with disability | X59: Female with disability | Z59: Planning | AA59: Actual | AB59: Total male | AC59: Total female | AD59: Total disability | AE59: Male with disability | AF59: Female with disability | AH59: Planning | AI59: Actual | AJ59: Total male | AK59: Total female | AL59: Total disability | AM59: Male with disability | AN59: Female with disability | AP59: Planning | AQ59: Actual | AR59: Total male | AS59: Total female | AT59: Total disability | AU59: Male with disability | AV59: Female with disability | AX59: Planning | AY59: Actual | AZ59: Total male | BA59: Total female | BB59: Total disability | BC59: Male with disability | BD59: Female with disability | BG59: Q1 | BH59: Q2 | BI59: Q3 | BJ59: Q4 | BK59: Total | BM59: Q1 | BN59: Q2 | BO59: Q3 | BP59: Q4 | BQ59: Total | BS59: Planning | BT59: Actual | BU59: Total male | BV59: Total female | BW59: Total disability | BX59: Male with disability | BY59: Female with disability | CA59: Planning | CB59: Actual | CC59: Total male | CD59: Total female | CE59: Total disability | CF59: Male with disability | CG59: Female with disability | CI59: Planning | CJ59: Actual | CK59: Total male | CL59: Total female | CM59: Total disability | CN59: Male with disability | CO59: Female with disability | CQ59: Planning | CR59: Actual | CS59: Total male | CT59: Total female | CU59: Total disability | CV59: Male with disability | CW59: Female with disability | CY59: Planning | CZ59: Actual | DA59: Total male | DB59: Total female | DC59: Total disability | DD59: Male with disability | DE59: Female with disability | DH59: Q1 | DI59: Q2 | DJ59: Q3 | DK59: Q4 | DL59: Total | DN59: Q1 | DO59: Q2 | DP59: Q3 | DQ59: Q4 | DR59: Total | DT59: Planning | DU59: Actual | DV59: Total male | DW59: Total female | DX59: Total disability | DY59: Male with disability | DZ59: Female with disability | EB59: Planning | EC59: Actual | ED59: Total male | EE59: Total female | EF59: Total disability | EG59: Male with disability | EH59: Female with disability | EJ59: Planning | EK59: Actual | EL59: Total male | EM59: Total female | EN59: Total disability | EO59: Male with disability | EP59: Female with disability | ER59: Planning | ES59: Actual | ET59: Total male | EU59: Total female | EV59: Total disability | EW59: Male with disability | EX59: Female with disability | EZ59: Planning | FA59: Actual | FB59: Total male | FC59: Total female | FD59: Total disability | FE59: Male with disability | FF59: Female with disability | FI59: Q1 | FJ59: Q2 | FK59: Q3 | FL59: Q4 | FM59: Total | FO59: Q1 | FP59: Q2 | FQ59: Q3 | FR59: Q4 | FS59: Total | FU59: Planning | FV59: Actual | FW59: Total male | FX59: Total female | FY59: Total disability | FZ59: Male with disability | GA59: Female with disability | GC59: Planning | GD59: Actual | GE59: Total male | GF59: Total female | GG59: Total disability | GH59: Male with disability | GI59: Female with disability | GK59: Planning | GL59: Actual | GM59: Total male | GN59: Total female | GO59: Total disability | GP59: Male with disability | GQ59: Female with disability | GS59: Planning | GT59: Actual | GU59: Total male | GV59: Total female | GW59: Total disability | GX59: Male with disability | GY59: Female with disability | HA59: Planning | HB59: Actual | HC59: Total male | HD59: Total female | HE59: Total disability | HF59: Male with disability | HG59: Female with disability | HJ59: Q1 | HK59: Q2 | HL59: Q3 | HM59: Q4 | HN59: Total | HP59: Q1 | HQ59: Q2 | HR59: Q3 | HS59: Q4 | HT59: Total | HV59: Planning | HW59: Actual | HX59: Total male | HY59: Total female | HZ59: Total disability | IA59: Male with disability | IB59: Female with disability | ID59: Planning | IE59: Actual | IF59: Total male | IG59: Total female | IH59: Total disability | II59: Male with disability | IJ59: Female with disability | IL59: Planning | IM59: Actual | IN59: Total male | IO59: Total female | IP59: Total disability | IQ59: Male with disability | IR59: Female with disability | IT59: Planning | IU59: Actual | IV59: Total male | IW59: Total female | IX59: Total disability | IY59: Male with disability | IZ59: Female with disability | JB59: Planning | JC59: Actual | JD59: Total male | JE59: Total female | JF59: Total disability | JG59: Male with disability | JH59: Female with disability | JK59: Q1 | JL59: Q2 | JM59: Q3 | JN59: Q4 | JO59: Total | JQ59: Q1 | JR59: Q2 | JS59: Q3 | JT59: Q4 | JU59: Total | JW59: Planning | JX59: Actual | JY59: Total male | JZ59: Total female | KA59: Total disability | KB59: Male with disability | KC59: Female with disability | KE59: Planning | KF59: Actual | KG59: Total male | KH59: Total female | KI59: Total disability | KJ59: Male with disability | KK59: Female with disability | KM59: Planning | KN59: Actual | KO59: Total male | KP59: Total female | KQ59: Total disability | KR59: Male with disability | KS59: Female with disability | KU59: Planning | KV59: Actual | KW59: Total male | KX59: Total female | KY59: Total disability | KZ59: Male with disability | LA59: Female with disability | LC59: Planning | LD59: Actual | LE59: Total male | LF59: Total female | LG59: Total disability | LH59: Male with disability | LI59: Female with disability | LL59: Q1 | LM59: Q2 | LN59: Q3 | LO59: Q4 | LP59: Total | LR59: Q1 | LS59: Q2 | LT59: Q3 | LU59: Q4 | LV59: Total | LX59: Planning | LY59: Actual | LZ59: Total male | MA59: Total female | MB59: Total disability | MC59: Male with disability | MD59: Female with disability | MF59: Planning | MG59: Actual | MH59: Total male | MI59: Total female | MJ59: Total disability | MK59: Male with disability | ML59: Female with disability | MN59: Planning | MO59: Actual | MP59: Total male | MQ59: Total female | MR59: Total disability | MS59: Male with disability | MT59: Female with disability | MV59: Planning | MW59: Actual | MX59: Total male | MY59: Total female | MZ59: Total disability | NA59: Male with disability | NB59: Female with disability | ND59: Planning | NE59: Actual | NF59: Total male | NG59: Total female | NH59: Total disability | NI59: Male with disability | NJ59: Female with disability
B60: 51. | C60: # of PI (PIP Innovators) households trained | D60: Report only the NEW households and individuals trained in each reporting year, categorized by their generation (PI, G1, G2, G3). Do not report households/individuals who were already counted in previous years. Example: 2025: 30 PI households trained → report 30 PI households in 2025. 2026: The 30 PI households trained 300 G1 households → report 300 G1 households in 2026. 2027: A new group of 20 PI households was trained, and the G1 households trained 1,780 G2 households → report 20 PI households and 1,780 G2 households in 2027. | J60: =AX60 -> 0 | P60: =AY60 -> 0 | BG60: =BS60 -> 0 | BH60: =CA60 -> 0 | BI60: =CI60 -> 0 | BJ60: =CQ60 -> 0 | BK60: =CY60 -> 0 | BM60: =BT60 -> 0 | BN60: =CB60 -> 0 | BO60: =CJ60 -> 0 | BP60: =CR60 -> 0 | BQ60: =CZ60 -> 0 | DH60: =DT60 -> 0 | DI60: =EB60 -> 0 | DJ60: =EJ60 -> 0 | DK60: =ER60 -> 0 | DL60: =EZ60 -> 0 | DN60: =DU60 -> 0 | DO60: =EC60 -> 0 | DP60: =EK60 -> 0 | DQ60: =ES60 -> 0 | DR60: =FA60 -> 0 | FI60: =FU60 -> 0 | FJ60: =GC60 -> 0 | FK60: =GK60 -> 0 | FL60: =GS60 -> 0 | FM60: =HA60 -> 0 | FO60: =FV60 -> 0 | FP60: =GD60 -> 0 | FQ60: =GL60 -> 0 | FR60: =GT60 -> 0 | FS60: =HB60 -> 0 | HJ60: =HV60 -> 0 | HK60: =ID60 -> 0 | HL60: =IL60 -> 0 | HM60: =IT60 -> 0 | HN60: =JB60 -> 0 | HP60: =HW60 -> 0 | HQ60: =IE60 -> 0 | HR60: =IM60 -> 0 | HS60: =IU60 -> 0 | HT60: =JC60 -> 0 | JK60: =JW60 -> 0 | JL60: =KE60 -> 0 | JM60: =KM60 -> 0 | JN60: =KU60 -> 0 | JO60: =LC60 -> 0 | JQ60: =JX60 -> 0 | JR60: =KF60 -> 0 | JS60: =KN60 -> 0 | JT60: =KV60 -> 0 | JU60: =LD60 -> 0 | LL60: =LX60 -> 0 | LM60: =MF60 -> 0 | LN60: =MN60 -> 0 | LO60: =MV60 -> 0 | LP60: =ND60 -> 0 | LR60: =LY60 -> 0 | LS60: =MG60 -> 0 | LT60: =MO60 -> 0 | LU60: =MW60 -> 0 | LV60: =NE60 -> 0
B61: 51.1 | C61: # of PI (PIP Innovators) farmers (individuals) trained | J61: =AX61 -> 0 | P61: =AY61 -> 0 | AY61: =AZ61+BA61 -> 0 | BB61: =BC61+BD61 -> 0 | BG61: =BS61 -> 0 | BH61: =CA61 -> 0 | BI61: =CI61 -> 0 | BJ61: =CQ61 -> 0 | BK61: =CY61 -> 0 | BM61: =BT61 -> 0 | BN61: =CB61 -> 0 | BO61: =CJ61 -> 0 | BP61: =CR61 -> 0 | BQ61: =CZ61 -> 0 | BT61: =BU61+BV61 -> 0 | BW61: =BX61+BY61 -> 0 | CB61: =CC61+CD61 -> 0 | CE61: =CF61+CG61 -> 0 | CJ61: =CK61+CL61 -> 0 | CM61: =CN61+CO61 -> 0 | CR61: =CS61+CT61 -> 0 | CU61: =CV61+CW61 -> 0 | CZ61: =DA61+DB61 -> 0 | DC61: =DD61+DE61 -> 0 | DH61: =DT61 -> 0 | DI61: =EB61 -> 0 | DJ61: =EJ61 -> 0 | DK61: =ER61 -> 0 | DL61: =EZ61 -> 0 | DN61: =DU61 -> 0 | DO61: =EC61 -> 0 | DP61: =EK61 -> 0 | DQ61: =ES61 -> 0 | DR61: =FA61 -> 0 | DU61: =DV61+DW61 -> 0 | DX61: =DY61+DZ61 -> 0 | EC61: =ED61+EE61 -> 0 | EF61: =EG61+EH61 -> 0 | EK61: =EL61+EM61 -> 0 | EN61: =EO61+EP61 -> 0 | ES61: =ET61+EU61 -> 0 | EV61: =EW61+EX61 -> 0 | FA61: =FB61+FC61 -> 0 | FD61: =FE61+FF61 -> 0 | FI61: =FU61 -> 0 | FJ61: =GC61 -> 0 | FK61: =GK61 -> 0 | FL61: =GS61 -> 0 | FM61: =HA61 -> 0 | FO61: =FV61 -> 0 | FP61: =GD61 -> 0 | FQ61: =GL61 -> 0 | FR61: =GT61 -> 0 | FS61: =HB61 -> 0 | FV61: =FW61+FX61 -> 0 | FY61: =FZ61+GA61 -> 0 | GD61: =GE61+GF61 -> 0 | GG61: =GH61+GI61 -> 0 | GL61: =GM61+GN61 -> 0 | GO61: =GP61+GQ61 -> 0 | GT61: =GU61+GV61 -> 0 | GW61: =GX61+GY61 -> 0 | HB61: =HC61+HD61 -> 0 | HE61: =HF61+HG61 -> 0 | HJ61: =HV61 -> 0 | HK61: =ID61 -> 0 | HL61: =IL61 -> 0 | HM61: =IT61 -> 0 | HN61: =JB61 -> 0 | HP61: =HW61 -> 0 | HQ61: =IE61 -> 0 | HR61: =IM61 -> 0 | HS61: =IU61 -> 0 | HT61: =JC61 -> 0 | HW61: =HX61+HY61 -> 0 | HZ61: =IA61+IB61 -> 0 | IE61: =IF61+IG61 -> 0 | IH61: =II61+IJ61 -> 0 | IM61: =IN61+IO61 -> 0 | IP61: =IQ61+IR61 -> 0 | IU61: =IV61+IW61 -> 0 | IX61: =IY61+IZ61 -> 0 | JC61: =JD61+JE61 -> 0 | JF61: =JG61+JH61 -> 0 | JK61: =JW61 -> 0 | JL61: =KE61 -> 0 | JM61: =KM61 -> 0 | JN61: =KU61 -> 0 | JO61: =LC61 -> 0 | JQ61: =JX61 -> 0 | JR61: =KF61 -> 0 | JS61: =KN61 -> 0 | JT61: =KV61 -> 0 | JU61: =LD61 -> 0 | JX61: =JY61+JZ61 -> 0 | KA61: =KB61+KC61 -> 0 | KF61: =KG61+KH61 -> 0 | KI61: =KJ61+KK61 -> 0 | KN61: =KO61+KP61 -> 0 | KQ61: =KR61+KS61 -> 0 | KV61: =KW61+KX61 -> 0 | KY61: =KZ61+LA61 -> 0 | LD61: =LE61+LF61 -> 0 | LG61: =LH61+LI61 -> 0 | LL61: =LX61 -> 0 | LM61: =MF61 -> 0 | LN61: =MN61 -> 0 | LO61: =MV61 -> 0 | LP61: =ND61 -> 0 | LR61: =LY61 -> 0 | LS61: =MG61 -> 0 | LT61: =MO61 -> 0 | LU61: =MW61 -> 0 | LV61: =NE61 -> 0 | LY61: =LZ61+MA61 -> 0 | MB61: =MC61+MD61 -> 0 | MG61: =MH61+MI61 -> 0 | MJ61: =MK61+ML61 -> 0 | MO61: =MP61+MQ61 -> 0 | MR61: =MS61+MT61 -> 0 | MW61: =MX61+MY61 -> 0 | MZ61: =NA61+NB61 -> 0 | NE61: =NF61+NG61 -> 0 | NH61: =NI61+NJ61 -> 0
B62: 52. | C62: # of G1 (1st generation) PIP households trained | J62: =AX62 -> 0 | P62: =AY62 -> 0 | BG62: =BS62 -> 0 | BH62: =CA62 -> 0 | BI62: =CI62 -> 0 | BJ62: =CQ62 -> 0 | BK62: =CY62 -> 0 | BM62: =BT62 -> 0 | BN62: =CB62 -> 0 | BO62: =CJ62 -> 0 | BP62: =CR62 -> 0 | BQ62: =CZ62 -> 0 | DH62: =DT62 -> 0 | DI62: =EB62 -> 0 | DJ62: =EJ62 -> 0 | DK62: =ER62 -> 0 | DL62: =EZ62 -> 0 | DN62: =DU62 -> 0 | DO62: =EC62 -> 0 | DP62: =EK62 -> 0 | DQ62: =ES62 -> 0 | DR62: =FA62 -> 0 | FI62: =FU62 -> 0 | FJ62: =GC62 -> 0 | FK62: =GK62 -> 0 | FL62: =GS62 -> 0 | FM62: =HA62 -> 0 | FO62: =FV62 -> 0 | FP62: =GD62 -> 0 | FQ62: =GL62 -> 0 | FR62: =GT62 -> 0 | FS62: =HB62 -> 0 | HJ62: =HV62 -> 0 | HK62: =ID62 -> 0 | HL62: =IL62 -> 0 | HM62: =IT62 -> 0 | HN62: =JB62 -> 0 | HP62: =HW62 -> 0 | HQ62: =IE62 -> 0 | HR62: =IM62 -> 0 | HS62: =IU62 -> 0 | HT62: =JC62 -> 0 | JK62: =JW62 -> 0 | JL62: =KE62 -> 0 | JM62: =KM62 -> 0 | JN62: =KU62 -> 0 | JO62: =LC62 -> 0 | JQ62: =JX62 -> 0 | JR62: =KF62 -> 0 | JS62: =KN62 -> 0 | JT62: =KV62 -> 0 | JU62: =LD62 -> 0 | LL62: =LX62 -> 0 | LM62: =MF62 -> 0 | LN62: =MN62 -> 0 | LO62: =MV62 -> 0 | LP62: =ND62 -> 0 | LR62: =LY62 -> 0 | LS62: =MG62 -> 0 | LT62: =MO62 -> 0 | LU62: =MW62 -> 0 | LV62: =NE62 -> 0
B63: 52.1 | C63: # of G1 (1st generation) PIP farmers (individuals) trained | J63: =AX63 -> 0 | P63: =AY63 -> 0 | AY63: =AZ63+BA63 -> 0 | BB63: =BC63+BD63 -> 0 | BG63: =BS63 -> 0 | BH63: =CA63 -> 0 | BI63: =CI63 -> 0 | BJ63: =CQ63 -> 0 | BK63: =CY63 -> 0 | BM63: =BT63 -> 0 | BN63: =CB63 -> 0 | BO63: =CJ63 -> 0 | BP63: =CR63 -> 0 | BQ63: =CZ63 -> 0 | BT63: =BU63+BV63 -> 0 | BW63: =BX63+BY63 -> 0 | CB63: =CC63+CD63 -> 0 | CE63: =CF63+CG63 -> 0 | CJ63: =CK63+CL63 -> 0 | CM63: =CN63+CO63 -> 0 | CR63: =CS63+CT63 -> 0 | CU63: =CV63+CW63 -> 0 | CZ63: =DA63+DB63 -> 0 | DC63: =DD63+DE63 -> 0 | DH63: =DT63 -> 0 | DI63: =EB63 -> 0 | DJ63: =EJ63 -> 0 | DK63: =ER63 -> 0 | DL63: =EZ63 -> 0 | DN63: =DU63 -> 0 | DO63: =EC63 -> 0 | DP63: =EK63 -> 0 | DQ63: =ES63 -> 0 | DR63: =FA63 -> 0 | DU63: =DV63+DW63 -> 0 | DX63: =DY63+DZ63 -> 0 | EC63: =ED63+EE63 -> 0 | EF63: =EG63+EH63 -> 0 | EK63: =EL63+EM63 -> 0 | EN63: =EO63+EP63 -> 0 | ES63: =ET63+EU63 -> 0 | EV63: =EW63+EX63 -> 0 | FA63: =FB63+FC63 -> 0 | FD63: =FE63+FF63 -> 0 | FI63: =FU63 -> 0 | FJ63: =GC63 -> 0 | FK63: =GK63 -> 0 | FL63: =GS63 -> 0 | FM63: =HA63 -> 0 | FO63: =FV63 -> 0 | FP63: =GD63 -> 0 | FQ63: =GL63 -> 0 | FR63: =GT63 -> 0 | FS63: =HB63 -> 0 | FV63: =FW63+FX63 -> 0 | FY63: =FZ63+GA63 -> 0 | GD63: =GE63+GF63 -> 0 | GG63: =GH63+GI63 -> 0 | GL63: =GM63+GN63 -> 0 | GO63: =GP63+GQ63 -> 0 | GT63: =GU63+GV63 -> 0 | GW63: =GX63+GY63 -> 0 | HB63: =HC63+HD63 -> 0 | HE63: =HF63+HG63 -> 0 | HJ63: =HV63 -> 0 | HK63: =ID63 -> 0 | HL63: =IL63 -> 0 | HM63: =IT63 -> 0 | HN63: =JB63 -> 0 | HP63: =HW63 -> 0 | HQ63: =IE63 -> 0 | HR63: =IM63 -> 0 | HS63: =IU63 -> 0 | HT63: =JC63 -> 0 | HW63: =HX63+HY63 -> 0 | HZ63: =IA63+IB63 -> 0 | IE63: =IF63+IG63 -> 0 | IH63: =II63+IJ63 -> 0 | IM63: =IN63+IO63 -> 0 | IP63: =IQ63+IR63 -> 0 | IU63: =IV63+IW63 -> 0 | IX63: =IY63+IZ63 -> 0 | JC63: =JD63+JE63 -> 0 | JF63: =JG63+JH63 -> 0 | JK63: =JW63 -> 0 | JL63: =KE63 -> 0 | JM63: =KM63 -> 0 | JN63: =KU63 -> 0 | JO63: =LC63 -> 0 | JQ63: =JX63 -> 0 | JR63: =KF63 -> 0 | JS63: =KN63 -> 0 | JT63: =KV63 -> 0 | JU63: =LD63 -> 0 | JX63: =JY63+JZ63 -> 0 | KA63: =KB63+KC63 -> 0 | KF63: =KG63+KH63 -> 0 | KI63: =KJ63+KK63 -> 0 | KN63: =KO63+KP63 -> 0 | KQ63: =KR63+KS63 -> 0 | KV63: =KW63+KX63 -> 0 | KY63: =KZ63+LA63 -> 0 | LD63: =LE63+LF63 -> 0 | LG63: =LH63+LI63 -> 0 | LL63: =LX63 -> 0 | LM63: =MF63 -> 0 | LN63: =MN63 -> 0 | LO63: =MV63 -> 0 | LP63: =ND63 -> 0 | LR63: =LY63 -> 0 | LS63: =MG63 -> 0 | LT63: =MO63 -> 0 | LU63: =MW63 -> 0 | LV63: =NE63 -> 0 | LY63: =LZ63+MA63 -> 0 | MB63: =MC63+MD63 -> 0 | MG63: =MH63+MI63 -> 0 | MJ63: =MK63+ML63 -> 0 | MO63: =MP63+MQ63 -> 0 | MR63: =MS63+MT63 -> 0 | MW63: =MX63+MY63 -> 0 | MZ63: =NA63+NB63 -> 0 | NE63: =NF63+NG63 -> 0 | NH63: =NI63+NJ63 -> 0
B64: 53. | C64: # of G2 (2nd generation) PIP households trained | J64: =AX64 -> 0 | P64: =AY64 -> 0 | BG64: =BS64 -> 0 | BH64: =CA64 -> 0 | BI64: =CI64 -> 0 | BJ64: =CQ64 -> 0 | BK64: =CY64 -> 0 | BM64: =BT64 -> 0 | BN64: =CB64 -> 0 | BO64: =CJ64 -> 0 | BP64: =CR64 -> 0 | BQ64: =CZ64 -> 0 | DH64: =DT64 -> 0 | DI64: =EB64 -> 0 | DJ64: =EJ64 -> 0 | DK64: =ER64 -> 0 | DL64: =EZ64 -> 0 | DN64: =DU64 -> 0 | DO64: =EC64 -> 0 | DP64: =EK64 -> 0 | DQ64: =ES64 -> 0 | DR64: =FA64 -> 0 | FI64: =FU64 -> 0 | FJ64: =GC64 -> 0 | FK64: =GK64 -> 0 | FL64: =GS64 -> 0 | FM64: =HA64 -> 0 | FO64: =FV64 -> 0 | FP64: =GD64 -> 0 | FQ64: =GL64 -> 0 | FR64: =GT64 -> 0 | FS64: =HB64 -> 0 | HJ64: =HV64 -> 0 | HK64: =ID64 -> 0 | HL64: =IL64 -> 0 | HM64: =IT64 -> 0 | HN64: =JB64 -> 0 | HP64: =HW64 -> 0 | HQ64: =IE64 -> 0 | HR64: =IM64 -> 0 | HS64: =IU64 -> 0 | HT64: =JC64 -> 0 | JK64: =JW64 -> 0 | JL64: =KE64 -> 0 | JM64: =KM64 -> 0 | JN64: =KU64 -> 0 | JO64: =LC64 -> 0 | JQ64: =JX64 -> 0 | JR64: =KF64 -> 0 | JS64: =KN64 -> 0 | JT64: =KV64 -> 0 | JU64: =LD64 -> 0 | LL64: =LX64 -> 0 | LM64: =MF64 -> 0 | LN64: =MN64 -> 0 | LO64: =MV64 -> 0 | LP64: =ND64 -> 0 | LR64: =LY64 -> 0 | LS64: =MG64 -> 0 | LT64: =MO64 -> 0 | LU64: =MW64 -> 0 | LV64: =NE64 -> 0
B65: 53.1 | C65: # of G2 (2nd generation) PIP farmers (individuals) trained | J65: =AX65 -> 0 | P65: =AY65 -> 0 | AY65: =AZ65+BA65 -> 0 | BB65: =BC65+BD65 -> 0 | BG65: =BS65 -> 0 | BH65: =CA65 -> 0 | BI65: =CI65 -> 0 | BJ65: =CQ65 -> 0 | BK65: =CY65 -> 0 | BM65: =BT65 -> 0 | BN65: =CB65 -> 0 | BO65: =CJ65 -> 0 | BP65: =CR65 -> 0 | BQ65: =CZ65 -> 0 | BT65: =BU65+BV65 -> 0 | BW65: =BX65+BY65 -> 0 | CB65: =CC65+CD65 -> 0 | CE65: =CF65+CG65 -> 0 | CJ65: =CK65+CL65 -> 0 | CM65: =CN65+CO65 -> 0 | CR65: =CS65+CT65 -> 0 | CU65: =CV65+CW65 -> 0 | CZ65: =DA65+DB65 -> 0 | DC65: =DD65+DE65 -> 0 | DH65: =DT65 -> 0 | DI65: =EB65 -> 0 | DJ65: =EJ65 -> 0 | DK65: =ER65 -> 0 | DL65: =EZ65 -> 0 | DN65: =DU65 -> 0 | DO65: =EC65 -> 0 | DP65: =EK65 -> 0 | DQ65: =ES65 -> 0 | DR65: =FA65 -> 0 | DU65: =DV65+DW65 -> 0 | DX65: =DY65+DZ65 -> 0 | EC65: =ED65+EE65 -> 0 | EF65: =EG65+EH65 -> 0 | EK65: =EL65+EM65 -> 0 | EN65: =EO65+EP65 -> 0 | ES65: =ET65+EU65 -> 0 | EV65: =EW65+EX65 -> 0 | FA65: =FB65+FC65 -> 0 | FD65: =FE65+FF65 -> 0 | FI65: =FU65 -> 0 | FJ65: =GC65 -> 0 | FK65: =GK65 -> 0 | FL65: =GS65 -> 0 | FM65: =HA65 -> 0 | FO65: =FV65 -> 0 | FP65: =GD65 -> 0 | FQ65: =GL65 -> 0 | FR65: =GT65 -> 0 | FS65: =HB65 -> 0 | FV65: =FW65+FX65 -> 0 | FY65: =FZ65+GA65 -> 0 | GD65: =GE65+GF65 -> 0 | GG65: =GH65+GI65 -> 0 | GL65: =GM65+GN65 -> 0 | GO65: =GP65+GQ65 -> 0 | GT65: =GU65+GV65 -> 0 | GW65: =GX65+GY65 -> 0 | HB65: =HC65+HD65 -> 0 | HE65: =HF65+HG65 -> 0 | HJ65: =HV65 -> 0 | HK65: =ID65 -> 0 | HL65: =IL65 -> 0 | HM65: =IT65 -> 0 | HN65: =JB65 -> 0 | HP65: =HW65 -> 0 | HQ65: =IE65 -> 0 | HR65: =IM65 -> 0 | HS65: =IU65 -> 0 | HT65: =JC65 -> 0 | HW65: =HX65+HY65 -> 0 | HZ65: =IA65+IB65 -> 0 | IE65: =IF65+IG65 -> 0 | IH65: =II65+IJ65 -> 0 | IM65: =IN65+IO65 -> 0 | IP65: =IQ65+IR65 -> 0 | IU65: =IV65+IW65 -> 0 | IX65: =IY65+IZ65 -> 0 | JC65: =JD65+JE65 -> 0 | JF65: =JG65+JH65 -> 0 | JK65: =JW65 -> 0 | JL65: =KE65 -> 0 | JM65: =KM65 -> 0 | JN65: =KU65 -> 0 | JO65: =LC65 -> 0 | JQ65: =JX65 -> 0 | JR65: =KF65 -> 0 | JS65: =KN65 -> 0 | JT65: =KV65 -> 0 | JU65: =LD65 -> 0 | JX65: =JY65+JZ65 -> 0 | KA65: =KB65+KC65 -> 0 | KF65: =KG65+KH65 -> 0 | KI65: =KJ65+KK65 -> 0 | KN65: =KO65+KP65 -> 0 | KQ65: =KR65+KS65 -> 0 | KV65: =KW65+KX65 -> 0 | KY65: =KZ65+LA65 -> 0 | LD65: =LE65+LF65 -> 0 | LG65: =LH65+LI65 -> 0 | LL65: =LX65 -> 0 | LM65: =MF65 -> 0 | LN65: =MN65 -> 0 | LO65: =MV65 -> 0 | LP65: =ND65 -> 0 | LR65: =LY65 -> 0 | LS65: =MG65 -> 0 | LT65: =MO65 -> 0 | LU65: =MW65 -> 0 | LV65: =NE65 -> 0 | LY65: =LZ65+MA65 -> 0 | MB65: =MC65+MD65 -> 0 | MG65: =MH65+MI65 -> 0 | MJ65: =MK65+ML65 -> 0 | MO65: =MP65+MQ65 -> 0 | MR65: =MS65+MT65 -> 0 | MW65: =MX65+MY65 -> 0 | MZ65: =NA65+NB65 -> 0 | NE65: =NF65+NG65 -> 0 | NH65: =NI65+NJ65 -> 0
B66: 54. | C66: # of G3 (3rd generation) PIP households trained | J66: =AX66 -> 0 | P66: =AY66 -> 0 | BG66: =BS66 -> 0 | BH66: =CA66 -> 0 | BI66: =CI66 -> 0 | BJ66: =CQ66 -> 0 | BK66: =CY66 -> 0 | BM66: =BT66 -> 0 | BN66: =CB66 -> 0 | BO66: =CJ66 -> 0 | BP66: =CR66 -> 0 | BQ66: =CZ66 -> 0 | DH66: =DT66 -> 0 | DI66: =EB66 -> 0 | DJ66: =EJ66 -> 0 | DK66: =ER66 -> 0 | DL66: =EZ66 -> 0 | DN66: =DU66 -> 0 | DO66: =EC66 -> 0 | DP66: =EK66 -> 0 | DQ66: =ES66 -> 0 | DR66: =FA66 -> 0 | FI66: =FU66 -> 0 | FJ66: =GC66 -> 0 | FK66: =GK66 -> 0 | FL66: =GS66 -> 0 | FM66: =HA66 -> 0 | FO66: =FV66 -> 0 | FP66: =GD66 -> 0 | FQ66: =GL66 -> 0 | FR66: =GT66 -> 0 | FS66: =HB66 -> 0 | HJ66: =HV66 -> 0 | HK66: =ID66 -> 0 | HL66: =IL66 -> 0 | HM66: =IT66 -> 0 | HN66: =JB66 -> 0 | HP66: =HW66 -> 0 | HQ66: =IE66 -> 0 | HR66: =IM66 -> 0 | HS66: =IU66 -> 0 | HT66: =JC66 -> 0 | JK66: =JW66 -> 0 | JL66: =KE66 -> 0 | JM66: =KM66 -> 0 | JN66: =KU66 -> 0 | JO66: =LC66 -> 0 | JQ66: =JX66 -> 0 | JR66: =KF66 -> 0 | JS66: =KN66 -> 0 | JT66: =KV66 -> 0 | JU66: =LD66 -> 0 | LL66: =LX66 -> 0 | LM66: =MF66 -> 0 | LN66: =MN66 -> 0 | LO66: =MV66 -> 0 | LP66: =ND66 -> 0 | LR66: =LY66 -> 0 | LS66: =MG66 -> 0 | LT66: =MO66 -> 0 | LU66: =MW66 -> 0 | LV66: =NE66 -> 0
B67: 54.1 | C67: # of G3 (3rd generation) PIP farmers (individuals) trained | J67: =AX67 -> 0 | P67: =AY67 -> 0 | AY67: =AZ67+BA67 -> 0 | BB67: =BC67+BD67 -> 0 | BG67: =BS67 -> 0 | BH67: =CA67 -> 0 | BI67: =CI67 -> 0 | BJ67: =CQ67 -> 0 | BK67: =CY67 -> 0 | BM67: =BT67 -> 0 | BN67: =CB67 -> 0 | BO67: =CJ67 -> 0 | BP67: =CR67 -> 0 | BQ67: =CZ67 -> 0 | BT67: =BU67+BV67 -> 0 | BW67: =BX67+BY67 -> 0 | CB67: =CC67+CD67 -> 0 | CE67: =CF67+CG67 -> 0 | CJ67: =CK67+CL67 -> 0 | CM67: =CN67+CO67 -> 0 | CR67: =CS67+CT67 -> 0 | CU67: =CV67+CW67 -> 0 | CZ67: =DA67+DB67 -> 0 | DC67: =DD67+DE67 -> 0 | DH67: =DT67 -> 0 | DI67: =EB67 -> 0 | DJ67: =EJ67 -> 0 | DK67: =ER67 -> 0 | DL67: =EZ67 -> 0 | DN67: =DU67 -> 0 | DO67: =EC67 -> 0 | DP67: =EK67 -> 0 | DQ67: =ES67 -> 0 | DR67: =FA67 -> 0 | DU67: =DV67+DW67 -> 0 | DX67: =DY67+DZ67 -> 0 | EC67: =ED67+EE67 -> 0 | EF67: =EG67+EH67 -> 0 | EK67: =EL67+EM67 -> 0 | EN67: =EO67+EP67 -> 0 | ES67: =ET67+EU67 -> 0 | EV67: =EW67+EX67 -> 0 | FA67: =FB67+FC67 -> 0 | FD67: =FE67+FF67 -> 0 | FI67: =FU67 -> 0 | FJ67: =GC67 -> 0 | FK67: =GK67 -> 0 | FL67: =GS67 -> 0 | FM67: =HA67 -> 0 | FO67: =FV67 -> 0 | FP67: =GD67 -> 0 | FQ67: =GL67 -> 0 | FR67: =GT67 -> 0 | FS67: =HB67 -> 0 | FV67: =FW67+FX67 -> 0 | FY67: =FZ67+GA67 -> 0 | GD67: =GE67+GF67 -> 0 | GG67: =GH67+GI67 -> 0 | GL67: =GM67+GN67 -> 0 | GO67: =GP67+GQ67 -> 0 | GT67: =GU67+GV67 -> 0 | GW67: =GX67+GY67 -> 0 | HB67: =HC67+HD67 -> 0 | HE67: =HF67+HG67 -> 0 | HJ67: =HV67 -> 0 | HK67: =ID67 -> 0 | HL67: =IL67 -> 0 | HM67: =IT67 -> 0 | HN67: =JB67 -> 0 | HP67: =HW67 -> 0 | HQ67: =IE67 -> 0 | HR67: =IM67 -> 0 | HS67: =IU67 -> 0 | HT67: =JC67 -> 0 | HW67: =HX67+HY67 -> 0 | HZ67: =IA67+IB67 -> 0 | IE67: =IF67+IG67 -> 0 | IH67: =II67+IJ67 -> 0 | IM67: =IN67+IO67 -> 0 | IP67: =IQ67+IR67 -> 0 | IU67: =IV67+IW67 -> 0 | IX67: =IY67+IZ67 -> 0 | JC67: =JD67+JE67 -> 0 | JF67: =JG67+JH67 -> 0 | JK67: =JW67 -> 0 | JL67: =KE67 -> 0 | JM67: =KM67 -> 0 | JN67: =KU67 -> 0 | JO67: =LC67 -> 0 | JQ67: =JX67 -> 0 | JR67: =KF67 -> 0 | JS67: =KN67 -> 0 | JT67: =KV67 -> 0 | JU67: =LD67 -> 0 | JX67: =JY67+JZ67 -> 0 | KA67: =KB67+KC67 -> 0 | KF67: =KG67+KH67 -> 0 | KI67: =KJ67+KK67 -> 0 | KN67: =KO67+KP67 -> 0 | KQ67: =KR67+KS67 -> 0 | KV67: =KW67+KX67 -> 0 | KY67: =KZ67+LA67 -> 0 | LD67: =LE67+LF67 -> 0 | LG67: =LH67+LI67 -> 0 | LL67: =LX67 -> 0 | LM67: =MF67 -> 0 | LN67: =MN67 -> 0 | LO67: =MV67 -> 0 | LP67: =ND67 -> 0 | LR67: =LY67 -> 0 | LS67: =MG67 -> 0 | LT67: =MO67 -> 0 | LU67: =MW67 -> 0 | LV67: =NE67 -> 0 | LY67: =LZ67+MA67 -> 0 | MB67: =MC67+MD67 -> 0 | MG67: =MH67+MI67 -> 0 | MJ67: =MK67+ML67 -> 0 | MO67: =MP67+MQ67 -> 0 | MR67: =MS67+MT67 -> 0 | MW67: =MX67+MY67 -> 0 | MZ67: =NA67+NB67 -> 0 | NE67: =NF67+NG67 -> 0 | NH67: =NI67+NJ67 -> 0
B68: 55. | C68: Total # of PIP households supported | J68: =AX68 -> 0 | P68: =AY68 -> 0 | AX68: =SUM(AX60,AX62,AX64,AX66) -> 0 | AY68: =SUM(AY60,AY62,AY64,AY66) -> 0 | BG68: =BS68 -> 0 | BH68: =CA68 -> 0 | BI68: =CI68 -> 0 | BJ68: =CQ68 -> 0 | BK68: =CY68 -> 0 | BM68: =BT68 -> 0 | BN68: =CB68 -> 0 | BO68: =CJ68 -> 0 | BP68: =CR68 -> 0 | BQ68: =CZ68 -> 0 | BS68: =SUM(BS60,BS62,BS64,BS66) -> 0 | BT68: =SUM(BT60,BT62,BT64,BT66) -> 0 | CA68: =SUM(CA60,CA62,CA64,CA66) -> 0 | CB68: =SUM(CB60,CB62,CB64,CB66) -> 0 | CI68: =SUM(CI60,CI62,CI64,CI66) -> 0 | CJ68: =SUM(CJ60,CJ62,CJ64,CJ66) -> 0 | CQ68: =SUM(CQ60,CQ62,CQ64,CQ66) -> 0 | CR68: =SUM(CR60,CR62,CR64,CR66) -> 0 | CY68: =SUM(CY60,CY62,CY64,CY66) -> 0 | CZ68: =SUM(CZ60,CZ62,CZ64,CZ66) -> 0 | DH68: =DT68 -> 0 | DI68: =EB68 -> 0 | DJ68: =EJ68 -> 0 | DK68: =ER68 -> 0 | DL68: =EZ68 -> 0 | DN68: =DU68 -> 0 | DO68: =EC68 -> 0 | DP68: =EK68 -> 0 | DQ68: =ES68 -> 0 | DR68: =FA68 -> 0 | DT68: =SUM(DT60,DT62,DT64,DT66) -> 0 | DU68: =SUM(DU60,DU62,DU64,DU66) -> 0 | EB68: =SUM(EB60,EB62,EB64,EB66) -> 0 | EC68: =SUM(EC60,EC62,EC64,EC66) -> 0 | EJ68: =SUM(EJ60,EJ62,EJ64,EJ66) -> 0 | EK68: =SUM(EK60,EK62,EK64,EK66) -> 0 | ER68: =SUM(ER60,ER62,ER64,ER66) -> 0 | ES68: =SUM(ES60,ES62,ES64,ES66) -> 0 | EZ68: =SUM(EZ60,EZ62,EZ64,EZ66) -> 0 | FA68: =SUM(FA60,FA62,FA64,FA66) -> 0 | FI68: =FU68 -> 0 | FJ68: =GC68 -> 0 | FK68: =GK68 -> 0 | FL68: =GS68 -> 0 | FM68: =HA68 -> 0 | FO68: =FV68 -> 0 | FP68: =GD68 -> 0 | FQ68: =GL68 -> 0 | FR68: =GT68 -> 0 | FS68: =HB68 -> 0 | FU68: =SUM(FU60,FU62,FU64,FU66) -> 0 | FV68: =SUM(FV60,FV62,FV64,FV66) -> 0 | GC68: =SUM(GC60,GC62,GC64,GC66) -> 0 | GD68: =SUM(GD60,GD62,GD64,GD66) -> 0 | GK68: =SUM(GK60,GK62,GK64,GK66) -> 0 | GL68: =SUM(GL60,GL62,GL64,GL66) -> 0 | GS68: =SUM(GS60,GS62,GS64,GS66) -> 0 | GT68: =SUM(GT60,GT62,GT64,GT66) -> 0 | HA68: =SUM(HA60,HA62,HA64,HA66) -> 0 | HB68: =SUM(HB60,HB62,HB64,HB66) -> 0 | HJ68: =HV68 -> 0 | HK68: =ID68 -> 0 | HL68: =IL68 -> 0 | HM68: =IT68 -> 0 | HN68: =JB68 -> 0 | HP68: =HW68 -> 0 | HQ68: =IE68 -> 0 | HR68: =IM68 -> 0 | HS68: =IU68 -> 0 | HT68: =JC68 -> 0 | HV68: =SUM(HV60,HV62,HV64,HV66) -> 0 | HW68: =SUM(HW60,HW62,HW64,HW66) -> 0 | ID68: =SUM(ID60,ID62,ID64,ID66) -> 0 | IE68: =SUM(IE60,IE62,IE64,IE66) -> 0 | IL68: =SUM(IL60,IL62,IL64,IL66) -> 0 | IM68: =SUM(IM60,IM62,IM64,IM66) -> 0 | IT68: =SUM(IT60,IT62,IT64,IT66) -> 0 | IU68: =SUM(IU60,IU62,IU64,IU66) -> 0 | JB68: =SUM(JB60,JB62,JB64,JB66) -> 0 | JC68: =SUM(JC60,JC62,JC64,JC66) -> 0 | JK68: =JW68 -> 0 | JL68: =KE68 -> 0 | JM68: =KM68 -> 0 | JN68: =KU68 -> 0 | JO68: =LC68 -> 0 | JQ68: =JX68 -> 0 | JR68: =KF68 -> 0 | JS68: =KN68 -> 0 | JT68: =KV68 -> 0 | JU68: =LD68 -> 0 | JW68: =SUM(JW60,JW62,JW64,JW66) -> 0 | JX68: =SUM(JX60,JX62,JX64,JX66) -> 0 | KE68: =SUM(KE60,KE62,KE64,KE66) -> 0 | KF68: =SUM(KF60,KF62,KF64,KF66) -> 0 | KM68: =SUM(KM60,KM62,KM64,KM66) -> 0 | KN68: =SUM(KN60,KN62,KN64,KN66) -> 0 | KU68: =SUM(KU60,KU62,KU64,KU66) -> 0 | KV68: =SUM(KV60,KV62,KV64,KV66) -> 0 | LC68: =SUM(LC60,LC62,LC64,LC66) -> 0 | LD68: =SUM(LD60,LD62,LD64,LD66) -> 0 | LL68: =LX68 -> 0 | LM68: =MF68 -> 0 | LN68: =MN68 -> 0 | LO68: =MV68 -> 0 | LP68: =ND68 -> 0 | LR68: =LY68 -> 0 | LS68: =MG68 -> 0 | LT68: =MO68 -> 0 | LU68: =MW68 -> 0 | LV68: =NE68 -> 0 | LX68: =SUM(LX60,LX62,LX64,LX66) -> 0 | LY68: =SUM(LY60,LY62,LY64,LY66) -> 0 | MF68: =SUM(MF60,MF62,MF64,MF66) -> 0 | MG68: =SUM(MG60,MG62,MG64,MG66) -> 0 | MN68: =SUM(MN60,MN62,MN64,MN66) -> 0 | MO68: =SUM(MO60,MO62,MO64,MO66) -> 0 | MV68: =SUM(MV60,MV62,MV64,MV66) -> 0 | MW68: =SUM(MW60,MW62,MW64,MW66) -> 0 | ND68: =SUM(ND60,ND62,ND64,ND66) -> 0 | NE68: =SUM(NE60,NE62,NE64,NE66) -> 0
B69: 55.1 | C69: Total # of PIP farmers (individuals) supported | J69: =AX69 -> 0 | P69: =AY69 -> 0 | AX69: =SUM(AX61,AX63,AX65,AX67) -> 0 | AY69: =SUM(AY61,AY63,AY65,AY67) -> 0 | AZ69: =SUM(AZ61,AZ63,AZ65,AZ67) -> 0 | BA69: =SUM(BA61,BA63,BA65,BA67) -> 0 | BB69: =SUM(BB61,BB63,BB65,BB67) -> 0 | BC69: =SUM(BC61,BC63,BC65,BC67) -> 0 | BD69: =SUM(BD61,BD63,BD65,BD67) -> 0 | BG69: =BS69 -> 0 | BH69: =CA69 -> 0 | BI69: =CI69 -> 0 | BJ69: =CQ69 -> 0 | BK69: =CY69 -> 0 | BM69: =BT69 -> 0 | BN69: =CB69 -> 0 | BO69: =CJ69 -> 0 | BP69: =CR69 -> 0 | BQ69: =CZ69 -> 0 | BS69: =SUM(BS61,BS63,BS65,BS67) -> 0 | BT69: =SUM(BT61,BT63,BT65,BT67) -> 0 | BU69: =SUM(BU61,BU63,BU65,BU67) -> 0 | BV69: =SUM(BV61,BV63,BV65,BV67) -> 0 | BW69: =SUM(BW61,BW63,BW65,BW67) -> 0 | BX69: =SUM(BX61,BX63,BX65,BX67) -> 0 | BY69: =SUM(BY61,BY63,BY65,BY67) -> 0 | CA69: =SUM(CA61,CA63,CA65,CA67) -> 0 | CB69: =SUM(CB61,CB63,CB65,CB67) -> 0 | CC69: =SUM(CC61,CC63,CC65,CC67) -> 0 | CD69: =SUM(CD61,CD63,CD65,CD67) -> 0 | CE69: =SUM(CE61,CE63,CE65,CE67) -> 0 | CF69: =SUM(CF61,CF63,CF65,CF67) -> 0 | CG69: =SUM(CG61,CG63,CG65,CG67) -> 0 | CI69: =SUM(CI61,CI63,CI65,CI67) -> 0 | CJ69: =SUM(CJ61,CJ63,CJ65,CJ67) -> 0 | CK69: =SUM(CK61,CK63,CK65,CK67) -> 0 | CL69: =SUM(CL61,CL63,CL65,CL67) -> 0 | CM69: =SUM(CM61,CM63,CM65,CM67) -> 0 | CN69: =SUM(CN61,CN63,CN65,CN67) -> 0 | CO69: =SUM(CO61,CO63,CO65,CO67) -> 0 | CQ69: =SUM(CQ61,CQ63,CQ65,CQ67) -> 0 | CR69: =SUM(CR61,CR63,CR65,CR67) -> 0 | CS69: =SUM(CS61,CS63,CS65,CS67) -> 0 | CT69: =SUM(CT61,CT63,CT65,CT67) -> 0 | CU69: =SUM(CU61,CU63,CU65,CU67) -> 0 | CV69: =SUM(CV61,CV63,CV65,CV67) -> 0 | CW69: =SUM(CW61,CW63,CW65,CW67) -> 0 | CY69: =SUM(CY61,CY63,CY65,CY67) -> 0 | CZ69: =SUM(CZ61,CZ63,CZ65,CZ67) -> 0 | DA69: =SUM(DA61,DA63,DA65,DA67) -> 0 | DB69: =SUM(DB61,DB63,DB65,DB67) -> 0 | DC69: =SUM(DC61,DC63,DC65,DC67) -> 0 | DD69: =SUM(DD61,DD63,DD65,DD67) -> 0 | DE69: =SUM(DE61,DE63,DE65,DE67) -> 0 | DH69: =DT69 -> 0 | DI69: =EB69 -> 0 | DJ69: =EJ69 -> 0 | DK69: =ER69 -> 0 | DL69: =EZ69 -> 0 | DN69: =DU69 -> 0 | DO69: =EC69 -> 0 | DP69: =EK69 -> 0 | DQ69: =ES69 -> 0 | DR69: =FA69 -> 0 | DT69: =SUM(DT61,DT63,DT65,DT67) -> 0 | DU69: =SUM(DU61,DU63,DU65,DU67) -> 0 | DV69: =SUM(DV61,DV63,DV65,DV67) -> 0 | DW69: =SUM(DW61,DW63,DW65,DW67) -> 0 | DX69: =SUM(DX61,DX63,DX65,DX67) -> 0 | DY69: =SUM(DY61,DY63,DY65,DY67) -> 0 | DZ69: =SUM(DZ61,DZ63,DZ65,DZ67) -> 0 | EB69: =SUM(EB61,EB63,EB65,EB67) -> 0 | EC69: =SUM(EC61,EC63,EC65,EC67) -> 0 | ED69: =SUM(ED61,ED63,ED65,ED67) -> 0 | EE69: =SUM(EE61,EE63,EE65,EE67) -> 0 | EF69: =SUM(EF61,EF63,EF65,EF67) -> 0 | EG69: =SUM(EG61,EG63,EG65,EG67) -> 0 | EH69: =SUM(EH61,EH63,EH65,EH67) -> 0 | EJ69: =SUM(EJ61,EJ63,EJ65,EJ67) -> 0 | EK69: =SUM(EK61,EK63,EK65,EK67) -> 0 | EL69: =SUM(EL61,EL63,EL65,EL67) -> 0 | EM69: =SUM(EM61,EM63,EM65,EM67) -> 0 | EN69: =SUM(EN61,EN63,EN65,EN67) -> 0 | EO69: =SUM(EO61,EO63,EO65,EO67) -> 0 | EP69: =SUM(EP61,EP63,EP65,EP67) -> 0 | ER69: =SUM(ER61,ER63,ER65,ER67) -> 0 | ES69: =SUM(ES61,ES63,ES65,ES67) -> 0 | ET69: =SUM(ET61,ET63,ET65,ET67) -> 0 | EU69: =SUM(EU61,EU63,EU65,EU67) -> 0 | EV69: =SUM(EV61,EV63,EV65,EV67) -> 0 | EW69: =SUM(EW61,EW63,EW65,EW67) -> 0 | EX69: =SUM(EX61,EX63,EX65,EX67) -> 0 | EZ69: =SUM(EZ61,EZ63,EZ65,EZ67) -> 0 | FA69: =SUM(FA61,FA63,FA65,FA67) -> 0 | FB69: =SUM(FB61,FB63,FB65,FB67) -> 0 | FC69: =SUM(FC61,FC63,FC65,FC67) -> 0 | FD69: =SUM(FD61,FD63,FD65,FD67) -> 0 | FE69: =SUM(FE61,FE63,FE65,FE67) -> 0 | FF69: =SUM(FF61,FF63,FF65,FF67) -> 0 | FI69: =FU69 -> 0 | FJ69: =GC69 -> 0 | FK69: =GK69 -> 0 | FL69: =GS69 -> 0 | FM69: =HA69 -> 0 | FO69: =FV69 -> 0 | FP69: =GD69 -> 0 | FQ69: =GL69 -> 0 | FR69: =GT69 -> 0 | FS69: =HB69 -> 0 | FU69: =SUM(FU61,FU63,FU65,FU67) -> 0 | FV69: =SUM(FV61,FV63,FV65,FV67) -> 0 | FW69: =SUM(FW61,FW63,FW65,FW67) -> 0 | FX69: =SUM(FX61,FX63,FX65,FX67) -> 0 | FY69: =SUM(FY61,FY63,FY65,FY67) -> 0 | FZ69: =SUM(FZ61,FZ63,FZ65,FZ67) -> 0 | GA69: =SUM(GA61,GA63,GA65,GA67) -> 0 | GC69: =SUM(GC61,GC63,GC65,GC67) -> 0 | GD69: =SUM(GD61,GD63,GD65,GD67) -> 0 | GE69: =SUM(GE61,GE63,GE65,GE67) -> 0 | GF69: =SUM(GF61,GF63,GF65,GF67) -> 0 | GG69: =SUM(GG61,GG63,GG65,GG67) -> 0 | GH69: =SUM(GH61,GH63,GH65,GH67) -> 0 | GI69: =SUM(GI61,GI63,GI65,GI67) -> 0 | GK69: =SUM(GK61,GK63,GK65,GK67) -> 0 | GL69: =SUM(GL61,GL63,GL65,GL67) -> 0 | GM69: =SUM(GM61,GM63,GM65,GM67) -> 0 | GN69: =SUM(GN61,GN63,GN65,GN67) -> 0 | GO69: =SUM(GO61,GO63,GO65,GO67) -> 0 | GP69: =SUM(GP61,GP63,GP65,GP67) -> 0 | GQ69: =SUM(GQ61,GQ63,GQ65,GQ67) -> 0 | GS69: =SUM(GS61,GS63,GS65,GS67) -> 0 | GT69: =SUM(GT61,GT63,GT65,GT67) -> 0 | GU69: =SUM(GU61,GU63,GU65,GU67) -> 0 | GV69: =SUM(GV61,GV63,GV65,GV67) -> 0 | GW69: =SUM(GW61,GW63,GW65,GW67) -> 0 | GX69: =SUM(GX61,GX63,GX65,GX67) -> 0 | GY69: =SUM(GY61,GY63,GY65,GY67) -> 0 | HA69: =SUM(HA61,HA63,HA65,HA67) -> 0 | HB69: =SUM(HB61,HB63,HB65,HB67) -> 0 | HC69: =SUM(HC61,HC63,HC65,HC67) -> 0 | HD69: =SUM(HD61,HD63,HD65,HD67) -> 0 | HE69: =SUM(HE61,HE63,HE65,HE67) -> 0 | HF69: =SUM(HF61,HF63,HF65,HF67) -> 0 | HG69: =SUM(HG61,HG63,HG65,HG67) -> 0 | HJ69: =HV69 -> 0 | HK69: =ID69 -> 0 | HL69: =IL69 -> 0 | HM69: =IT69 -> 0 | HN69: =JB69 -> 0 | HP69: =HW69 -> 0 | HQ69: =IE69 -> 0 | HR69: =IM69 -> 0 | HS69: =IU69 -> 0 | HT69: =JC69 -> 0 | HV69: =SUM(HV61,HV63,HV65,HV67) -> 0 | HW69: =SUM(HW61,HW63,HW65,HW67) -> 0 | HX69: =SUM(HX61,HX63,HX65,HX67) -> 0 | HY69: =SUM(HY61,HY63,HY65,HY67) -> 0 | HZ69: =SUM(HZ61,HZ63,HZ65,HZ67) -> 0 | IA69: =SUM(IA61,IA63,IA65,IA67) -> 0 | IB69: =SUM(IB61,IB63,IB65,IB67) -> 0 | ID69: =SUM(ID61,ID63,ID65,ID67) -> 0 | IE69: =SUM(IE61,IE63,IE65,IE67) -> 0 | IF69: =SUM(IF61,IF63,IF65,IF67) -> 0 | IG69: =SUM(IG61,IG63,IG65,IG67) -> 0 | IH69: =SUM(IH61,IH63,IH65,IH67) -> 0 | II69: =SUM(II61,II63,II65,II67) -> 0 | IJ69: =SUM(IJ61,IJ63,IJ65,IJ67) -> 0 | IL69: =SUM(IL61,IL63,IL65,IL67) -> 0 | IM69: =SUM(IM61,IM63,IM65,IM67) -> 0 | IN69: =SUM(IN61,IN63,IN65,IN67) -> 0 | IO69: =SUM(IO61,IO63,IO65,IO67) -> 0 | IP69: =SUM(IP61,IP63,IP65,IP67) -> 0 | IQ69: =SUM(IQ61,IQ63,IQ65,IQ67) -> 0 | IR69: =SUM(IR61,IR63,IR65,IR67) -> 0 | IT69: =SUM(IT61,IT63,IT65,IT67) -> 0 | IU69: =SUM(IU61,IU63,IU65,IU67) -> 0 | IV69: =SUM(IV61,IV63,IV65,IV67) -> 0 | IW69: =SUM(IW61,IW63,IW65,IW67) -> 0 | IX69: =SUM(IX61,IX63,IX65,IX67) -> 0 | IY69: =SUM(IY61,IY63,IY65,IY67) -> 0 | IZ69: =SUM(IZ61,IZ63,IZ65,IZ67) -> 0 | JB69: =SUM(JB61,JB63,JB65,JB67) -> 0 | JC69: =SUM(JC61,JC63,JC65,JC67) -> 0 | JD69: =SUM(JD61,JD63,JD65,JD67) -> 0 | JE69: =SUM(JE61,JE63,JE65,JE67) -> 0 | JF69: =SUM(JF61,JF63,JF65,JF67) -> 0 | JG69: =SUM(JG61,JG63,JG65,JG67) -> 0 | JH69: =SUM(JH61,JH63,JH65,JH67) -> 0 | JK69: =JW69 -> 0 | JL69: =KE69 -> 0 | JM69: =KM69 -> 0 | JN69: =KU69 -> 0 | JO69: =LC69 -> 0 | JQ69: =JX69 -> 0 | JR69: =KF69 -> 0 | JS69: =KN69 -> 0 | JT69: =KV69 -> 0 | JU69: =LD69 -> 0 | JW69: =SUM(JW61,JW63,JW65,JW67) -> 0 | JX69: =SUM(JX61,JX63,JX65,JX67) -> 0 | JY69: =SUM(JY61,JY63,JY65,JY67) -> 0 | JZ69: =SUM(JZ61,JZ63,JZ65,JZ67) -> 0 | KA69: =SUM(KA61,KA63,KA65,KA67) -> 0 | KB69: =SUM(KB61,KB63,KB65,KB67) -> 0 | KC69: =SUM(KC61,KC63,KC65,KC67) -> 0 | KE69: =SUM(KE61,KE63,KE65,KE67) -> 0 | KF69: =SUM(KF61,KF63,KF65,KF67) -> 0 | KG69: =SUM(KG61,KG63,KG65,KG67) -> 0 | KH69: =SUM(KH61,KH63,KH65,KH67) -> 0 | KI69: =SUM(KI61,KI63,KI65,KI67) -> 0 | KJ69: =SUM(KJ61,KJ63,KJ65,KJ67) -> 0 | KK69: =SUM(KK61,KK63,KK65,KK67) -> 0 | KM69: =SUM(KM61,KM63,KM65,KM67) -> 0 | KN69: =SUM(KN61,KN63,KN65,KN67) -> 0 | KO69: =SUM(KO61,KO63,KO65,KO67) -> 0 | KP69: =SUM(KP61,KP63,KP65,KP67) -> 0 | KQ69: =SUM(KQ61,KQ63,KQ65,KQ67) -> 0 | KR69: =SUM(KR61,KR63,KR65,KR67) -> 0 | KS69: =SUM(KS61,KS63,KS65,KS67) -> 0 | KU69: =SUM(KU61,KU63,KU65,KU67) -> 0 | KV69: =SUM(KV61,KV63,KV65,KV67) -> 0 | KW69: =SUM(KW61,KW63,KW65,KW67) -> 0 | KX69: =SUM(KX61,KX63,KX65,KX67) -> 0 | KY69: =SUM(KY61,KY63,KY65,KY67) -> 0 | KZ69: =SUM(KZ61,KZ63,KZ65,KZ67) -> 0 | LA69: =SUM(LA61,LA63,LA65,LA67) -> 0 | LC69: =SUM(LC61,LC63,LC65,LC67) -> 0 | LD69: =SUM(LD61,LD63,LD65,LD67) -> 0 | LE69: =SUM(LE61,LE63,LE65,LE67) -> 0 | LF69: =SUM(LF61,LF63,LF65,LF67) -> 0 | LG69: =SUM(LG61,LG63,LG65,LG67) -> 0 | LH69: =SUM(LH61,LH63,LH65,LH67) -> 0 | LI69: =SUM(LI61,LI63,LI65,LI67) -> 0 | LL69: =LX69 -> 0 | LM69: =MF69 -> 0 | LN69: =MN69 -> 0 | LO69: =MV69 -> 0 | LP69: =ND69 -> 0 | LR69: =LY69 -> 0 | LS69: =MG69 -> 0 | LT69: =MO69 -> 0 | LU69: =MW69 -> 0 | LV69: =NE69 -> 0 | LX69: =SUM(LX61,LX63,LX65,LX67) -> 0 | LY69: =SUM(LY61,LY63,LY65,LY67) -> 0 | LZ69: =SUM(LZ61,LZ63,LZ65,LZ67) -> 0 | MA69: =SUM(MA61,MA63,MA65,MA67) -> 0 | MB69: =SUM(MB61,MB63,MB65,MB67) -> 0 | MC69: =SUM(MC61,MC63,MC65,MC67) -> 0 | MD69: =SUM(MD61,MD63,MD65,MD67) -> 0 | MF69: =SUM(MF61,MF63,MF65,MF67) -> 0 | MG69: =SUM(MG61,MG63,MG65,MG67) -> 0 | MH69: =SUM(MH61,MH63,MH65,MH67) -> 0 | MI69: =SUM(MI61,MI63,MI65,MI67) -> 0 | MJ69: =SUM(MJ61,MJ63,MJ65,MJ67) -> 0 | MK69: =SUM(MK61,MK63,MK65,MK67) -> 0 | ML69: =SUM(ML61,ML63,ML65,ML67) -> 0 | MN69: =SUM(MN61,MN63,MN65,MN67) -> 0 | MO69: =SUM(MO61,MO63,MO65,MO67) -> 0 | MP69: =SUM(MP61,MP63,MP65,MP67) -> 0 | MQ69: =SUM(MQ61,MQ63,MQ65,MQ67) -> 0 | MR69: =SUM(MR61,MR63,MR65,MR67) -> 0 | MS69: =SUM(MS61,MS63,MS65,MS67) -> 0 | MT69: =SUM(MT61,MT63,MT65,MT67) -> 0 | MV69: =SUM(MV61,MV63,MV65,MV67) -> 0 | MW69: =SUM(MW61,MW63,MW65,MW67) -> 0 | MX69: =SUM(MX61,MX63,MX65,MX67) -> 0 | MY69: =SUM(MY61,MY63,MY65,MY67) -> 0 | MZ69: =SUM(MZ61,MZ63,MZ65,MZ67) -> 0 | NA69: =SUM(NA61,NA63,NA65,NA67) -> 0 | NB69: =SUM(NB61,NB63,NB65,NB67) -> 0 | ND69: =SUM(ND61,ND63,ND65,ND67) -> 0 | NE69: =SUM(NE61,NE63,NE65,NE67) -> 0 | NF69: =SUM(NF61,NF63,NF65,NF67) -> 0 | NG69: =SUM(NG61,NG63,NG65,NG67) -> 0 | NH69: =SUM(NH61,NH63,NH65,NH67) -> 0 | NI69: =SUM(NI61,NI63,NI65,NI67) -> 0 | NJ69: =SUM(NJ61,NJ63,NJ65,NJ67) -> 0
B70: 94. | C70: # of children PIP households have in total | D70: The sum of all children in PIP households | J70: =AX70 -> 0 | P70: =AY70 -> 0 | AY70: =AZ70+BA70 -> 0 | BB70: =BC70+BD70 -> 0 | BG70: =BS70 -> 0 | BH70: =CA70 -> 0 | BI70: =CI70 -> 0 | BJ70: =CQ70 -> 0 | BK70: =CY70 -> 0 | BM70: =BT70 -> 0 | BN70: =CB70 -> 0 | BO70: =CJ70 -> 0 | BP70: =CR70 -> 0 | BQ70: =CZ70 -> 0 | BT70: =BU70+BV70 -> 0 | BW70: =BX70+BY70 -> 0 | CB70: =CC70+CD70 -> 0 | CE70: =CF70+CG70 -> 0 | CJ70: =CK70+CL70 -> 0 | CM70: =CN70+CO70 -> 0 | CR70: =CS70+CT70 -> 0 | CU70: =CV70+CW70 -> 0 | CZ70: =DA70+DB70 -> 0 | DC70: =DD70+DE70 -> 0 | DH70: =DT70 -> 0 | DI70: =EB70 -> 0 | DJ70: =EJ70 -> 0 | DK70: =ER70 -> 0 | DL70: =EZ70 -> 0 | DN70: =DU70 -> 0 | DO70: =EC70 -> 0 | DP70: =EK70 -> 0 | DQ70: =ES70 -> 0 | DR70: =FA70 -> 0 | DU70: =DV70+DW70 -> 0 | DX70: =DY70+DZ70 -> 0 | EC70: =ED70+EE70 -> 0 | EF70: =EG70+EH70 -> 0 | EK70: =EL70+EM70 -> 0 | EN70: =EO70+EP70 -> 0 | ES70: =ET70+EU70 -> 0 | EV70: =EW70+EX70 -> 0 | FA70: =FB70+FC70 -> 0 | FD70: =FE70+FF70 -> 0 | FI70: =FU70 -> 0 | FJ70: =GC70 -> 0 | FK70: =GK70 -> 0 | FL70: =GS70 -> 0 | FM70: =HA70 -> 0 | FO70: =FV70 -> 0 | FP70: =GD70 -> 0 | FQ70: =GL70 -> 0 | FR70: =GT70 -> 0 | FS70: =HB70 -> 0 | FV70: =FW70+FX70 -> 0 | FY70: =FZ70+GA70 -> 0 | GD70: =GE70+GF70 -> 0 | GG70: =GH70+GI70 -> 0 | GL70: =GM70+GN70 -> 0 | GO70: =GP70+GQ70 -> 0 | GT70: =GU70+GV70 -> 0 | GW70: =GX70+GY70 -> 0 | HB70: =HC70+HD70 -> 0 | HE70: =HF70+HG70 -> 0 | HJ70: =HV70 -> 0 | HK70: =ID70 -> 0 | HL70: =IL70 -> 0 | HM70: =IT70 -> 0 | HN70: =JB70 -> 0 | HP70: =HW70 -> 0 | HQ70: =IE70 -> 0 | HR70: =IM70 -> 0 | HS70: =IU70 -> 0 | HT70: =JC70 -> 0 | HW70: =HX70+HY70 -> 0 | HZ70: =IA70+IB70 -> 0 | IE70: =IF70+IG70 -> 0 | IH70: =II70+IJ70 -> 0 | IM70: =IN70+IO70 -> 0 | IP70: =IQ70+IR70 -> 0 | IU70: =IV70+IW70 -> 0 | IX70: =IY70+IZ70 -> 0 | JC70: =JD70+JE70 -> 0 | JF70: =JG70+JH70 -> 0 | JK70: =JW70 -> 0 | JL70: =KE70 -> 0 | JM70: =KM70 -> 0 | JN70: =KU70 -> 0 | JO70: =LC70 -> 0 | JQ70: =JX70 -> 0 | JR70: =KF70 -> 0 | JS70: =KN70 -> 0 | JT70: =KV70 -> 0 | JU70: =LD70 -> 0 | JX70: =JY70+JZ70 -> 0 | KA70: =KB70+KC70 -> 0 | KF70: =KG70+KH70 -> 0 | KI70: =KJ70+KK70 -> 0 | KN70: =KO70+KP70 -> 0 | KQ70: =KR70+KS70 -> 0 | KV70: =KW70+KX70 -> 0 | KY70: =KZ70+LA70 -> 0 | LD70: =LE70+LF70 -> 0 | LG70: =LH70+LI70 -> 0 | LL70: =LX70 -> 0 | LM70: =MF70 -> 0 | LN70: =MN70 -> 0 | LO70: =MV70 -> 0 | LP70: =ND70 -> 0 | LR70: =LY70 -> 0 | LS70: =MG70 -> 0 | LT70: =MO70 -> 0 | LU70: =MW70 -> 0 | LV70: =NE70 -> 0 | LY70: =LZ70+MA70 -> 0 | MB70: =MC70+MD70 -> 0 | MG70: =MH70+MI70 -> 0 | MJ70: =MK70+ML70 -> 0 | MO70: =MP70+MQ70 -> 0 | MR70: =MS70+MT70 -> 0 | MW70: =MX70+MY70 -> 0 | MZ70: =NA70+NB70 -> 0 | NE70: =NF70+NG70 -> 0 | NH70: =NI70+NJ70 -> 0
B72: Nr. | C72: ECD | D72: Descriptions | F72: Q1 | G72: Q2 | H72: Q3 | I72: Q4 | J72: Total | L72: Q1 | M72: Q2 | N72: Q3 | O72: Q4 | P72: Total | R72: Planning | S72: Actual | T72: Total male | U72: Total female | V72: Total disability | W72: Male with disability | X72: Female with disability | Z72: Planning | AA72: Actual | AB72: Total male | AC72: Total female | AD72: Total disability | AE72: Male with disability | AF72: Female with disability | AH72: Planning | AI72: Actual | AJ72: Total male | AK72: Total female | AL72: Total disability | AM72: Male with disability | AN72: Female with disability | AP72: Planning | AQ72: Actual | AR72: Total male | AS72: Total female | AT72: Total disability | AU72: Male with disability | AV72: Female with disability | AX72: Planning | AY72: Actual | AZ72: Total male | BA72: Total female | BB72: Total disability | BC72: Male with disability | BD72: Female with disability | BG72: Q1 | BH72: Q2 | BI72: Q3 | BJ72: Q4 | BK72: Total | BM72: Q1 | BN72: Q2 | BO72: Q3 | BP72: Q4 | BQ72: Total | BS72: Planning | BT72: Actual | BU72: Total male | BV72: Total female | BW72: Total disability | BX72: Male with disability | BY72: Female with disability | CA72: Planning | CB72: Actual | CC72: Total male | CD72: Total female | CE72: Total disability | CF72: Male with disability | CG72: Female with disability | CI72: Planning | CJ72: Actual | CK72: Total male | CL72: Total female | CM72: Total disability | CN72: Male with disability | CO72: Female with disability | CQ72: Planning | CR72: Actual | CS72: Total male | CT72: Total female | CU72: Total disability | CV72: Male with disability | CW72: Female with disability | CY72: Planning | CZ72: Actual | DA72: Total male | DB72: Total female | DC72: Total disability | DD72: Male with disability | DE72: Female with disability | DH72: Q1 | DI72: Q2 | DJ72: Q3 | DK72: Q4 | DL72: Total | DN72: Q1 | DO72: Q2 | DP72: Q3 | DQ72: Q4 | DR72: Total | DT72: Planning | DU72: Actual | DV72: Total male | DW72: Total female | DX72: Total disability | DY72: Male with disability | DZ72: Female with disability | EB72: Planning | EC72: Actual | ED72: Total male | EE72: Total female | EF72: Total disability | EG72: Male with disability | EH72: Female with disability | EJ72: Planning | EK72: Actual | EL72: Total male | EM72: Total female | EN72: Total disability | EO72: Male with disability | EP72: Female with disability | ER72: Planning | ES72: Actual | ET72: Total male | EU72: Total female | EV72: Total disability | EW72: Male with disability | EX72: Female with disability | EZ72: Planning | FA72: Actual | FB72: Total male | FC72: Total female | FD72: Total disability | FE72: Male with disability | FF72: Female with disability | FI72: Q1 | FJ72: Q2 | FK72: Q3 | FL72: Q4 | FM72: Total | FO72: Q1 | FP72: Q2 | FQ72: Q3 | FR72: Q4 | FS72: Total | FU72: Planning | FV72: Actual | FW72: Total male | FX72: Total female | FY72: Total disability | FZ72: Male with disability | GA72: Female with disability | GC72: Planning | GD72: Actual | GE72: Total male | GF72: Total female | GG72: Total disability | GH72: Male with disability | GI72: Female with disability | GK72: Planning | GL72: Actual | GM72: Total male | GN72: Total female | GO72: Total disability | GP72: Male with disability | GQ72: Female with disability | GS72: Planning | GT72: Actual | GU72: Total male | GV72: Total female | GW72: Total disability | GX72: Male with disability | GY72: Female with disability | HA72: Planning | HB72: Actual | HC72: Total male | HD72: Total female | HE72: Total disability | HF72: Male with disability | HG72: Female with disability | HJ72: Q1 | HK72: Q2 | HL72: Q3 | HM72: Q4 | HN72: Total | HP72: Q1 | HQ72: Q2 | HR72: Q3 | HS72: Q4 | HT72: Total | HV72: Planning | HW72: Actual | HX72: Total male | HY72: Total female | HZ72: Total disability | IA72: Male with disability | IB72: Female with disability | ID72: Planning | IE72: Actual | IF72: Total male | IG72: Total female | IH72: Total disability | II72: Male with disability | IJ72: Female with disability | IL72: Planning | IM72: Actual | IN72: Total male | IO72: Total female | IP72: Total disability | IQ72: Male with disability | IR72: Female with disability | IT72: Planning | IU72: Actual | IV72: Total male | IW72: Total female | IX72: Total disability | IY72: Male with disability | IZ72: Female with disability | JB72: Planning | JC72: Actual | JD72: Total male | JE72: Total female | JF72: Total disability | JG72: Male with disability | JH72: Female with disability | JK72: Q1 | JL72: Q2 | JM72: Q3 | JN72: Q4 | JO72: Total | JQ72: Q1 | JR72: Q2 | JS72: Q3 | JT72: Q4 | JU72: Total | JW72: Planning | JX72: Actual | JY72: Total male | JZ72: Total female | KA72: Total disability | KB72: Male with disability | KC72: Female with disability | KE72: Planning | KF72: Actual | KG72: Total male | KH72: Total female | KI72: Total disability | KJ72: Male with disability | KK72: Female with disability | KM72: Planning | KN72: Actual | KO72: Total male | KP72: Total female | KQ72: Total disability | KR72: Male with disability | KS72: Female with disability | KU72: Planning | KV72: Actual | KW72: Total male | KX72: Total female | KY72: Total disability | KZ72: Male with disability | LA72: Female with disability | LC72: Planning | LD72: Actual | LE72: Total male | LF72: Total female | LG72: Total disability | LH72: Male with disability | LI72: Female with disability | LL72: Q1 | LM72: Q2 | LN72: Q3 | LO72: Q4 | LP72: Total | LR72: Q1 | LS72: Q2 | LT72: Q3 | LU72: Q4 | LV72: Total | LX72: Planning | LY72: Actual | LZ72: Total male | MA72: Total female | MB72: Total disability | MC72: Male with disability | MD72: Female with disability | MF72: Planning | MG72: Actual | MH72: Total male | MI72: Total female | MJ72: Total disability | MK72: Male with disability | ML72: Female with disability | MN72: Planning | MO72: Actual | MP72: Total male | MQ72: Total female | MR72: Total disability | MS72: Male with disability | MT72: Female with disability | MV72: Planning | MW72: Actual | MX72: Total male | MY72: Total female | MZ72: Total disability | NA72: Male with disability | NB72: Female with disability | ND72: Planning | NE72: Actual | NF72: Total male | NG72: Total female | NH72: Total disability | NI72: Male with disability | NJ72: Female with disability
B73: 1.1 | C73: # of complete ECD centres built with the help of HaC | D73: Number of ECD centres that were constructed THIS YEAR, by or with the support of HaC | J73: =AX73 -> 0 | P73: =AY73 -> 0 | BG73: =BS73 -> 0 | BH73: =CA73 -> 0 | BI73: =CI73 -> 0 | BJ73: =CQ73 -> 0 | BK73: =CY73 -> 0 | BM73: =BT73 -> 0 | BN73: =CB73 -> 0 | BO73: =CJ73 -> 0 | BP73: =CR73 -> 0 | BQ73: =CZ73 -> 0 | DH73: =DT73 -> 0 | DI73: =EB73 -> 0 | DJ73: =EJ73 -> 0 | DK73: =ER73 -> 0 | DL73: =EZ73 -> 0 | DN73: =DU73 -> 0 | DO73: =EC73 -> 0 | DP73: =EK73 -> 0 | DQ73: =ES73 -> 0 | DR73: =FA73 -> 0 | FI73: =FU73 -> 0 | FJ73: =GC73 -> 0 | FK73: =GK73 -> 0 | FL73: =GS73 -> 0 | FM73: =HA73 -> 0 | FO73: =FV73 -> 0 | FP73: =GD73 -> 0 | FQ73: =GL73 -> 0 | FR73: =GT73 -> 0 | FS73: =HB73 -> 0 | HJ73: =HV73 -> 0 | HK73: =ID73 -> 0 | HL73: =IL73 -> 0 | HM73: =IT73 -> 0 | HN73: =JB73 -> 0 | HP73: =HW73 -> 0 | HQ73: =IE73 -> 0 | HR73: =IM73 -> 0 | HS73: =IU73 -> 0 | HT73: =JC73 -> 0 | JK73: =JW73 -> 0 | JL73: =KE73 -> 0 | JM73: =KM73 -> 0 | JN73: =KU73 -> 0 | JO73: =LC73 -> 0 | JQ73: =JX73 -> 0 | JR73: =KF73 -> 0 | JS73: =KN73 -> 0 | JT73: =KV73 -> 0 | JU73: =LD73 -> 0 | LL73: =LX73 -> 0 | LM73: =MF73 -> 0 | LN73: =MN73 -> 0 | LO73: =MV73 -> 0 | LP73: =ND73 -> 0 | LR73: =LY73 -> 0 | LS73: =MG73 -> 0 | LT73: =MO73 -> 0 | LU73: =MW73 -> 0 | LV73: =NE73 -> 0
B74: 1.2 | C74: # of ECD centres supported with additional construction to improve physical infrastructure | D74: The number of ECD centres that were supported with additional construction, e.g. toilets, kitchen, additional classroom, roof (THIS YEAR). This can be newly constructed parts or renovation. Construction of complete ECD centres are reported under 1.1. | J74: =AX74 -> 0 | P74: =AY74 -> 0 | BG74: =BS74 -> 0 | BH74: =CA74 -> 0 | BI74: =CI74 -> 0 | BJ74: =CQ74 -> 0 | BK74: =CY74 -> 0 | BM74: =BT74 -> 0 | BN74: =CB74 -> 0 | BO74: =CJ74 -> 0 | BP74: =CR74 -> 0 | BQ74: =CZ74 -> 0 | DH74: =DT74 -> 0 | DI74: =EB74 -> 0 | DJ74: =EJ74 -> 0 | DK74: =ER74 -> 0 | DL74: =EZ74 -> 0 | DN74: =DU74 -> 0 | DO74: =EC74 -> 0 | DP74: =EK74 -> 0 | DQ74: =ES74 -> 0 | DR74: =FA74 -> 0 | FI74: =FU74 -> 0 | FJ74: =GC74 -> 0 | FK74: =GK74 -> 0 | FL74: =GS74 -> 0 | FM74: =HA74 -> 0 | FO74: =FV74 -> 0 | FP74: =GD74 -> 0 | FQ74: =GL74 -> 0 | FR74: =GT74 -> 0 | FS74: =HB74 -> 0 | HJ74: =HV74 -> 0 | HK74: =ID74 -> 0 | HL74: =IL74 -> 0 | HM74: =IT74 -> 0 | HN74: =JB74 -> 0 | HP74: =HW74 -> 0 | HQ74: =IE74 -> 0 | HR74: =IM74 -> 0 | HS74: =IU74 -> 0 | HT74: =JC74 -> 0 | JK74: =JW74 -> 0 | JL74: =KE74 -> 0 | JM74: =KM74 -> 0 | JN74: =KU74 -> 0 | JO74: =LC74 -> 0 | JQ74: =JX74 -> 0 | JR74: =KF74 -> 0 | JS74: =KN74 -> 0 | JT74: =KV74 -> 0 | JU74: =LD74 -> 0 | LL74: =LX74 -> 0 | LM74: =MF74 -> 0 | LN74: =MN74 -> 0 | LO74: =MV74 -> 0 | LP74: =ND74 -> 0 | LR74: =LY74 -> 0 | LS74: =MG74 -> 0 | LT74: =MO74 -> 0 | LU74: =MW74 -> 0 | LV74: =NE74 -> 0
B75: 1.3 | C75: # of ECD centres supported (with training or other support) | D75: The number of ECD centres that were supported with training or supervision, or other type of support that is not constructional, e.g. new furniture, books, etc. | J75: =AX75 -> 0 | P75: =AY75 -> 0 | BG75: =BS75 -> 0 | BH75: =CA75 -> 0 | BI75: =CI75 -> 0 | BJ75: =CQ75 -> 0 | BK75: =CY75 -> 0 | BM75: =BT75 -> 0 | BN75: =CB75 -> 0 | BO75: =CJ75 -> 0 | BP75: =CR75 -> 0 | BQ75: =CZ75 -> 0 | DH75: =DT75 -> 0 | DI75: =EB75 -> 0 | DJ75: =EJ75 -> 0 | DK75: =ER75 -> 0 | DL75: =EZ75 -> 0 | DN75: =DU75 -> 0 | DO75: =EC75 -> 0 | DP75: =EK75 -> 0 | DQ75: =ES75 -> 0 | DR75: =FA75 -> 0 | FI75: =FU75 -> 0 | FJ75: =GC75 -> 0 | FK75: =GK75 -> 0 | FL75: =GS75 -> 0 | FM75: =HA75 -> 0 | FO75: =FV75 -> 0 | FP75: =GD75 -> 0 | FQ75: =GL75 -> 0 | FR75: =GT75 -> 0 | FS75: =HB75 -> 0 | HJ75: =HV75 -> 0 | HK75: =ID75 -> 0 | HL75: =IL75 -> 0 | HM75: =IT75 -> 0 | HN75: =JB75 -> 0 | HP75: =HW75 -> 0 | HQ75: =IE75 -> 0 | HR75: =IM75 -> 0 | HS75: =IU75 -> 0 | HT75: =JC75 -> 0 | JK75: =JW75 -> 0 | JL75: =KE75 -> 0 | JM75: =KM75 -> 0 | JN75: =KU75 -> 0 | JO75: =LC75 -> 0 | JQ75: =JX75 -> 0 | JR75: =KF75 -> 0 | JS75: =KN75 -> 0 | JT75: =KV75 -> 0 | JU75: =LD75 -> 0 | LL75: =LX75 -> 0 | LM75: =MF75 -> 0 | LN75: =MN75 -> 0 | LO75: =MV75 -> 0 | LP75: =ND75 -> 0 | LR75: =LY75 -> 0 | LS75: =MG75 -> 0 | LT75: =MO75 -> 0 | LU75: =MW75 -> 0 | LV75: =NE75 -> 0
B76: 1.4 | C76: Total # of ECD centres supported (without double counting) | D76: This is the total number of ECD centres supported in the project by any means, including ECD centres built, improved and trained. Double counting should be avoided. For example, an ECD centre that is supported with additional contruction and training is therefore counted in both 1.2 and 1.3, but should here (1.4) be counted only once. | J76: =AX76 -> 0 | P76: =AY76 -> 0 | BG76: =BS76 -> 0 | BH76: =CA76 -> 0 | BI76: =CI76 -> 0 | BJ76: =CQ76 -> 0 | BK76: =CY76 -> 0 | BM76: =BT76 -> 0 | BN76: =CB76 -> 0 | BO76: =CJ76 -> 0 | BP76: =CR76 -> 0 | BQ76: =CZ76 -> 0 | DH76: =DT76 -> 0 | DI76: =EB76 -> 0 | DJ76: =EJ76 -> 0 | DK76: =ER76 -> 0 | DL76: =EZ76 -> 0 | DN76: =DU76 -> 0 | DO76: =EC76 -> 0 | DP76: =EK76 -> 0 | DQ76: =ES76 -> 0 | DR76: =FA76 -> 0 | FI76: =FU76 -> 0 | FJ76: =GC76 -> 0 | FK76: =GK76 -> 0 | FL76: =GS76 -> 0 | FM76: =HA76 -> 0 | FO76: =FV76 -> 0 | FP76: =GD76 -> 0 | FQ76: =GL76 -> 0 | FR76: =GT76 -> 0 | FS76: =HB76 -> 0 | HJ76: =HV76 -> 0 | HK76: =ID76 -> 0 | HL76: =IL76 -> 0 | HM76: =IT76 -> 0 | HN76: =JB76 -> 0 | HP76: =HW76 -> 0 | HQ76: =IE76 -> 0 | HR76: =IM76 -> 0 | HS76: =IU76 -> 0 | HT76: =JC76 -> 0 | JK76: =JW76 -> 0 | JL76: =KE76 -> 0 | JM76: =KM76 -> 0 | JN76: =KU76 -> 0 | JO76: =LC76 -> 0 | JQ76: =JX76 -> 0 | JR76: =KF76 -> 0 | JS76: =KN76 -> 0 | JT76: =KV76 -> 0 | JU76: =LD76 -> 0 | LL76: =LX76 -> 0 | LM76: =MF76 -> 0 | LN76: =MN76 -> 0 | LO76: =MV76 -> 0 | LP76: =ND76 -> 0 | LR76: =LY76 -> 0 | LS76: =MG76 -> 0 | LT76: =MO76 -> 0 | LU76: =MW76 -> 0 | LV76: =NE76 -> 0
